Workbook
Name Acreditar_y_mantener_la_certificación_del_del_laboratorio_antidopaje_y__sus_procesos_conforme_a_los_requisitos__establecidos_por_los_organismos_internacionales: varios!$F$51
Name AREA: Organigrama!$A$3:$A$13
Name Aumentar_el_número_de_deportistas__con_talento_deportivo_identificados_con_proyección_de_alto_rendimiento: varios!$F$49:$F$50
Name Consolidar_la_estratégia_de_gestión_de_la_información_del_sector_deporte_que_contribuya_a_la_toma_de_decisiones: varios!$F$39
Name Despacho_del_Ministerio: Organigrama!$C$2:$C$3
Name Despacho_del_Ministro: varios!$I$4:$I$5
Name Despacho_del_Viceministerio: Organigrama!$B$4
Name Dirección_de_Fomento_y_Desarrollo: varios!$I$21:$I$24
Name Dirección_de_Fomento_y_Desarrollo: Organigrama!$C$25:$C$28
Name Dirección_de_Inspección__Vigilancia_y_Control: varios!$I$18:$I$20
Name Dirección_de_Inspección_Vigilancia_y_Control: Organigrama!$C$29:$C$31
Name Dirección_de_Posicionalmiento_y_Liderazgo: varios!$I$12:$I$17
Name Dirección_de_PosicIonamiento_y_Liderazgo_Deportivo: Organigrama!$C$19:$C$24
Name Dirección_de_Recursos_y_Herramientas_del_Sistema: varios!$I$25:$I$27
Name Dirección_de_Recursos_y_herramientas_del_SND: Organigrama!$C$32:$C$34
Name Ejercer_inspeccion__vigilancia_y_control_sobre_las_entidades__personas_y_los_organismos_deportivos_y_demás_entidades_que_conforman_el_Sistema_nacional_del_Deporte: varios!$F$38
Name Elaborar_propuestas_de_mejora_normativa_fomentando_la_articulación_y_cumplimiento_de_los_objetivos_del_Sistema_Nacional_del_Deporte: varios!$F$35
Name Fortalecer_las_capacidades_institucionales_y_de_gestión_de_los_actores_del_SND_para_el_cumplimiento_de_los_objetivos_del_sector.: varios!$F$36:$F$37
Name Fortalecer_y_socializar_los_lineamientos_de_política_pública_en_altos_logros_al_SND_y_organización_de_eventos_deportivos_así_como_el_apoyo_integral_a_los_atletas: varios!$F$47:$F$48
Name Garantizar_la_infraestructura_recreodeportiva_para_el_desarrollo_de_los_programas_de_deporte__recreación__actividad_física_y_aprovechamiento_del_tiempo_libre: varios!$F$46
Name Implementar_un_modelo_de_gestión_pública_efectivo_orientado_a_resultados_y_a_la_satisfacción_de_los_grupos_de_valor: varios!$F$41:$F$43
Name Incrementar_programas_que_promuevan_la_practica_del_deporte_la_recreación_y_la_actividad_fisica_y_fomente_los_estilos_de_vida_saludables: varios!$F$44:$F$45
Name INDICADOR_PND: 'Objetivos PND'!$D$2:$D$9
Name Objetivo_Estrategico_PEI: PEI!$A$2:$A$15
Name OBJETIVO_PND: 'Objetivos PND'!$A$2:$A$23
Name OBJETIVOS_PND: [1]Hoja1!$C$263:$C$266
Name Oficina_Asesora_de_Planeación: varios!$I$7:$I$9
Name Oficina_Asesora_de_Planeación: Organigrama!$C$6:$C$9
Name Oficina_Asesora_Juridica: Organigrama!$B$5
Name Oficina_de_Control_Interno_Disciplinario: Organigrama!$B$10
Name Orientar__desarrollar_y_coordinar_el_Programa_Nacional_Antidopaje_en_cumplimiento_de_la_normatividad_nacional_e_internacional.: varios!$F$40
Name Porcentaje_de_cumplimiento_de_la_implementación_del_Plan_Estratégico_de_Formación_de_Mindeporte: varios!$G$36
Name PROCESO: varios!$B$3:$B$18
Name Propuestas_de_ajuste_normativo_realizadas: varios!$G$35
Name PROYECTOS_DE_INVERSION: 'Metas PND'!$A$2:$A$15
Name RUBRO: [1]Hoja1!$B$137:$B$154
Name Secretaria_General: varios!$I$28:$I$34
Name Secretaria_General: Organigrama!$C$11:$C$18
Name TIPO_DE_ACUMULACION: varios!#REF!
Name TIPO_DE_INDICADOR: varios!#REF!

Sheet GENERAL
E2: PROCESO: | I2: Versión: 3
E3: DIRECCIONAMIENTO ESTRATÉGICO Y APRENDIZAJE ORGANIZACIONAL | I3: CÓDIGO:
I4: DE-FR-024
E5: FORMATO:
E6: FORMULACIÓN PLAN DE ACCIÓN INSTITUCIONAL | I6: FECHA:
A8: I. IDENTIFICACIÓN GENERAL
B10: 1. VIGENCIA:
B12: 2. DEPENDENCIA:
B14: 3. PROYECTO DE INVERSIÓN | D14: APOYO AL PROGRAMA DE CONTROL DOPAJE NACIONAL | G14: 3.1. RUBRO: | H14: =INDEX(Presupuesto!A1:B14,MATCH(D14,Presupuesto!A1:A14,0),2) -> C-4302-1604-24 | I14: 3.2. BPIN | J14: =INDEX(Presupuesto!A2:C13,MATCH(D14,Presupuesto!A2:A13,0),3) -> 2018011000422
D15: DESARROLLO DE POLITICAS PUBLICAS E INVESTIGACION SECTORIAL A NIVEL NACIONAL | H15: =INDEX(Presupuesto!A2:B15,MATCH(D15,Presupuesto!A2:A15,0),2) -> C-4302-1604-20 | J15: =INDEX(Presupuesto!A3:C14,MATCH(D15,Presupuesto!A3:A14,0),3) -> 2018011000092
B17: 4.1. INDICADOR SINERGIA | G17: 5.1 OBJETIVO ESPECIFICO PLAN ESTRATEGICO INSTITUCIONAL | H17: =INDEX('Metas PND'!A:E,MATCH(D14,'Metas PND'!A:A,0),5) -> N/A
B19: 4.2 META SINERGIA | G19: 5.2 META PEI
B21: 4.3 TRASFORMACIONES PND | D21: =+varios!S18 -> Seguridad humana y justicia social | G21: 5.3 PILARES
B25: 6. NOMBRE DEL DIRECTIVO RESPONSABLE DE LA FORMULACIÓN Y EJECUCIÓN DEL PLAN DE ACCIÓN
C27: II. DEFINICIÓN DE PLAN DE ACCIÓN.
B29: Elaboró | E29: Revisó | H29: Aprobó
B31: Nombre: | E31: Nombre: | H31: Nombre:
B32: Cargo: | E32: Cargo: | H32: Cargo:
B33: GIT: | E33: GIT: | H33: GIT:

Sheet Instrucciones
E1: PROCESO: | I1: Versión: 3
E2: DIRECCIONAMIENTO ESTRATEGICO Y APRENDIZAJE ORGANIZACIONAL | I2: CÓDIGO:
I3: DE-FR-024
E4: FORMATO:
E5: FORMULACIÓN PLAN DE ACCIÓN INSTITUCIONAL | I5: FECHA:
I6: 45251
D9: La OAP, presenta el Formato de Formulación Plan De Acción Institucional-PAI, con el fin de Implementar un instrumento de formulación, seguimiento y control a la programación anual. El Plan de Acción institucional - PAI, es un instrumento de programación anual que permite establecer actividades y desagregar metas de la entidad, desarrolladas por cada dependencia, articulando sus procesos, políticas, planes estratégicos con los lineamientos con el Plan Nacional de Desarrollo -PND, Plan Estratégico Institucional y demás políticas del sector, la plataforma estratégica institucional (misión, visión, objetivos estratégicos, valores institucionales) y las funciones del Ministerio. En el Plan de Acción se definen los productos, actividades y metas que se realizarán en cada vigencia con sus correspondientes indicadores, teniendo en cuenta los recursos disponibles (humanos, financieros, físicos, tecnológicos).
D16: INSTRUCCIONES PARA EL DILIGENCIAMIENTO DEL FORMATO.
D17: I. IDENTIFICACIÓN GENERAL DEL PLAN DE ACCIÓN. (GENERAL)
D18: 1 | E18: Escriba la vigencia del plan de acción
D19: 2 | E19: Seleccione la dependencia a la cual hace parte el plan de acción institucional
D20: 2.1 | E20: Seleccione la dependencia responsable de ejecutar el PAI
D21: 3 | E21: Selecciones el Proyecto de inversión al cual esta asociado el plan de acción de la vigencia actual.
D22: 3.1 | E22: Código del Rubro aparecen automático
D23: 3.2 | E23: Código BPIN aparecen automático
D24: 4 | E24: Información del objetivo del Plan Nacional de Desarrollo - PND 2022 - 2026 asociado al plan de acción y el proyecto de inversión. El plan de acción debe apuntar al logro de estos objetivos.
D25: 4.1 | E25: Identifique el indicador del PND que reporta en SINERGIA de acuerdo a las actividades de la dependencia.
D26: 4.2 | E26: Identifique la Meta del PND a la cual las actividades y productos del PAI aportarían para su cumplimiento.
D27: 4.3 | E27: identifique las transformaciones PND son: Las estrategias y políticas en materia económica, social y ambiental que guiarán la acción del Gobierno para alcanzar los objetivos y metas que se hayan definido; por lo anterior se debe seleccionar la transformación a la cual se aportara para el cumplimiento de la Meta PND seleccionada.
D28: 5.1 | E28: Identifique el objetivo especifico del PEI el cual tiene asociado el plan de acción
D29: 5.2 | E29: Identifique la meta del Plan Estrategico institucional el cual tiene asociado el plan de acción
D30: 5.3. | E30: Identificar los pilares del cual del tiene asociado el plan de acción
D31: 6 | E31: Nombre del Director responsable del Plan de Acción
D34: II. DEFINICIÓN DE PLAN DE ACCIÓN. (PAI)
D35: 7. | E35: Formule las actividades para la ejecución del plan de acción, teniendo encuenta los objetivos del PND, PEI, los diferentes compromisos establecidos.
D36: 7.1 | E36: Seleccione la línea estratégica acorde con el proyecto de inversión.
D37: 7.2 | E37: Seleccione el proyecto de inversión.
D38: 7.3 | E38: Diligencie el producto según el proyecto de inversión.
D39: 7.4 | E39: Registre la actividad según el proyecto de inversión.
D40: 7.5 | E40: Diligencie la subactividad, la cual corresponde a la actividad concreta del plan de acción.
D41: 7.6 | E41: Denominación del Producto: Diligencie el nombre que caracteriza al bien o servicio.
D42: 7.7 | E42: Indique la meta del producto: es la programación en tiempo y cantidad con respecto a la generación o provisión de un producto La definición de las metas debe realizarse teniendo en cuenta los recursos (presupuestales, humanos, tecnológicos, etc.) con los que cuenta la dependencia en la vigencia para llevar a cabo el cumplimiento del producto, ya sea en términos numéricos o porcentuales. Meta numérica: Corresponde con el número de veces que la Dependencia prestará el servicio durante la vigencia. Esta meta debe ser programada para el año, y se deberá distribuir mensual, bimensual, trimestral o semestralmente. Meta porcentual: corresponde con el porcentaje que se espera alcanzar en la prestación del servicio por demanda.
D43: 7.8 | E43: Entregable: A partir de la definición de los productos, cada dependencia formulará entregables
D44: 7.9 | E44: Responsable: hace referencia a la persona que tendrá bajo su responsabilidad un 100% de cumplimiento en la realización del entregable.
D45: 7.10 | E45: Origen de la Necesidad: se debe seleccionar el insumo que da origen a la actividad y/o producto de no encontrarse en la lista de despegable deberá seleccionar "otros" y en la celda de observaciones describir cual es.
D46: 7.11 | E46: Proceso: En esta casilla se debe incluir el proceso al cual apunte la actividad que se va a programar, para tal fin se debe revisar el Mapa de procesos del Ministerio.
... D51: 7.16 | E51: Fecha de final: indicar la fecha final de la actividad en el formato (DD/MM/AAAA)
D53: III.SEGUIMIENTO DEL PAI
D54: 8.1 | E54: Nombre del Indicador: Registré el nombre con el que se identifica el indicador de producto. Se debe formular únicamente indicadores de producto.
D55: 8.2 | E55: Fórmula de calculo: Especifique claramente la formula de calculo
D56: 8.3 | E56: Descripción breve de lo que mide el indicador, para que se mide y la meta de la actividad trazada
D57: 8.4 | E57: Descripción de la evidencia que soporta la medición del indicador y el cumplimiento de las metas.
D58: 8.5 | E58: Determine el tipo de acumulación dependiendo de si el objetivo o la dirección del indicador es incrementar su valor, reducirlo o mantenerlo. Flujo: Este mide los logros en aquellas actividades que se repiten cada año y a lo largo de este, sin que los resultados de un año afecten el del año anterior o el siguiente. Acumulación: El indicador se medirá cada año de manera individual, pero al finalizar el periodo de gobierno se sumarán las intervenciones y/o mediciones de todos los años. Disminución: Mide los esfuerzos de una entidad por disminuir un valor que se tiene a una fecha determinada. Capacidad: Mide el avance acumulado a una fecha determinada, pero destaca el esfuerzo de las entidades por aumentar sus resultados respecto a la línea base. Stock: Su característica principal es que la línea base, las metas anuales y la meta del cuatrienio son el mismo valor.
D59: 8.6 | E59: Unidad de medida: Es la clase o tipo de medida (Número, Porcentaje, Valor, $, Días, etc.), que resulta de la aplicación de la fórmula definida.
D60: 8.7 | E60: Línea base: Es el valor de periodo(s) anteriore(s) que se tiene en cuenta como base para el cálculo de la meta del siguiente periodo. Si no existe linea base se diligencia en cero.
D61: 8.8 | E61: Determine las metas establecidas para la vigencia en cada actividad
D62: 8.9 | E62: Realice la programación trimestral para lograr las metas establecidas.
D67: NOTA 1: | E67: En el formato se encontraran celdas bloqueadas las cuales son diligenciadas por la Oficina Asesora de Planeación, son solo de consulta y verificación.
D68: NOTA 2: | E68: En el evento que la información pre diligenciada por la Oficina Asesora de Planeación no coincida se deberá: revisar las modificaciones al plan de acción debidamente tramitadas y verificar su aplicación en la OAP.
D69: NOTA 3: | E69: Puede agregar las filas que necesite para el registro de todas las actividades del plan de acción

Sheet PAI
C1: PROCESO: DIRECCIONAMIENTO ESTRATÉGICO Y APRENDIZAJE ORGANIZACIONAL | D1: DIRECCIONAMIENTO ESTRATÉGICO Y APRENDIZAJE ORGANIZACIONAL | Y1: Versión | AA1: 3
C4: FORMATO: FORMULACIÓN PLAN DE ACCIÓN INSTITUCIONAL | D4: FORMULACIÓN PLAN DE ACCIÓN INSTITUCIONAL | Y4: Código | AA4: DE-FR-024
Y6: Fecha | AA6: 45251
A7: 7. Formule las actividades para la ejecución del plan de acción, teniendo en cuenta los siguiente:
T8: 8. INDICADOR DE CUMPLIMIENTO
A9: No. | B9: 7.1. LINEA ESTRATEGICA | C9: 7.2. NOMBRE DEL PROYECTO DE INVERSIÓN | D9: 7.3 PRODUCTO DEL PROYECTO | E9: 7.4 ACTIVIDAD | F9: 7.5. SUB-ACTIVIDAD | I9: 7.6. DENOMINACIÓN DEL PRODUCTO | J9: 7.7. META DE PRODUCTO | K9: 7.8. ENTREGABLE | L9: 7.9. RESPONSABLE DEL ENTREGABLE | M9: 7.10. ORIGEN DE LA NECESIDAD | N9: 7.11. PROCESO | O9: 7.12. POLITICA-MIPG | P9: 7.13. ARTICULACIÓN CON PLANES | Q9: 7.14. GRUPO INTERNO DE TRABAJO | R9: 7.15. FECHA DE INICIO (DD/MM/AAAA) | S9: 7.16. FECHA FINAL (DD/MM/AAAA) | T9: 8.1. NOMBRE INDICADOR | U9: 8.2. FÓRMULA DE CÁLCULO | V9: 8.3. DESCRIPCIÓN DEL INDICADOR | W9: 8.4. DESCRIPCIÓN DE EVIDENCIA DEL INDICADOR | X9: 8.5. TIPO DE ACUMULACIÓN | Y9: 8.6. UNIDAD DE MEDIDA | Z9: 8.7 LÍNEA BASE | AA9: 8.8. META DEL INDICADOR | AB9: 8. 9. PROGRAMACIÓN DE LA META
AB10: I TRIMESTRE | AC10: II TRIMESTRE | AD10: III TRIMESTRE | AE10: IV TRIMESTRE
A11: 1 | B11: Atletas y paratletas como embajadores de paz en el mundo | C11: DESARROLLO DEL DEPORTE OLIMPICO, PARALIMPICO Y NIVEL MUNDIAL PARA EL POSICIONAMIENTO Y LIDERAZGO DEPORTIVO 2021011000262 | D11: Servicio de identificación de talentos deportivos | E11: Detectar e identificar los potenciales talentos deportivos a través del Programa Escuela de Talentos | F11: Detectar e identificar los potenciales talentos deportivos a través del Programa Escuela de Talentos | I11: Número de deportistas valorados de la etapa enseñanza- aprendizaje | J11: 2400 | K11: Base de datos de los deportistas valorados en el programa Escuela de Talentos | L11: COORDINADOR GIT TALENTO Y RESERVA | M11: Plataforma estratégica (misión, visión y Objetivos) | N11: Altos Logros | O11: Planeación Institucional | P11: Plan Estratégico Sectorial | Q11: GIT Talento y Reserva Deportiva | R11: 45383 | S11: 45657 | T11: Número de deportistas valorados de la escuela de talentos. | U11: Sumatoria de Niños, Niñas, Jóvenes y Adolescentes valorados en el programa escuela de talentos | V11: NÚMERO de Niños, Niñas, Jóvenes y Adolescentes valorados en el programa escuela de talentos | W11: Base de datos de los deportistas valorados | X11: ACUMULADO | Y11: PERSONAS | Z11: 1700 | AA11: 2400 | AB11: 0 | AC11: 600 | AD11: 1800 | AE11: 0
A12: =+A11+1 -> 2 | B12: Atletas y paratletas como embajadores de paz en el mundo | C12: DESARROLLO DEL DEPORTE OLIMPICO, PARALIMPICO Y NIVEL MUNDIAL PARA EL POSICIONAMIENTO Y LIDERAZGO DEPORTIVO 2021011000262 | D12: Servicio de identificación de talentos deportivos | E12: Desarrollar el proceso de formación deportiva de los talentos para el alto rendimiento | F12: Desarrollar el proceso de formación deportiva de los talentos para el alto rendimiento | I12: Número de atletas y para atletas seleccionados de categorías menores que conforman los seleccionados nacionales | J12: 300 | K12: Base de datos de los deportistas seleccionados para Programa Avanzado de desarrollo PAD | L12: COORDINADOR GIT TALENTO Y RESERVA | M12: Plataforma estratégica (misión, visión y Objetivos) | N12: Altos Logros | O12: Planeación Institucional | P12: Plan Estratégico Sectorial | Q12: GIT Talento y Reserva Deportiva | R12: 45383 | S12: 45657 | T12: Número de deportistas seleccionados para el Programa Avanzado de desarrollo PAD | U12: Sumatoria de Niños, Niñas, Jóvenes y Adolescentes vinculados al Programa Avanzado de desarrollo PAD | V12: NÚMERO de Niños, Niñas, Jóvenes y Adolescentes vinculados al Programa Avanzado de desarrollo PAD | W12: Base de datos de los deportistas seleccionados con sus logros obtenidos | X12: ACUMULADO | Y12: PERSONAS | Z12: 200 | AA12: 300 | AB12: 0 | AC12: 100 | AD12: 200 | AE12: 0
A13: 3 | B13: Atletas y paratletas como embajadores de paz en el mundo | C13: DESARROLLO DEL DEPORTE OLIMPICO, PARALIMPICO Y NIVEL MUNDIAL PARA EL POSICIONAMIENTO Y LIDERAZGO DEPORTIVO 2021011000262 | D13: Servicio de identificación de talentos deportivos | E13: Recolectar, analizar e interpretar la información generada en el proceso de Talento y Reserva Deportiva | F13: Recolectar, analizar e interpretar la información generada en el proceso de Talento y Reserva Deportiva | I13: Lineamientos técnicos y de ciencias de la salud de las etapas de enseñanza- aprendizaje y desarrollo | J13: 10 documentos (Uno por modalidad deportiva) | K13: Lineamientos ténicos y de ciencias de la salud construídos | L13: COORDINADOR GIT TALENTO Y RESERVA | M13: Necesidades de innovación, investigación y de documentación técnica. | N13: Altos Logros | O13: Planeación Institucional | P13: Plan Estratégico Sectorial | Q13: GIT Talento y Reserva Deportiva | R13: 45383 | S13: 45657 | T13: Número de lineamientos técnicos y de ciencias de la salud de las etapas de enseñanza- aprendizaje y desarrollo construídos | U13: Sumatoria de lineamientos técnicos y de ciencias de la salud de las etapas de enseñanza- aprendizaje y desarrollo construídos | V13: NÚMERO de documentos construídos | W13: Documentos construídos | X13: ACUMULADO | Y13: PERSONAS | Z13: 3 | AA13: 10 | AB13: 0 | AC13: 0 | AD13: 0 | AE13: 10
A14: 4 | B14: Atletas y paratletas como embajadores de paz en el mundo | C14: APOYO EN EL DESARROLLO DE JUEGOS Y EVENTOS DEPORTIVOS DE RENDIMIENTO Y ALTO RENDIMIENTO EN COLOMBIA 2021011000263 | D14: Servicio de organización de eventos deportivos de alto rendimiento | E14: Apoyar financieramente la operación de juegos y eventos deportivos | F14: Apoyar financieramente la operación de juegos y eventos deportivos | I14: Evento multideportivo planeado, organizado y realizado. | J14: 1 | K14: Evento multideportivo nacional realizado | L14: COORDINADOR GIT JUEGOS Y EVENTOS DEPORTIVOS | M14: Funciones de la dependencia y GIT | N14: Altos Logros | O14: Planeación Institucional | P14: Plan Estratégico Sectorial | Q14: GIT Juegos y Eventos Deportivos | R14: 45307 | S14: 45657 | T14: Atletas participantes en eventos deportivos y multideportivos de rendimiento y alto rendimiento. | U14: NÚMERO de atletas participantes en eventos internacionales que competirán en eventos multideportivos nacionales. Meta: 150 | V14: Cuantificar los atletas participantes en eventos deportivos de rendimiento y alto rendimiento, que competirán en los eventos multideportivos nacionales organizados y apoyados por el Ministerio del Deporte, como estrategia para el posicionamiento y liderazgo deportivo del país y su proyección como potencia deportiva a nivel continental. | W14: *Reporte de atletas participantes eventos deportivos internacionales. *Reporte de atletas participantes en evento multideportivo nacional. *Cuadros comparativos. | X14: FLUJO | Y14: PERSONAS | Z14: 0 | AA14: 150 | AB14: 0 | AC14: 0 | AD14: 0 | AE14: 150
A15: 5 | B15: Atletas y paratletas como embajadores de paz en el mundo | C15: APOYO EN EL DESARROLLO DE JUEGOS Y EVENTOS DEPORTIVOS DE RENDIMIENTO Y ALTO RENDIMIENTO EN COLOMBIA 2021011000263 | D15: Servicio de organización de eventos deportivos de alto rendimiento | E15: Apoyar financieramente la operación de juegos y eventos deportivos | F15: Apoyar financieramente la operación de juegos y eventos deportivos | I15: Evento multideportivo planeado, organizado y realizado. | J15: 1 | K15: Evento multideportivo nacional realizado | L15: COORDINADOR GIT JUEGOS Y EVENTOS DEPORTIVOS | M15: Funciones de la dependencia y GIT | N15: Altos Logros | O15: Planeación Institucional | P15: Plan Estratégico Sectorial | Q15: GIT Juegos y Eventos Deportivos | R15: 45307 | S15: 45657 | T15: Pruebas en evento multideportivo organizado en el país. | U15: (NÚMERO de pruebas realizadas / NÚMERO de pruebas programadas)*100 Meta: 75% | V15: Permite medir la CANTIDAD de pruebas que se hicieron en cada uno de los campeonatos del evento multideportivo I Juegos Deportivos Juveniles Nacionales y Paranacionales, realizados en el territorio nacional con los estándares mínimos requeridos a nivel internacional | W15: *Reporte de pruebas programadas por deporte. *Reporte de pruebas realizadas por deporte. | X15: FLUJO | Y15: PORCENTAJE | Z15: 0 | AA15: 0.75 | AB15: 0 | AC15: 0 | AD15: 0 | AE15: 0.75
A16: =+A15+1 -> 6 | B16: Atletas y paratletas como embajadores de paz en el mundo | C16: APOYO EN EL DESARROLLO DE JUEGOS Y EVENTOS DEPORTIVOS DE RENDIMIENTO Y ALTO RENDIMIENTO EN COLOMBIA 2021011000263 | D16: Servicio de organización de eventos deportivos de alto rendimiento | E16: Apoyar financieramente la operación de juegos y eventos deportivos | F16: Apoyar financieramente la operación de juegos y eventos deportivos | I16: Eventos deportivos o multideportivos apoyados financiera o técnicamente. | J16: 2 | K16: Eventos deportivos o multideportivos apoyados | L16: COORDINADOR GIT JUEGOS Y EVENTOS DEPORTIVOS | M16: Plataforma estratégica (misión, visión y Objetivos) | N16: Altos Logros | O16: Planeación Institucional | P16: Plan Estratégico Sectorial | Q16: GIT Juegos y Eventos Deportivos | R16: 45307 | S16: 45657 | T16: Compromisos adquiridos para apoyar la planeación, organización y realización de eventos deportivos o multideportivos asignados al país. | U16: CANTIDAD de compromisos cumplidos durante la vigencia. | V16: Medir el cumplimiento de los compromisos adquiridos por el gobierno nacional a través del Ministerio del Deporte para apoyar la organización de eventos deportivos o multideportivos con los estándares exigidos por la organización internacional regente, como estrategia para la proyeccion del deporte a nivel internacional y que respondan a las necesidades del sector | W16: *Informes o reportes de los eventos. *Contratos suscritos | X16: FLUJO | Y16: NÚMERO | Z16: 0 | AA16: 2 | AB16: 0 | AC16: 1 | AD16: 1 | AE16: 0
A17: 7 | B17: Atletas y paratletas como embajadores de paz en el mundo | C17: APOYO EN EL DESARROLLO DE JUEGOS Y EVENTOS DEPORTIVOS DE RENDIMIENTO Y ALTO RENDIMIENTO EN COLOMBIA 2021011000263 | D17: Documentos de lineamientos técnicos | E17: Construir, Formalizar y divulgar el documento de lineamientos tecnicos nacionales. | F17: Construir, Formalizar y divulgar el documento de lineamientos tecnicos nacionales. | I17: Documento de lineamiento técnico nacional | J17: 1 | K17: Documento de Lineamiento Técnico para la Organización de Eventos Deportivos en Colombia. | L17: COORDINADOR GIT JUEGOS Y EVENTOS DEPORTIVOS | M17: Funciones de la dependencia y GIT | N17: Altos Logros | O17: Planeación Institucional | P17: Plan Estratégico Sectorial | Q17: GIT Juegos y Eventos Deportivos | R17: 45349 | S17: 45657 | T17: Avance del Documento de Lineamiento de Política Pública para la Organización de Eventos Deportivos en Colombia | U17: NÚMERO de fases realizadas / NÚMERO de fases programadas Meta: 60% | V17: Este indicador mostrará el avance de las fases realizadas en la construcción del documento de Lineamiento Técnico. | W17: * Comunicados inicio proceso. * Documento evaluación propuestas. * Contrato suscrito *Informe de las actividades desarrolladas. *Documento Preliminar o borrador del Lineamiento Técnico. | X17: ACUMULADO | Y17: PORCENTAJE | Z17: 0 | AA17: 0.6 | AB17: 0 | AC17: 0.2 | AD17: 0.2 | AE17: 0.2
A18: =+A17+1 -> 8 | B18: Atletas y paratletas como embajadores de paz en el mundo | C18: DESARROLLO DEL DEPORTE OLIMPICO, PARALIMPICO Y NIVEL MUNDIAL PARA EL POSICIONAMIENTO Y LIDERAZGO DEPORTIVO 2021011000262 | D18: SERVICIO DE APOYO FINANCIERO A ATLETAS | E18: Apoyar mediante estímulos a los atletas que hacen parte del programa institucional sector olimpico y paralimpico. | F18: Apoyar mediante estímulos a los atletas que hacen parte del programa institucional sector olimpico y paralimpico. | I18: Reconocimiento de estímulos a los atletas excelencia que hacen parte del programa institucional | J18: 500 | K18: Acto administrativo reconocimiento del estimulo (cumplimiento de requisitos) | L18: Coordiandor(a) GIT Desarrollo Psicosocial | M18: Plataforma estratégica (misión, visión y Objetivos) | N18: Altos Logros | O18: Planeación Institucional | P18: Plan Estratégico Sectorial | Q18: GIT Desarrollo Psicosocial | R18: 45292 | S18: 45657 | T18: Estimulo atletas | U18: (PORCENTAJE de Cumplimiento de Requisitos + tiempos optimos de Pago)/2 | V18: indicador de desempeño que proporciona una medida general de cumplimiento del programa, considerando tanto el cumplimiento de requisitos como la puntualidad en los pagos. | W18: Acto administrativos Tiempos de pago | X18: ACUMULADO | Y18: PORCENTAJE | Z18: 529 | AA18: 1 | AB18: 0.25 | AC18: 0.25 | AD18: 0.25 | AE18: 0.25
A19: 9 | B19: Atletas y paratletas como embajadores de paz en el mundo | C19: DESARROLLO DEL DEPORTE OLIMPICO, PARALIMPICO Y NIVEL MUNDIAL PARA EL POSICIONAMIENTO Y LIDERAZGO DEPORTIVO 2021011000262 | D19: SERVICIO DE APOYO FINANCIERO A ATLETAS | E19: Apoyar mediante incentivos la obtención de medallas en los eventos del sector olimpico y paralimpico | F19: Apoyar mediante incentivos la obtención de medallas en los eventos del sector olimpico y paralimpico | I19: Desembolso de incentivo a medallistas paralimpicos y nivel mundial | J19: 300 | K19: Acto administrativo reconocimiento del incentivo / Evidencia del desembolso | L19: Coordiandor(a) GIT Desarrollo Psicosocial | M19: Plataforma estratégica (misión, visión y Objetivos) | N19: Altos Logros | O19: Planeación Institucional | P19: Plan Estratégico Sectorial | Q19: GIT Desarrollo Psicosocial | R19: 45292 | S19: 45657 | T19: Incentivos medallas entrenadores y atletas | U19: actos administrativos + cumplimiento de requisitos/2 | V19: indicador de desempeño que proporciona una medida general de cumplimiento del programa, considerando el Total de desembolsos de incentivos a medallistas y el cumplimiento de requisitos | W19: Acto administrativo Cumplimiento de requisitos | X19: ACUMULADO | Y19: PORCENTAJE | Z19: 200 | AA19: 1 | AB19: 0 | AC19: 0 | AD19: 0.25 | AE19: 0.75
A20: =+A19+1 -> 10 | B20: Atletas y paratletas como embajadores de paz en el mundo | C20: DESARROLLO DEL DEPORTE OLIMPICO, PARALIMPICO Y NIVEL MUNDIAL PARA EL POSICIONAMIENTO Y LIDERAZGO DEPORTIVO 2021011000262 | D20: SERVICIO DE APOYO FINANCIERO A ATLETAS | E20: Implementar el programa de incentivos a glorias del deporte del sector olimpico y paralimpico | F20: Implementar el programa de incentivos a glorias del deporte del sector olimpico y paralimpico | I20: Desembolso de incentivos a los exatletas que hacen parte del programa glorias del deporte sector paralimpico | J20: 68 | K20: Acto administrativo reconocimiento del incentivo / Evidencia del desembolso | L20: Coordiandor(a) GIT Desarrollo Psicosocial | M20: Plataforma estratégica (misión, visión y Objetivos) | N20: Altos Logros | O20: Planeación Institucional | P20: Plan Estratégico Sectorial | Q20: GIT Desarrollo Psicosocial | R20: 45292 | S20: 45657 | T20: Incentivo glorias del deporte sector olimpico | U20: (NÚMERO de glorias del deporte pagados sector olímpico y paralímpico/ glorias del deporte que cumplen los requisitos)*100 | V20: CANTIDAD de incentivos pagados frente a cumplimiento de requisitos | W20: Soportes de radicación de pagos en Git contable | X20: ACUMULADO | Y20: PORCENTAJE | Z20: 68 | AA20: 1 | AB20: 0.25 | AC20: 0.25 | AD20: 0.25 | AE20: 0.25
A21: 11 | B21: Atletas y paratletas como embajadores de paz en el mundo | C21: DESARROLLO DEL DEPORTE OLIMPICO, PARALIMPICO Y NIVEL MUNDIAL PARA EL POSICIONAMIENTO Y LIDERAZGO DEPORTIVO 2021011000262 | D21: Servicio de atención médica especializada | E21: Apoyar a los atletas del sector olimpico y paralimpico mediante el programa de desarrollo psicosocial | F21: Apoyar a los atletas del sector olimpico y paralimpico mediante el programa de desarrollo psicosocial | I21: Seguimiento psicosocial a los atletas del sector olimpico | J21: 500 | K21: Atenciones realizadas | L21: Coordiandor(a) GIT Desarrollo Psicosocial | M21: Plataforma estratégica (misión, visión y Objetivos) | N21: Altos Logros | O21: Planeación Institucional | P21: Plan Estratégico Sectorial | Q21: GIT Desarrollo Psicosocial | R21: 45292 | S21: 45657 | T21: nivel de atencion y satisfaccion psicosocial | U21: Proporción de atenciones por atleta/ PORCENTAJE de atletas satisfechos/2 | V21: calidad del servicio y la satisfacción del atleta | W21: consolidado de atenciones de atenciones por atleta Informe a partir de las encuestas de satisfaccion | X21: ACUMULADO | Y21: NÚMERO | Z21: 500 | AA21: 500 | AB21: 0 | AC21: 125 | AD21: 125 | AE21: 250
A22: 13 | B22: Atletas y paratletas como embajadores de paz en el mundo | C22: DESARROLLO DEL DEPORTE OLIMPICO, PARALIMPICO Y NIVEL MUNDIAL PARA EL POSICIONAMIENTO Y LIDERAZGO DEPORTIVO 2021011000262 | D22: Servicio de preparación deportiva | E22: Apoyar los eventos del ciclo paralímpico y sordolímpico | F22: Apoyar los eventos del ciclo paralímpico y sordolímpico | I22: Preparacion de ParaAtletas | J22: 36 | K22: Bases de datos de atletas Clasificados a Paris 2024 | L22: Cordinador (a) GIT Deporte de Rendimiento Paralimpico | M22: Plataforma estratégica (misión, visión y Objetivos) | N22: Altos Logros | O22: Planeación Institucional | P22: Plan Estratégico Sectorial | Q22: GIT Deporte de Rendimiento Paralímpico | R22: 45292 | S22: 45543 | T22: Atletas clasificados Paris 2024 | U22: Sumatoria de atletas paralimpicos clasificados a Paris durante el 2024 | V22: Determinar la CANTIDAD de atletas clasificados a Paris 2024. | W22: Bases de datos de atletas clasificados | X22: ACUMULADO | Y22: PERSONAS | Z22: 0 | AA22: 36 | AB22: 4 | AC22: 24 | AD22: 8 | AE22: 0
A23: 14 | B23: Atletas y paratletas como embajadores de paz en el mundo | C23: DESARROLLO DEL DEPORTE OLIMPICO, PARALIMPICO Y NIVEL MUNDIAL PARA EL POSICIONAMIENTO Y LIDERAZGO DEPORTIVO 2021011000262 | D23: Servicio de preparación deportiva | E23: Apoyar los eventos del ciclo paralímpico y sordolímpico | F23: Apoyar los eventos del ciclo paralímpico y sordolímpico | I23: Preparacion de ParaAtletas | J23: 24 | K23: CANTIDAD de medallas obtenidas en los Juegos Paralímpicos Paris 2024 | L23: Cordinador (a) GIT Deporte de Rendimiento Paralimpico | M23: Plataforma estratégica (misión, visión y Objetivos) | N23: Altos Logros | O23: Planeación Institucional | P23: Plan Estratégico Sectorial | Q23: GIT Deporte de Rendimiento Paralímpico | R23: 45292 | S23: 45543 | T23: Medallas Obtenidas | U23: (Sumatoria de Medallas obtenidas juegos Paralimpicos 2024/Medallas Proyectadas Juegos Paralimpicos 2024)*100 | V23: Determinar el PORCENTAJE de medallas obtenidas en Juegos Paralimpicos 2024 versus la meta proyectada. | W23: Bases de datos de medallas obtenidas | X23: ACUMULADO | Y23: PORCENTAJE | Z23: 0 | AA23: 1 | AB23: 0 | AC23: 0 | AD23: 1 | AE23: 0
A24: =+A23+1 -> 15 | B24: Atletas y paratletas como embajadores de paz en el mundo | C24: DESARROLLO DEL DEPORTE OLIMPICO, PARALIMPICO Y NIVEL MUNDIAL PARA EL POSICIONAMIENTO Y LIDERAZGO DEPORTIVO 2021011000262 | D24: Servicio de preparación deportiva | E24: Desarrollar el programa nacional de entrenadores sector paralímpico | F24: Desarrollar el programa nacional de entrenadores sector paralímpico | I24: Planes de entrenamiento aprobados | J24: 27 | K24: Base de datos de planes de entrenamiento | L24: Cordinador (a) GIT Deporte de Rendimiento Paralimpico | M24: Plataforma estratégica (misión, visión y Objetivos) | N24: Altos Logros | O24: Planeación Institucional | P24: Plan Estratégico Sectorial | Q24: GIT Deporte de Rendimiento Paralímpico | R24: 45292 | S24: 45657 | T24: Planes de Entrenamiento aprobados | U24: (NÚMERO de planes de entrenamiento aprobados por los metodologos / Planes de entrenamiento presentados)*100 | V24: PORCENTAJE de planes de entrenamiento aprobados | W24: Base de datos de planes de entrenamiento | X24: ACUMULADO | Y24: PORCENTAJE | Z24: 0 | AA24: 1 | AB24: 0.2 | AC24: 0.5 | AD24: 0.3 | AE24: 0
A25: 15 | B25: Atletas y paratletas como embajadores de paz en el mundo | C25: DESARROLLO DEL DEPORTE OLIMPICO, PARALIMPICO Y NIVEL MUNDIAL PARA EL POSICIONAMIENTO Y LIDERAZGO DEPORTIVO 2021011000262 | D25: Servicio de asistencia técnica para la promoción del deporte | E25: Apoyar la gestión técnica y administrativa de las federaciones del Sistema paralímpico y sordolímpico | F25: Apoyar la gestión técnica y administrativa de las federaciones del Sistema paralímpico y sordolímpico | I25: Eventos organizados de orden nacional por medio de los CAIP de los recursos asignados por el Ministerio del Deporte | J25: 36 | K25: Base de datos de eventos apoyados de orden nacional por medio de los contratos suscritos con las federaciones Nacionales | L25: Cordinador (a) GIT Deporte de Rendimiento Paralimpico | M25: Plataforma estratégica (misión, visión y Objetivos) | N25: Altos Logros | O25: Planeación Institucional | P25: Plan Estratégico Sectorial | Q25: GIT Deporte de Rendimiento Paralímpico | R25: 45292 | S25: 45657 | T25: CANTIDAD de eventos organizados en Colombia apoyados en el trimestre | U25: NÚMERO de eventos de organizacion apoyados | V25: Determinar la CANTIDAD de eventos organizados en Colombia apoyados en el trimestre | W25: Base de datos de eventos apoyados por medio de los contratos con federaciones | X25: ACUMULADO | Y25: NÚMERO | Z25: 0 | AA25: 36 | AC25: 18 | AE25: 18
A26: =+A25+1 -> 16 | B26: Atletas y paratletas como embajadores de paz en el mundo | C26: DESARROLLO DEL DEPORTE OLIMPICO, PARALIMPICO Y NIVEL MUNDIAL PARA EL POSICIONAMIENTO Y LIDERAZGO DEPORTIVO 2021011000262 | D26: Servicio de asistencia técnica para la promoción del deporte | E26: Apoyar la gestión técnica y administrativa de las federaciones del Sistema paralímpico y sordolímpico | F26: Apoyar la gestión técnica y administrativa de las federaciones del Sistema paralímpico y sordolímpico | I26: CANTIDAD de atletas que participan a nivel internacional con apoyo del Ministerio del Deporte | J26: 120 | K26: Base de datos de Atletas apoyados por medio de los contratos suscritos con las Federaciones Nacionales | L26: Cordinador (a) GIT Deporte de Rendimiento Paralimpico | M26: Plataforma estratégica (misión, visión y Objetivos) | N26: Altos Logros | O26: Planeación Institucional | P26: Plan Estratégico Sectorial | Q26: GIT Deporte de Rendimiento Paralímpico | R26: 45292 | S26: 45657 | T26: CANTIDAD de atletas apoyados en eventos de participacion internacional en el trimestre | U26: NÚMERO de atletas apoyados | V26: Determinar la CANTIDAD de atletas apoyados en el trimestre | W26: Base de datos de atletas apoyados por medio de los contratos con federaciones | X26: ACUMULADO | Y26: PERSONAS | Z26: 0 | AA26: 120 | AB26: 40 | AC26: 20 | AD26: 50 | AE26: 20
A27: 17 | B27: Atletas y paratletas como embajadores de paz en el mundo | C27: DESARROLLO DEL DEPORTE OLIMPICO, PARALIMPICO Y NIVEL MUNDIAL PARA EL POSICIONAMIENTO Y LIDERAZGO DEPORTIVO 2021011000262 | D27: Servicio de asistencia técnica para la promoción del deporte | E27: Apoyar la gestión técnica y administrativa de las federaciones del Sistema paralímpico y sordolímpico | F27: Apoyar la gestión técnica y administrativa de las federaciones del Sistema paralímpico y sordolímpico | I27: Participación femenina en eventos multideportivos internacionales | J27: 0.3 | K27: Listado delegación que representa a Colombia en eventos multideportivos internacionales | L27: Cordinador (a) GIT Deporte de Rendimiento Paralimpico | M27: Coordinador GIT Rendimiento Paralímpico | N27: Altos Logros | O27: Planeación Institucional | P27: Plan Estratégico Sectorial | Q27: GIT Deporte de Rendimiento Paralímpico | R27: 45292 | S27: 45543 | T27: Participación femenina en eventos multideportivos internacionales | U27: (NÚMERO de mujeres atletas en la delegación/ NÚMERO total de atletas en la delegación que representan a Colombia en eventos multideportivos internacionales) *100 | V27: Permite medir la equidad de género en el deporte de alto rendimiento | W27: Listado de PERSONAS pertenecientes a la delegación | X27: ACUMULADO | Y27: PORCENTAJE | Z27: 0 | AA27: 0.3 | AB27: 0 | AC27: 0 | AD27: 0.3 | AE27: 0
A28: =+A27+1 -> 18 | B28: Atletas y paratletas como embajadores de paz en el mundo | C28: DESARROLLO DEL DEPORTE OLIMPICO, PARALIMPICO Y NIVEL MUNDIAL PARA EL POSICIONAMIENTO Y LIDERAZGO DEPORTIVO 2021011000262 | D28: Servicio de preparación deportiva | E28: Apoyar los eventos del ciclo olímpico | F28: Apoyar los eventos del ciclo olímpico | I28: Preparacion de Atletas | J28: 71 | K28: Bases de datos de atletas Clasificados a Paris 2024 | L28: Coordinador GIT Rendimiento Convencional | M28: Plataforma estratégica (misión, visión y Objetivos) | N28: Altos Logros | O28: Planeación Institucional | P28: Plan Estratégico Sectorial | Q28: GIT Deporte de Rendimiento Convencional | R28: 45292 | S28: 45534 | T28: Atletas clasificados a Paris 2024 | U28: NÚMERO de atletas clasificados a Paris 2024 | V28: Determinar la CANTIDAD de atletas clasificados a Paris 2024. | W28: Bases de datos de atletas Clasificados | X28: ACUMULADO | Y28: PERSONAS | Z28: 0 | AA28: 71 | AB28: 35 | AC28: 36 | AD28: 0 | AE28: 0
A29: 19 | B29: Atletas y paratletas como embajadores de paz en el mundo | C29: DESARROLLO DEL DEPORTE OLIMPICO, PARALIMPICO Y NIVEL MUNDIAL PARA EL POSICIONAMIENTO Y LIDERAZGO DEPORTIVO 2021011000262 | D29: Servicio de preparación deportiva | E29: Apoyar los eventos del ciclo olímpico | F29: Apoyar los eventos del ciclo olímpico | I29: Preparacion de Atletas | J29: 3 | K29: CANTIDAD de medallas obtenidas en los Juegos Olímpicos Paris 2024 | L29: Coordinador GIT Rendimiento Convencional | M29: Plataforma estratégica (misión, visión y Objetivos) | N29: Altos Logros | O29: Planeación Institucional | P29: Plan Estratégico Sectorial | Q29: GIT Deporte de Rendimiento Convencional | R29: 45292 | S29: 45534 | T29: Medallas Obtenidas | U29: Sumatoria de Medallas obtenidas juegos Olimpicos 2024 | V29: Determinar la CANTIDAD de medallas obtenidas en Juegos Olimpicos 2024 versus la meta proyectada. | W29: Bases de datos de medallas obtenidas | X29: ACUMULADO | Y29: NÚMERO | Z29: 0 | AA29: 3 | AB29: 0 | AC29: 0 | AD29: 3 | AE29: 0
A30: =+A29+1 -> 20 | B30: Atletas y paratletas como embajadores de paz en el mundo | C30: DESARROLLO DEL DEPORTE OLIMPICO, PARALIMPICO Y NIVEL MUNDIAL PARA EL POSICIONAMIENTO Y LIDERAZGO DEPORTIVO 2021011000262 | D30: Servicio de preparación deportiva | E30: Desarrollar el programa nacional de entrenadores sector convencional | F30: Desarrollar el programa nacional de entrenadores sector convencional | I30: Planes de entrenamiento aprobados | J30: 60 | K30: Base de datos de planes de entrenamiento | L30: Coordinador GIT Rendimiento Convencional | M30: Plataforma estratégica (misión, visión y Objetivos) | N30: Altos Logros | O30: Planeación Institucional | P30: Plan Estratégico Sectorial | Q30: GIT Deporte de Rendimiento Convencional | R30: 45292 | S30: 45657 | T30: Planes de Entrenamiento aprobados | U30: (NÚMERO de planes de entrenamiento aprobados por los metodologos/ Planes de entrenamiento presentados)*100 | V30: Medir el PORCENTAJE de planes de entrenamiento aprobados | W30: Base de datos de planes de entrenamiento | X30: ACUMULADO | Y30: PORCENTAJE | Z30: 0 | AA30: 1 | AB30: 0.8 | AC30: 0.1 | AD30: 0.1 | AE30: 0
A31: 21 | B31: Atletas y paratletas como embajadores de paz en el mundo | C31: DESARROLLO DEL DEPORTE OLIMPICO, PARALIMPICO Y NIVEL MUNDIAL PARA EL POSICIONAMIENTO Y LIDERAZGO DEPORTIVO 2021011000262 | D31: Servicio de asistencia técnica para la promoción del deporte | E31: Apoyar la gestión técnica y administrativa de las federaciones del Sistema Deportivo Olímpico y Convencional | F31: Apoyar la gestión técnica y administrativa de las federaciones del Sistema Deportivo Olímpico y Convencional | I31: Eventos organizados de orden nacional por medio de los CAIP de los recursos asignados por el Ministerio del Deporte | J31: 325 | K31: Base de datos de eventos apoyados de orden nacional por medio de los contratos suscritos con las federaciones Nacionales | L31: Coordinador GIT Rendimiento Convencional | M31: Plataforma estratégica (misión, visión y Objetivos) | N31: Altos Logros | O31: Planeación Institucional | P31: Plan Estratégico Sectorial | Q31: GIT Deporte de Rendimiento Convencional | R31: 45292 | S31: 45657 | T31: CANTIDAD de eventos organizados en Colombia apoyados en el trimestre | U31: NÚMERO de eventos de organizacion apoyados | V31: Determinar la CANTIDAD de eventos organizados en Colombia apoyados en el trimestre | W31: Base de datos de eventos apoyados por medio de los contratos con federaciones | X31: ACUMULADO | Y31: NÚMERO | Z31: 0 | AA31: 325 | AB31: 80 | AC31: 95 | AD31: 100 | AE31: 50
A32: =+A31+1 -> 22 | B32: Atletas y paratletas como embajadores de paz en el mundo | C32: DESARROLLO DEL DEPORTE OLIMPICO, PARALIMPICO Y NIVEL MUNDIAL PARA EL POSICIONAMIENTO Y LIDERAZGO DEPORTIVO 2021011000262 | D32: Servicio de asistencia técnica para la promoción del deporte | E32: Apoyar la gestión técnica y administrativa de las federaciones del Sistema Deportivo Olímpico y Convencional | F32: Apoyar la gestión técnica y administrativa de las federaciones del Sistema Deportivo Olímpico y Convencional | I32: CANTIDAD de atletas que participan a nivel internacional con apoyo del Ministerio del Deporte | J32: 650 | K32: Base de datos de Atletas apoyados por medio de los contratos suscritos con las Federaciones Nacionales | L32: Coordinador GIT Rendimiento Convencional | M32: Plataforma estratégica (misión, visión y Objetivos) | N32: Altos Logros | O32: Planeación Institucional | P32: Plan Estratégico Sectorial | Q32: GIT Deporte de Rendimiento Convencional | R32: 45292 | S32: 45657 | T32: CANTIDAD de atletas apoyados en eventos de participacion internacional en el trimestre | U32: NÚMERO de atletas apoyados | V32: Determinar la CANTIDAD de atletas apoyados en el trimestre | W32: Base de datos de atletas apoyados por medio de los contratos con federaciones | X32: ACUMULADO | Y32: PERSONAS | Z32: 0 | AA32: 650 | AB32: 75 | AC32: 200 | AD32: 300 | AE32: 75
A33: 23 | B33: Atletas y paratletas como embajadores de paz en el mundo | C33: DESARROLLO DEL DEPORTE OLIMPICO, PARALIMPICO Y NIVEL MUNDIAL PARA EL POSICIONAMIENTO Y LIDERAZGO DEPORTIVO 2021011000262 | D33: Servicio de asistencia técnica para la promoción del deporte | E33: Apoyar la gestión técnica y administrativa de las federaciones del Sistema Deportivo Olímpico y Convencional | F33: Apoyar la gestión técnica y administrativa de las federaciones del Sistema Deportivo Olímpico y Convencional | I33: Participación femenina en eventos multideportivos internacionales | J33: 0.45 | K33: Listado delegación que representa a Colombia en eventos multideportivos internacionales | L33: Coordinador GIT Rendimiento Convencional | M33: Coordinador GIT Rendimiento Convencional | N33: Altos Logros | O33: Planeación Institucional | P33: Plan Estratégico Sectorial | Q33: GIT Deporte de Rendimiento Convencional | R33: 45292 | S33: 45657 | T33: Participación femenina en eventos multideportivos internacionales | U33: (NÚMERO de mujeres atletas en la delegación/ NÚMERO total de atletas en la delegación que representan a Colombia en eventos multideportivos internacionales) | V33: Permite medir la equidad de género en el deporte de alto rendimiento | W33: Listado de PERSONAS pertenecientes a la delegación | X33: STOCK | Y33: PORCENTAJE | Z33: 30 | AA33: 0.45 | AB33: 0.35 | AC33: 0.4 | AD33: 0.42 | AE33: 0.45
A34: =+A33+1 -> 24 | B34: Atletas y paratletas como embajadores de paz en el mundo | C34: DESARROLLO DEL DEPORTE OLIMPICO, PARALIMPICO Y NIVEL MUNDIAL PARA EL POSICIONAMIENTO Y LIDERAZGO DEPORTIVO 2021011000262 | D34: Servicio de atención médica especializada | E34: Realizar consultas, control, seguimiento y evaluación a los atletas en sector convencional | F34: Realizar consultas, control, seguimiento y evaluación a los atletas en sector convencional | I34: Servicio de atención médica especializada en medicina del deporte, en fisioterapia, en nutrición, en Psicología, en atenciones biomecánicas, en atenciones de fisiología. | J34: 50000 | K34: NÚMERO de atenciones realizadas | L34: COORDINADORA GIT CENTRO DE CIENCIAS DEL DEPORTE | M34: Plataforma estratégica (misión, visión y Objetivos) | N34: Altos Logros | O34: Planeación Institucional | P34: Plan Estratégico Sectorial | Q34: GIT Centro de Ciencias del Deporte CCD | R34: 45292 | S34: 45657 | T34: Crecimiento en las atenciones en ciencias del deporte efectivamente realizadas en la vigencia | U34: NÚMERO de atenciones realizadas | V34: Crecimiento en las atenciones que realiza el CCD | W34: Listado de atenciones realizadas en la vigencia 2024 | X34: ACUMULADO | Y34: ATENCIONES | Z34: 30000 | AA34: 50000 | AB34: 1000 | AC34: 9000 | AD34: 20000 | AE34: 20000
A35: 25 | B35: Atletas y paratletas como embajadores de paz en el mundo | C35: DESARROLLO DEL DEPORTE OLIMPICO, PARALIMPICO Y NIVEL MUNDIAL PARA EL POSICIONAMIENTO Y LIDERAZGO DEPORTIVO 2021011000262 | D35: Servicio de atención médica especializada | E35: Realizar consultas, control, seguimiento y evaluación a los atletas en el sector Paralimpico. | F35: Realizar consultas, control, seguimiento y evaluación a los atletas en el sector Paralimpico. | I35: Servicio de atención médica especializada en medicina del deporte, en fisioterapia, en nutrición, en Psicología, en atenciones biomecánicas, en atenciones de fisiología. | J35: 8000 | K35: NÚMERO de atenciones realizadas | L35: COORDINADORA GIT CENTRO DE CIENCIAS DEL DEPORTE | M35: Plataforma estratégica (misión, visión y Objetivos) | N35: Altos Logros | O35: Planeación Institucional | P35: Plan Estratégico Sectorial | Q35: GIT Centro de Ciencias del Deporte CCD | R35: 45292 | S35: 45657 | T35: Crecimiento en las atenciones en ciencias del deporte efectivamente realizadas en la vigencia | U35: NÚMERO de atenciones realizadas | V35: Crecimiento en las atenciones que realiza el CCD | W35: Listado de atenciones realizadas en la vigencia 2024 | X35: ACUMULADO | Y35: ATENCIONES | Z35: 5000 | AA35: 8000 | AB35: 500 | AC35: 3000 | AD35: 2500 | AE35: 2000
A36: =+A35+1 -> 26 | B36: Atletas y paratletas como embajadores de paz en el mundo | C36: DESARROLLO DEL DEPORTE OLIMPICO, PARALIMPICO Y NIVEL MUNDIAL PARA EL POSICIONAMIENTO Y LIDERAZGO DEPORTIVO 2021011000262 | D36: Servicio de atención médica especializada | E36: Realizar Investigaciones en Ciencias del Deporte | F36: Realizar Investigaciones en Ciencias del Deporte | I36: Desarrollo de Investigaciones en Ciencias del Deporte | J36: 2 | K36: Publicaciones de Investigaciones en revistas indexadas y/o Especializadas | L36: COORDINADORA GIT CENTRO DE CIENCIAS DEL DEPORTE | M36: Plataforma estratégica (misión, visión y Objetivos) | N36: Altos Logros | O36: Planeación Institucional | P36: Plan Estratégico Sectorial | Q36: GIT Centro de Ciencias del Deporte CCD | R36: 45292 | S36: 45657 | T36: Investigaciones publicadas en revistas indexadas y/o Especializadas | U36: NÚMERO de investigaciones públicadas en revistas indexadas y/o Especializadas | V36: Permite identificar el NÚMERO de investigaciones publicadas en revistas indexadas y/o Especializadas | W36: Documentos de investigación y registro de publicación en revista indexada y/o Especializadas | X36: FLUJO | Y36: NÚMERO | Z36: 0 | AA36: 2 | AB36: 0 | AC36: 0 | AD36: 0 | AE36: 2
A37: 27 | B37: Democratización del acceso de la población al deporte, la recreación y la actividad física | C37: APOYO DE LA INFRAESTRUCTURA DEPORTIVA, RECREATIVA Y DE ALTA COMPETENCIA EN COLOMBIA. 202300000000203 | D37: SERVICIO DE APOYO FINANCIERO PARA EL FOMENTO DE LA INFRAESTRUCTURA DEPORTIVA | E37: Realizar convenios interadministrativos de infraestructura recreativa y de alta competencia. | F37: Cofinanciar y realizar el seguimiento a la ejecución de convenios solidarios para la construcción y/o mejoramiento de escenarios deportivos y recreativos (Democratizar el acceso al Deporte). | I37: CONVENIOS SOLIDARIOS | J37: 100 Convenios cofinanciados | K37: Suscripción de (100) cien convenios solidarios | L37: Coordinador (a) GIT- Infraestructura | M37: Funciones de la dependencia y GIT | N37: Apoyo a la Infraestructura Técnica y Científica | O37: Planeación Institucional | P37: Plan Estratégico Sectorial | Q37: GIT Infraestructura | R37: 45323 | S37: 45657 | T37: Proyectos de infraestructura deportiva cofinanciados | U37: N° de proyectos de infraestructura deportiva cofinanciados | V37: Medir el avance en el N° de proyectos de infraestructura deportiva cofinanciados con los entes ejecutores en cada periodo | W37: Informe de proyectos de infraestructura cofinanciados en el periodo | X37: ACUMULADO | Y37: NÚMERO | Z37: 74 | AA37: 100 | AB37: 5 | AC37: 15 | AD37: 40 | AE37: 40
A38: =+A37+1 -> 28 | B38: Democratización del acceso de la población al deporte, la recreación y la actividad física | C38: APOYO DE LA INFRAESTRUCTURA DEPORTIVA, RECREATIVA Y DE ALTA COMPETENCIA EN COLOMBIA. 202300000000203 | D38: SERVICIO DE APOYO FINANCIERO PARA EL FOMENTO DE LA INFRAESTRUCTURA DEPORTIVA | E38: Realizar acciones y actividades encaminadas a la evaluación, desarrollo y cierre de convenios y proyectos de infraestructura deportiva | F38: Cofinanciación de proyectos para el desarrollo de infraestructura recreodeportiva en el marco de compromisos de enfoque diferencial. | I38: PROYECTOS COFINANCIADOS | J38: 8 Proyectos confinanciados | K38: Informe de ejecución presupuestal | L38: Coordinador (a) GIT- Infraestructura | M38: Funciones de la dependencia y GIT | N38: Apoyo a la Infraestructura Técnica y Científica | O38: Planeación Institucional | P38: Plan Estratégico Sectorial | Q38: GIT Infraestructura | R38: 45323 | S38: 45657 | T38: Proyectos de infraestructura deportiva cofinanciados | U38: N° de proyectos de infraestructura deportiva cofinanciados | V38: Medir el avance en el N° de proyectos de infraestructura deportiva cofinanciados con los entes ejecutores en cada periodo | W38: Informe de proyectos de infraestructura cofinanciados en el periodo | X38: ACUMULADO | Y38: NÚMERO | Z38: 2 | AA38: 8 | AB38: 1 | AC38: 2 | AD38: 3 | AE38: 2
A39: 29 | B39: Democratización del acceso de la población al deporte, la recreación y la actividad física | C39: APOYO DE LA INFRAESTRUCTURA DEPORTIVA, RECREATIVA Y DE ALTA COMPETENCIA EN COLOMBIA. 202300000000203 | D39: SERVICIO DE APOYO FINANCIERO PARA EL FOMENTO DE LA INFRAESTRUCTURA DEPORTIVA | E39: Realizar acciones y actividades encaminadas a la evaluación, desarrollo y cierre de convenios y proyectos de infraestructura deportiva | F39: Cofinanciación de proyectos para el desarrollo de infraestructura recreodeportiva en el marco de las subregiones PDET. | I39: PROYECTOS COFINANCIADOS | J39: 4 Proyectos cofinanciados | K39: Informe de ejecución presupuestal | L39: Coordinador (a) GIT- Infraestructura | M39: Funciones de la dependencia y GIT | N39: Apoyo a la Infraestructura Técnica y Científica | O39: Planeación Institucional | P39: Plan Estratégico Sectorial | Q39: GIT Infraestructura | R39: 45323 | S39: 45657 | T39: Proyectos de infraestructura deportiva cofinanciados | U39: N° de proyectos de infraestructura deportiva cofinanciados | V39: Medir el avance en el N° de proyectos de infraestructura deportiva cofinanciados con los entes ejecutores en cada periodo | W39: Informe de proyectos de infraestructura cofinanciados en el periodo | X39: ACUMULADO | Y39: NÚMERO | Z39: 2 | AA39: 4 | AB39: 1 | AC39: 1 | AD39: 1 | AE39: 1
A40: =+A39+1 -> 30 | B40: Democratización del acceso de la población al deporte, la recreación y la actividad física | C40: APOYO DE LA INFRAESTRUCTURA DEPORTIVA, RECREATIVA Y DE ALTA COMPETENCIA EN COLOMBIA. 202300000000203 | D40: SERVICIO DE APOYO FINANCIERO PARA EL FOMENTO DE LA INFRAESTRUCTURA DEPORTIVA | E40: Realizar acciones y actividades encaminadas a la evaluación, desarrollo y cierre de convenios y proyectos de infraestructura deportiva | F40: Cofinanciar y realizar el seguimiento a la ejecución de convenios y/o contratos de infraestructura deportiva y recreativa y de alta competencia a nivel nacional. | I40: PROYECTOS COFINANCIADOS | J40: 18 proectos cofinanciados | K40: Informe de ejecución presupuestal | L40: Coordinador (a) GIT- Infraestructura | M40: Funciones de la dependencia y GIT | N40: Apoyo a la Infraestructura Técnica y Científica | O40: Planeación Institucional | P40: Plan Estratégico Sectorial | Q40: GIT Infraestructura | R40: 45323 | S40: 45657 | T40: Proyectos de infraestructura deportiva cofinanciados | U40: N° de proyectos de infraestructura deportiva cofinanciados | V40: Medir el avance en el N° de proyectos de infraestructura deportiva cofinanciados con los entes ejecutores en cada periodo | W40: Informe de proyectos de infraestructura cofinanciados en el periodo | X40: ACUMULADO | Y40: NÚMERO | Z40: 14 | AA40: 18 | AB40: 1 | AC40: 9 | AD40: 7 | AE40: 1
A41: 31 | B41: Democratización del acceso de la población al deporte, la recreación y la actividad física | C41: APOYO DE LA INFRAESTRUCTURA DEPORTIVA, RECREATIVA Y DE ALTA COMPETENCIA EN COLOMBIA. 202300000000203 | D41: SERVICIO DE APOYO FINANCIERO PARA EL FOMENTO DE LA INFRAESTRUCTURA DEPORTIVA | E41: Brindar asistencia técnica para la formulación y cumplimiento de requisitos de los proyectos de infraestructura en los entes territoriales | F41: Brindar Asistencia técnica a los entes territoriales y diferenciales en la formulación y estructuración de proyectos de infraestructura deportiva y recreativa en el marco de la resolución vigente y emisión de conceptos técnicos para proyectos de infraestructura recreativa y deportiva radicados por los entes territoriales | I41: ASISTENCIA TECNICA | J41: 100% de asistencias realizadas | K41: Asistencias técnicas realizadas | L41: Coordinador (a) GIT- Infraestructura | M41: Funciones de la dependencia y GIT | N41: Apoyo a la Infraestructura Técnica y Científica | O41: Planeación Institucional | P41: Plan Estratégico Sectorial | Q41: GIT Infraestructura | R41: 45323 | S41: 45657 | T41: PORCENTAJE de Mesas de trabajo con entes territoriales y diferenciales realizadas. | U41: ( # Mesas de trabajo realizadas / # Mesas de trabajo programadas ) * 100 | V41: Medir el PORCENTAJE de mesas de trabajo realizadas por demanda. | W41: Informes Asistencia Técnica | X41: ACUMULADO | Y41: PORCENTAJE | Z41: 462 | AA41: 1 | AB41: 0.3 | AC41: 0.1 | AD41: 0.4 | AE41: 0.2
A42: =+A41+1 -> 32 | B42: Democratización del acceso de la población al deporte, la recreación y la actividad física | C42: APOYO DE LA INFRAESTRUCTURA DEPORTIVA, RECREATIVA Y DE ALTA COMPETENCIA EN COLOMBIA. 202300000000203 | D42: SERVICIO DE APOYO FINANCIERO PARA EL FOMENTO DE LA INFRAESTRUCTURA DEPORTIVA | E42: Establecer lineamientos técnicos para garantizar la conservación y el buen uso de los escenarios deportivos | F42: Socialización y divulgación de lineamientos para la construcción, adecuación, mantenimiento y administración de los escenarios deportivos, recreativos y de actividad física | I42: ASISTENCIA TECNICA | J42: 90% de lineamientos socializados y divulgados | K42: Asistencias técnicas realizadas | L42: Coordinador (a) GIT- Infraestructura | M42: Funciones de la dependencia y GIT | N42: Apoyo a la Infraestructura Técnica y Científica | O42: Planeación Institucional | P42: Plan Estratégico Sectorial | Q42: GIT Infraestructura | R42: 45323 | S42: 45657 | T42: N° Actividades de socialización y divulgación realizadas | U42: N° de socializaciones realizadas | V42: Medir el PORCENTAJE de socializaciones realizadas por demanda. | W42: Informes Asistencia Técnica | X42: ACUMULADO | Y42: PORCENTAJE | Z42: 620 | AA42: 1 | AB42: 0.3 | AC42: 0.2 | AD42: 0.25 | AE42: 0.25
A43: 33 | B43: Democratización del acceso de la población al deporte, la recreación y la actividad física | C43: APOYO DE LA INFRAESTRUCTURA DEPORTIVA, RECREATIVA Y DE ALTA COMPETENCIA EN COLOMBIA. 202300000000203 | D43: SERVICIO DE APOYO FINANCIERO PARA EL FOMENTO DE LA INFRAESTRUCTURA DEPORTIVA | E43: Realizar acciones y actividades encaminadas al fortalecimiento del visor geográfico para el registro de proyectos, seguimiento de convenios, registro predial (banco inmobiliario) e inventario de infraestructura Costo | F43: Fortalecimiento de las herramientas desarrolladas (Visor Geografico, aplicativos de recoleción de información, sitio web de la DRH y tableros de mando) e implementación de nuevos aplicativos que permitan el manejo de la bases de datos de la DRH. | I43: MÓDULOS EN OPERACIÓN | J43: 100% de actualizaciones del visor geográfico | K43: TABLEROS DE MANDO, VISORES GEOGRÁFICOS, APLICATIVOS DE RECOLECCIÓN DE INFORMACIÓN, Y REPORTES | L43: Coordinador (a) GIT- Infraestructura | M43: Funciones de la dependencia y GIT | N43: Apoyo a la Infraestructura Técnica y Científica | O43: Planeación Institucional | P43: NA | Q43: GIT Infraestructura | R43: 45323 | S43: 45657 | T43: PORCENTAJE de implementación de la Herramienta geográfica implementada | U43: (No. funciones creadas o actualizadas en aplicativo/No. funciones propuestas) X 100 | V43: Medir el PORCENTAJE de cumplimiento de actualización del aplicativo | W43: Reporte | X43: ACUMULADO | Y43: PORCENTAJE | Z43: 9 | AA43: 1 | AB43: 0.25 | AC43: 0.25 | AD43: 0.25 | AE43: 0.25
A44: =+A43+1 -> 34 | B44: Fortalecer la gestión y dirección de sector Deporte, Recreación y la Actividad física. | C44: FORTALECIMIENTO DEL LABORATORIO DE CONTROL AL DOPAJE DEPORTIVO 202300000000019 | D44: SERVICIO DE ANÁLISIS DE MUESTRAS | E44: Realizar muestras analíticas de laboratorio para detección de sustancias prohibidas en el deporte | F44: Mantener, actualizar e implementar mejoras de los métodos analíticos y los procesos del laboratorio | I44: Ejecución presupuestal | J44: 0.9 | K44: Informe trimestral de ejecución presupuestal | L44: Coordinador (a) GIT-Laboratorio Control al Dopaje | M44: Funciones de la dependencia y GIT | N44: Apoyo a la Infraestructura Técnica y Científica | O44: Gestión del Conocimiento y la Innovación | P44: Plan Anual de Adquisiciones | Q44: GIT Laboratorio Control al Dopaje | R44: 45323 | S44: 45657 | T44: PORCENTAJE del presupuesto efectivamente comprometido | U44: (Presupuesto comprometido / Presupuesto asignado) * 100 | V44: Se busca mediar el PORCENTAJE de asignación del presupuesto de la vigencia. | W44: Informe de ejecución presupuestal | X44: ACUMULADO | Y44: PORCENTAJE | Z44: 0 | AA44: 1 | AB44: 0.1 | AC44: 0.2 | AD44: 0.3 | AE44: 0.4
A45: 35 | B45: Fortalecer la gestión y dirección de sector Deporte, Recreación y la Actividad física. | C45: NA | D45: NA | E45: NA | F45: Promover y liderar el desarrollo de proyectos de investigación, relacionados con el deporte, la actividad física, la recreación y el aprovechamiento del tiempo libre | I45: Creacion de Centro de Investigación del Deporte (CID) de acuerdo con las directrices del Minisetrio de Ciencia, Tecnología e Innovación. | J45: Creación del Centro de Investigación del Deporte | K45: Acto administrativo de creación del Centro de Investigación del Deporte (CID) | L45: Coordinador (a) GIT-Laboratorio Control al Dopaje | M45: Funciones de la dependencia y GIT | N45: Apoyo a la Infraestructura Técnica y Científica | O45: Gestión del Conocimiento y la Innovación | P45: Plan Anual de Adquisiciones | Q45: GIT Laboratorio Control al Dopaje | R45: 45323 | S45: 45657 | T45: Avance en la conformación del Centro de Investigación del Deporte (CID) | U45: (Actividades realizadas conformación CID / Actividades requeridas conformacion CID ) * 100 | V45: Se busca mediar el PORCENTAJE de avance en la conformacion del Centro de Investigacion del Deporte | W45: Informe de avance de conformacion del Centro de Investigación del Deporte | X45: ACUMULADO | Y45: PORCENTAJE | Z45: 0 | AA45: 1 | AB45: 0.25 | AC45: 0.25 | AD45: 0.25 | AE45: 0.25
A46: =+A45+1 -> 36 | B46: Fortalecer la gestión y dirección de sector Deporte, Recreación y la Actividad física. | C46: MEJORAMIENTO SEDES COLDEPORTES BOGOTÁ - 2018011000349 | D46: SEDES MANTENIDAS | E46: Garantizar la prestación de servicios para la administración y operación de la sedes | F46: Administrar la operación de los escenarios del CAR garantizando la adecuada prestación del servicio a deportistas de alto rendimiento. | I46: Prestación o uso de escenarios deprotivos e instlaciones del CAR | J46: 100000 | K46: Prestación del servicio en el Centro de Alto Rendimiento | L46: Coordinador (a) GIT-CAR | M46: Funciones de la dependencia y GIT | N46: Apoyo a la Infraestructura Técnica y Científica | O46: Fortalecimiento Organizacional y Simplificación de Procesos | P46: Plan Anual de Adquisiciones | Q46: GIT Centro de Alto Rendimiento CAR | R46: 45293 | S46: 45657 | T46: Usuarios atendidos en el CAR | U46: NÚMERO de usuarios que ingresan al CAR mensualmente/anualmente | V46: CANTIDAD de PERSONAS (deportistas, acompañantes, funcionarios) que acceden al CAR mensualmente/anualmente | W46: Registros de ingreso suministrado por la empresa de vigilancia. Lista de deportistas autorizados para el prestamo o alquiler (si aplica)de escenarios deportivos de los diferentes organismos del sistema nacional del deporte. | X46: ACUMULADO | Y46: PERSONAS | Z46: 174181 | AA46: 100000 | AB46: 20000 | AC46: 25000 | AD46: 30000 | AE46: 25000
A47: 37 | B47: Fortalecer la gestión y dirección de sector Deporte, Recreación y la Actividad física. | C47: MEJORAMIENTO SEDES COLDEPORTES BOGOTÁ - 2018011000349 | D47: SEDES MANTENIDAS | E47: Garantizar la prestación de servicios para la administración y operación de la sedes | T47: Deportistas de alto rendimiento atendidos en el CAR | U47: NÚMERO de deportistas que cuentan con aprobación de ingreso al CAR mensualmente/anualmente | V47: CANTIDAD de deportistas que acceden a los servicios que presta el CAR mensualmente/anualmente | W47: Lista de deportistas autorizados para el prestamo de escenarios deportivos de los diferentes organismos del sistema nacional del deporte. | X47: ACUMULADO | Y47: PERSONAS | Z47: 35649 | AA47: 2000 | AB47: 400 | AC47: 550 | AD47: 550 | AE47: 500
A48: =+A47+1 -> 38 | B48: Fortalecer la gestión y dirección de sector Deporte, Recreación y la Actividad física. | C48: MEJORAMIENTO SEDES COLDEPORTES BOGOTÁ - 2018011000349 | D48: SEDES MANTENIDAS | E48: Adecuar, mantener y dotar la infraestructura física de las sedes, de acuerdo a las normas técnicas ambientales, de salud ocupacional, seguridad industrial y construcciones | F48: Adecuar, mantener y dotar la infraestructura física, implementación deportiva y tecnología del Mindeporte-Centro de Alto Rendimiento en Altura, de acuerdo a las normas: técnicas, ambientales, de salud ocupacional, de seguridad industrial y de construcción. | I48: Escenarios dotados y adecuados para su uso | J48: 90% de escenarios del CAR dotados y adcuados | K48: Un Centro de Alto Rendimiento en condiciones de uso, para los deportistas de alto rendimiento del país y extranjeros | L48: Coordinador (a) GIT-CAR | M48: Funciones de la dependencia y GIT | N48: Apoyo a la Infraestructura Técnica y Científica | O48: Gestión Presupuestal y Eficiencia del Gasto Público | P48: Plan Anual de Adquisiciones | Q48: GIT Centro de Alto Rendimiento CAR | R48: 45293 | S48: 45657 | T48: Cumplimiento adecuaciones, mantenimientos y/o dotaciones planeadas. | U48: Adecuaciones, mantenimientos y/o dotaciones ejecutadas / adecuaciones, mantenimientos y/o dotaciones planeadas | V48: Adecuaciones, mantenimientos y dotaciones realizadas en la vigencia / las actividades contratadas. | W48: NÚMERO de contratos. Informes mensuales de los supervisores | X48: ACUMULADO | Y48: PORCENTAJE | AA48: 1 | AB48: 0.15 | AC48: 0.25 | AD48: 0.3 | AE48: 0.3
A49: 39 | B49: Fortalecer la gestión y dirección de sector Deporte, Recreación y la Actividad física. | C49: FORTALECIMIENTO DE LA GESTIÓN Y SEGUIMIENTO INSTITUCIONAL DEL MINISTERIO DEL DEPORTE 202300000000037 | D49: Documentos de planeación | E49: Apoyar la gestión de planeación, programación y ejecución de los planes, programas y proyectos de la entidad | F49: Formular y presentar de ante proyecto de presupuesto. | I49: Servicio proyección presupuestal 2024 | J49: 1 | K49: Documento de Anteproyecto | L49: Oficina Asesora de Planeación | M49: Funciones de la dependencia y GITS | N49: Direccionamiento Estratégico y Aprendizaje Organizacional | O49: Gestión Presupuestal y Eficiencia del Gasto Público | P49: Plan Estratégico Sectorial | Q49: GIT Planeación y Gestión | R49: 10 de enero de 2023 | S49: 45291 | T49: Anteproyecto 2024 | U49: (Actividad programada/ actividad ejecutada )x 100 | V49: Documento en donde se consolida tota la programación de necesidades presupuestales de la entidad para la vigencia 2024. | W49: Documento y correo de remisión a Ministerio de Hacienda | X49: ACUMULADO | Y49: PORCENTAJE | Z49: 0 | AA49: 1 | AB49: 1 | AC49: 0 | AD49: 0 | AE49: 0
A50: =+A49+1 -> 40 | B50: Fortalecer la gestión y dirección de sector Deporte, Recreación y la Actividad física. | C50: FORTALECIMIENTO DE LA GESTIÓN Y SEGUIMIENTO INSTITUCIONAL DEL MINISTERIO DEL DEPORTE 202300000000037 | D50: Documentos de planeación | E50: Apoyar la gestión de planeación, programación y ejecución de los planes, programas y proyectos de la entidad | F50: Formular y presentar del marco de gasto de mediano plazo. | I50: Servicio proyección presupuestal del cuatrienio | J50: 1 | K50: Presentación Marco de Gasto de Mediano Plazo | L50: Oficina Asesora de Planeación | M50: Funciones de la dependencia y GITS | N50: Direccionamiento Estratégico y Aprendizaje Organizacional | O50: Gestión Presupuestal y Eficiencia del Gasto Público | P50: Plan Estratégico Sectorial | Q50: GIT Planeación y Gestión | R50: 10 de enero de 2023 | S50: 45291 | T50: Marco de Gasto de Mediano Plazo | U50: (Actividad programada/ actividad ejecutada )x 100 | V50: Presentación del documento en donde se consolidan las proyecciones de recursos para el cuatrienio y las principales metas de la entidad. | W50: Presentación y correo de remisión a Ministerio de Hacienda | X50: ACUMULADO | Y50: PORCENTAJE | Z50: 0 | AA50: 1 | AB50: 1 | AC50: 0 | AD50: 0 | AE50: 0
A51: 41 | B51: Fortalecer la gestión y dirección de sector Deporte, Recreación y la Actividad física. | C51: FORTALECIMIENTO DE LA GESTIÓN Y SEGUIMIENTO INSTITUCIONAL DEL MINISTERIO DEL DEPORTE 202300000000037 | D51: Documentos de planeación | E51: Apoyar la gestión de planeación, programación y ejecución de los planes, programas y proyectos de la entidad | F51: Actualizar las fichas de proyectos de inversión a decreto de liquidación de presupuesto. | I51: Procedimiento de trámites presupuestales actualizado | J51: 12 | K51: Fichas EBI Actualizada de los Proyectos | L51: Oficina Asesora de Planeación | M51: Funciones de la dependencia y GITS | N51: Direccionamiento Estratégico y Aprendizaje Organizacional | O51: Gestión Presupuestal y Eficiencia del Gasto Público | P51: Plan Estratégico Sectorial | Q51: GIT Planeación y Gestión | R51: 10 de enero de 2023 | S51: 45291 | T51: PORCENTAJE de Proyectos de inversión actualizados a Decreto de liquidación | U51: (NÚMERO de fichas EBI actualizadas / Total de fichas EBI del proyecto (14))x100 | V51: Mide la actualización de los componentes de los proyectos de inversión través del sistema del DNP. | W51: Fichas EBI actualizadas | X51: ACUMULADO | Y51: NÚMERO | Z51: 0 | AA51: 12 | AB51: 0 | AC51: 1 | AD51: 0 | AE51: 0
A52: =+A51+1 -> 42 | B52: Fortalecer la gestión y dirección de sector Deporte, Recreación y la Actividad física. | C52: FORTALECIMIENTO DE LA GESTIÓN Y SEGUIMIENTO INSTITUCIONAL DEL MINISTERIO DEL DEPORTE 202300000000037 | D52: Documentos de planeación | E52: Apoyar la gestión de planeación, programación y ejecución de los planes, programas y proyectos de la entidad | F52: Formular y ejecutar el plan de trabajo para el mejoramiento de las políticas de MIPG priorizadas conforme a la evaluación del Índice de Gestión y Desempeño Institucional 2023 | I52: Plan de trabajo de las políticas priorizadas ejecutado | J52: 0.9 | K52: Informe de resultados del Plan de trabajo | L52: Oficina Asesora de Planeación | M52: Resultados FURAG 2022 | N52: Direccionamiento Estratégico y Aprendizaje Organizacional | O52: Planeación Institucional | P52: Plan Estratégico Sectorial | Q52: GIT Planeación y Gestión | R52: 10 de enero de 2023 | S52: 45291 | T52: PORCENTAJE de avance del plan de trabajo para los procesos y políticas priorizadas | U52: (Total de acciones ejecutadas dentro del periodo /Total de acciones del plan de trabajo del periodo)*100 | V52: Mide el PORCENTAJE de avance de las acciones definidas en el plan de trabajo | W52: Informe de ejecución de acciones de las políticas priorizadas | X52: ACUMULADO | Y52: PORCENTAJE | Z52: 0 | AA52: 0.9 | AB52: 0 | AC52: 0.2 | AD52: 0.5 | AE52: 0.2
A53: 43 | B53: Fortalecer la gestión y dirección de sector Deporte, Recreación y la Actividad física. | C53: FORTALECIMIENTO DE LA GESTIÓN Y SEGUIMIENTO INSTITUCIONAL DEL MINISTERIO DEL DEPORTE 202300000000037 | D53: Documentos de planeación | E53: Apoyar la gestión de planeación, programación y ejecución de los planes, programas y proyectos de la entidad | F53: Actualizar los procedimientos, políticas y documentación en general para la mejora del MIPG | I53: Sistema de calidad actualizado | J53: 0.8 | K53: Aplicativo de Gestión de Calidad actualizado | L53: Oficina Asesora de Planeación | M53: Funciones de la dependencia y GIT | N53: Direccionamiento Estratégico y Aprendizaje Organizacional | O53: Fortalecimiento Organizacional y Simplificación de Procesos | P53: Plan Estratégico Sectorial | Q53: GIT Planeación y Gestión | R53: 10 de enero de 2023 | S53: 45291 | T53: PORCENTAJE de avance de la actualización de sistema de gestión de calidad | U53: (Total de procedimientos actualizados/Total de procedimientos)*100 | V53: Mide el PORCENTAJE de avance de las actualizaciones de los procedimientos del ministerio | W53: Reporte del aplicativo de gestión de calidad | X53: ACUMULADO | Y53: PORCENTAJE | Z53: 0 | AA53: 0.8 | AB53: 0.1 | AC53: 0.3 | AD53: 0.2 | AE53: 0.2
A54: =+A53+1 -> 44 | B54: Fortalecer la gestión y dirección de sector Deporte, Recreación y la Actividad física. | C54: FORTALECIMIENTO DE LA GESTIÓN Y SEGUIMIENTO INSTITUCIONAL DEL MINISTERIO DEL DEPORTE 202300000000037 | D54: Documentos de planeación | E54: Apoyar la gestión de planeación, programación y ejecución de los planes, programas y proyectos de la entidad | F54: Apoyar el proceso de reestructuración del Ministerio del Deporte, en lo relacionado con el análisis metodológico de los procesos | I54: Asistencia Técnica | J54: 1 | K54: Estudio Técnico | L54: Oficina Asesora de Planeación | M54: Funciones de la dependencia y GIT | N54: Direccionamiento Estratégico y Aprendizaje Organizacional | O54: Fortalecimiento Organizacional y Simplificación de Procesos | P54: Plan Estratégico Sectorial | Q54: GIT Planeación y Gestión | R54: 10 de enero de 2023 | S54: 45291 | T54: Asistencia técnica | V54: Asesoría a la Secretaría General en el rediseño institucional
A55: 45 | B55: Fortalecer la gestión y dirección de sector Deporte, Recreación y la Actividad física. | C55: FORTALECIMIENTO DE LA GESTIÓN Y SEGUIMIENTO INSTITUCIONAL DEL MINISTERIO DEL DEPORTE 202300000000037 | D55: Documentos de planeación | E55: Apoyar la gestión de planeación, programación y ejecución de los planes, programas y proyectos de la entidad | F55: Articular con los entes territoriales el plan nacional de desarrollo con los planes de desarrollo municipales y territoriales | I55: Acta de reunión | J55: 2 | K55: Listado de asistencia | L55: Oficina Asesora de Planeación | M55: Funciones de la dependencia y GIT | N55: Direccionamiento Estratégico y Aprendizaje Organizacional | O55: Planeación Institucional | P55: Plan Estratégico Sectorial | Q55: GIT Planeación y Gestión | R55: 15 de enero de 2023 | S55: 31 de diciembre de 2023 | T55: Talleres y/o capacitación | U55: CANTIDAD de talleres realizados/Total de talleres | V55: El indicador corresponde a la realización de los talleres dirigidos a los colaboradores del Ministerio | W55: Documentos soporte de actividades realizadas en el desarrollo de los talleres | X55: ACUMULADO | Y55: NÚMERO | Z55: 0 | AA55: 2 | AB55: 0 | AC55: 0 | AD55: 0 | AE55: 0
A56: =+A55+1 -> 46 | B56: Fortalecer la gestión y dirección de sector Deporte, Recreación y la Actividad física. | C56: FORTALECIMIENTO DE LA GESTIÓN Y SEGUIMIENTO INSTITUCIONAL DEL MINISTERIO DEL DEPORTE 202300000000037 | D56: Documentos de planeación | E56: Implementar y mantener un politíca de gestión de la información, conocimiento e innovación institucional | F56: Realizar talleres de conocimiento en herramientas | I56: Acta de reunión | J56: 4 | K56: Listado de asistencia | L56: Oficina Asesora de Planeación | M56: Funciones de la dependencia y GIT | N56: Direccionamiento Estratégico y Aprendizaje Organizacional | O56: Gestión del Conocimiento y la Innovación | P56: Plan Estratégico Sectorial | Q56: GIT Gestión del Conocimiento y la Innovación | R56: 10 de enero de 2023 | S56: 31 de diciembre de 2023 | T56: Talleres para el uso de herramientas | U56: CANTIDAD de talleres realizados/Total de talleres | V56: El indicador corresponde a la realización de los talleres dirigidos a los colaboradores del Ministerio | W56: Documentos soporte de actividades realizadas en el desarrollo de los talleres | X56: ACUMULADO | Y56: NÚMERO | Z56: 0 | AA56: 4 | AB56: 0 | AC56: 0 | AD56: 0 | AE56: 0
A57: 47 | B57: Fortalecer la gestión y dirección de sector Deporte, Recreación y la Actividad física. | C57: FORTALECIMIENTO DE LA GESTIÓN Y SEGUIMIENTO INSTITUCIONAL DEL MINISTERIO DEL DEPORTE 202300000000037 | D57: Servicio de Asistencia Técnica | E57: Implementar y mantener un politíca de gestión de la información, conocimiento e innovación institucional | F57: Adoptar y actualizar los lineamientos de DANE para la implementación de la politíca en el Ministerio | I57: Documento | J57: 1 | K57: Documento escrito | L57: Oficina Asesora de Planeación | M57: Funciones de la dependencia y GIT | N57: Direccionamiento Estratégico y Aprendizaje Organizacional | O57: Gestión del Conocimiento y la Innovación | P57: Plan Estratégico Sectorial | Q57: GIT Gestión del Conocimiento y la Innovación | R57: 10 de enero de 2023 | S57: 31 de diciembre de 2023 | T57: Documento de implementación politíca de información estadistica Ministerio del Deporte | U57: Documento de implementación Ministerio del Deporte | V57: Indicará el avance y finalización del documento elaborado. | W57: Los soportes de la aprobación y socialización del documento | X57: FLUJO | Y57: NÚMERO | Z57: 0 | AA57: 1 | AB57: 0 | AC57: 1 | AD57: 0 | AE57: 0
A58: =+A57+1 -> 48 | B58: Fortalecer la gestión y dirección de sector Deporte, Recreación y la Actividad física. | C58: FORTALECIMIENTO DE LA GESTIÓN Y SEGUIMIENTO INSTITUCIONAL DEL MINISTERIO DEL DEPORTE 202300000000037 | D58: Servicio de Asistencia Técnica | E58: Implementar y mantener un politíca de gestión de la información, conocimiento e innovación institucional | F58: Diagnósticar y realizar la caracterización del uso y manejo de la información de los programas y proyectos que implementan las áreas misionales . | I58: Informe | J58: 1 | K58: Documento escrito | L58: Oficina Asesora de Planeación | M58: Funciones de la dependencia y GIT | N58: Direccionamiento Estratégico y Aprendizaje Organizacional | O58: Gestión del Conocimiento y la Innovación | P58: Plan Estratégico Sectorial | Q58: GIT Gestión del Conocimiento y la Innovación | R58: 10 de enero de 2023 | S58: 31 de diciembre de 2023 | T58: Informe diagnóstico uso y manejo información politica de la información estadistica | U58: Informe | V58: Indicará el avance y finalización del informe. | W58: El informe contendrá los datos que se levantaron con respecto a la caracterización de los programas de la entidad. | X58: FLUJO | Y58: NÚMERO | Z58: 0 | AA58: 1 | AB58: 0 | AC58: 0 | AD58: 1 | AE58: 0
A59: 50 | B59: Fortalecer la gestión y dirección de sector Deporte, Recreación y la Actividad física. | C59: FORTALECIMIENTO DE LA GESTIÓN Y SEGUIMIENTO INSTITUCIONAL DEL MINISTERIO DEL DEPORTE 202300000000037 | D59: Documentos de planeación | E59: Realizar informes de seguimiento a los recursos de financiación del sector | F59: Realizar seguimiento y generar alertas tempranas a las metas del Plan Nacional de Desarrollo, Plan Estratégico y Plan de Accion Institucional, indicadores de los procesos y proyectos de inversión. | I59: Informes de seguimiento | J59: 24 Informes | K59: Informes | L59: Oficina Asesora de Planeación | M59: Funciones de la dependencia y GIT | N59: Direccionamiento Estratégico y Aprendizaje Organizacional | O59: Gestión Presupuestal y Eficiencia del Gasto Público | P59: Plan Estratégico Sectorial | Q59: GIT de Seguimiento | R59: 1 de enero de 2024 | S59: 31 de diciembre de 2024 | T59: Informes de seguimiento de planes y proyectos | U59: (Documentos de seguimiento realizados /documentos de seguimientos totales)*100 | V59: Se realizará informes de seguimiento a los compromisos de PND, plan de accion , Plan Estrategico Sectorial , Plan de Accion Institucional, Indicadores de procesos en el ISOLUCION y Proyectos de inversión. | W59: Informes | X59: ACUMULADO | Y59: NÚMERO | Z59: 0 | AA59: 24 | AB59: 0.25 | AC59: 0.25 | AD59: 0.25 | AE59: 0.25
A60: =+A59+1 -> 51 | B60: Fortalecer la gestión y dirección de sector Deporte, Recreación y la Actividad física. | C60: FORTALECIMIENTO DE LA GESTIÓN Y SEGUIMIENTO INSTITUCIONAL DEL MINISTERIO DEL DEPORTE 202300000000037 | D60: Documentos de planeación | E60: Realizar informe de seguimiento a los recursos de financiación del sector | F60: Realizar seguimiento, CONPES, Plan Marco de Implementación, Municipios PDET, enfoque diferencial, autos y sentencias. | I60: Documento Técnico | J60: 12 informes | K60: informes | L60: Oficina Asesora de Planeación | M60: Funciones de la dependencia y GIT | N60: Direccionamiento Estratégico y Aprendizaje Organizacional | O60: Planeación Institucional | P60: Plan Estratégico Sectorial | Q60: GIT de Seguimiento | R60: 2 de enero de 2024 | S60: 1 de enero de 2025 | T60: Informes de segumiento a implementacion de directivas presidenciales | U60: (Documentos de seguimiento realizados /documentos de seguimientos totales)*100 | V60: Se realiza informe de seguimiento a las directivas presidenciales como son plan Marco de implementación PMI de acuerdo de paz, Programas de Desarrollo con Enfoque Territorial (PDET), aplicación del enfoque diferencial | W60: Informes | X60: ACUMULADO | Y60: NÚMERO | Z60: 0 | AA60: 12 | AB60: 0.25 | AC60: 0.25 | AD60: 0.25 | AE60: 0.25
A61: 52 | B61: Fortalecer la gestión y dirección de sector Deporte, Recreación y la Actividad física. | C61: FORTALECIMIENTO DE LA GESTIÓN Y SEGUIMIENTO INSTITUCIONAL DEL MINISTERIO DEL DEPORTE 202300000000037 | D61: Documentos de planeación | E61: Evaluar la gestión y resultados del sector | F61: Elaborar un documento de la metodologia de evaluación de programas y proyectos del Ministerio. | I61: Documento Técnico | J61: 1 | K61: Documento metodológico | L61: Oficina Asesora de Planeación | M61: Funciones de la dependencia y GIT | N61: Direccionamiento Estratégico y Aprendizaje Organizacional | O61: Planeación Institucional | P61: Plan Estratégico Sectorial | Q61: GIT Planeación y Gestión | R61: 1 de junio de 2024 | S61: 31 de diciembre de 2024 | T61: Metodologia para la evaluacion de programas y proyectos | U61: Documento metodologico | V61: Se realizar un documento donde indique de las metodologias existentes para la evaluacion de programas y proyectos cual es las adecuadas aplicadas al Deporte y los resultados. | W61: Documento | X61: ACUMULADO | Y61: UNIDAD | Z61: 0 | AA61: 1 | AB61: 0 | AC61: 0 | AD61: 1 | AE61: 0
A62: =+A61+1 -> 53 | B62: Fortalecer la gestión y dirección de sector Deporte, Recreación y la Actividad física. | C62: FORTALECIMIENTO DE LA GESTIÓN Y SEGUIMIENTO INSTITUCIONAL DEL MINISTERIO DEL DEPORTE 202300000000037 | D62: Documentos de planeación | E62: Evaluar la gestión y resultados del sector | F62: Mesas de trabajo para la Implementacion de la metodologia del enfoque diferencial en el ministerio del deporte | I62: Documento Técnico | J62: 8 | K62: Actas de las mesas de trabajo | L62: Oficina Asesora de Planeación | M62: Funciones de la dependencia y GIT | N62: Direccionamiento Estratégico y Aprendizaje Organizacional | O62: Planeación Institucional | P62: Plan Estratégico Sectorial | Q62: GIT de Seguimiento | R62: 2 de junio de 2024 | S62: 1 de enero de 2025 | T62: Socializacion de enfoque diferencial en el Mindeporte | U62: (mesas de trabajo realizadas /total de mesas de trabajo)*100 | V62: Se realizarán mesas de trabajo para socializar con las direcciones tecnicas la metodologia y posteriormente se realizaran otras mesas para verificar la implementacion y apropiación de las direcciones. | W62: - Actas de mesas de trabajo - Informe de resultados de la estrategia | X62: ACUMULADO | Y62: NÚMERO | Z62: 0 | AA62: 8 | AB62: 0.5 | AC62: 0 | AD62: 50 | AE62: 0
A63: 54 | B63: Democratización del acceso de la población al deporte, la recreación y la actividad física | C63: APOYO A LA INSPECCIÓN, VIGILANCIA Y CONTROL 2018011000250 | D63: SERVICIO DE ASISTENCIA TÉCNICA PARA LA PROMOCIÓN DE LA ORGANIZACIÓN Y FORMALIZACIÓN DE LOS ORGANISMOS DEPORTIVOS | E63: Gestión Deportiva en el Territorio | F63: Brindar un amplio escenario de capacitación y actualizacion normativa a los integrantes del SND y a los que pretendan su vinculación a partir de postulados legales, administrativos y financieros, coadyuvando en la formalización de los organismos deportivos y su democratización. | I63: Cursos, Talleres , Actividades de capacitación y/o Programa IVC en el territorio. | J63: 1000 organismos deportivos impactados y/o PERSONAS beneficiadas de los programas de capacitación e IVC en el territorio | K63: Informes de cada uno de las actividades de capacitación y/o programa IVC en el territorio. | L63: Coordinadora del GIT Deporte Aficionado | M63: Funciones de la dependencia y GIT | N63: Inspección Vigilancia y Control | O63: Planeación Institucional | P63: Plan Estratégico Sectorial | Q63: GIT Deporte Aficionado | R63: 45301 | S63: 45657 | T63: Número de beneficiarios de espacios de capacitación y/o programas IVC en el territorio realizados. | U63: Sumatoria debeneficiarios en espacios de capacitación y/o Programas IVC en el Territorio realizados. | V63: Con el indicador se monitorea el avance en el cumplmiento del objetivo de llegar en la vigencia a los 32 departamentos de Colombia beneficiando a más de 1000 PERSONAS con actividades de capacitación y/o actualizacion normativa (Programa IVC en el territorio). | W63: Informes elaborados por los responsables de cada evento en el que se describa el objeto, las actividades, beneficios, y compromisos | X63: ACUMULADO | Y63: PERSONAS | Z63: 800 | AA63: 1000 | AB63: 30 | AC63: 170 | AD63: 400 | AE63: 400
A64: =+A63+1 -> 55 | B64: Democratización del acceso de la población al deporte, la recreación y la actividad física | C64: APOYO A LA INSPECCIÓN, VIGILANCIA Y CONTROL 2018011000250 | D64: SEGUIMIENTO A LA ACTUALIZACIÓN DE PLANES Y PROTOCOLOS POR PARTE DE LAS COMSIONES LOCALES DE FÚTBOL. | E64: Gestión Deportiva en el Territorio | F64: Realizar acciones de seguimiento a la actualización de los planes de emergencia y contingencia de los estadios de futbol, y al protocolo para la seguridad, comodidad y convivencia en el futbol de las comisiones locales de futbol, así como la realización de visitas a los estadios | I64: Informes semestrales del seguimiento a la actualización de planes y protocolos por parte de las comisiones locales de futbol y visitas a los estadios con presencia activa de comisiones locales de fútbol | J64: 25 informes de seguimiento | K64: Informes de seguimiento a la actualización de planes de emergencia y protocolos de seguridad y actas de visita | L64: Coordinadora del GIT Deporte Profesional | M64: Funciones de la dependencia y GIT | N64: Inspección Vigilancia y Control | O64: Planeación Institucional | P64: Plan Estratégico Sectorial | Q64: GIT Deporte Profesional | R64: 45301 | S64: 45657 | T64: Visitas de seguimiento a estadios | U64: NÚMERO de visitas realizadas | V64: El Ministerio del Deporte realizará visitas a los estadios en donde existe presentacia de comisiones locales de fútbol, y adicionalemtne, Semestralmente el Ministerio del Deporte realiza el seguimiento a la actualización de planes de emergencia y contengencia de los estadios de futbol, y protocolos para Seguridad, comodidad y convivencia en el futbol según lo establecido en el decreto 1717 de 2010 | W64: Informes realizados y actas de visita | X64: ACUMULADO | Y64: NÚMERO | Z64: 25 | AA64: 25 | AB64: 0 | AC64: 5 | AD64: 10 | AE64: 10
A65: 56 | B65: Democratización del acceso de la población al deporte, la recreación y la actividad física | C65: APOYO A LA INSPECCIÓN, VIGILANCIA Y CONTROL 2018011000250 | D65: SERVICIO DE ASISTENCIA TÉCNICA PARA LA PROMOCIÓN DE LA ORGANIZACIÓN Y FORMALIZACIÓN DE LOS ORGANISMOS DEPORTIVOS | E65: Fortalecimiento y democratización de las organizaciones del Sistema Nacional del Deporte | F65: Realizar acciones preventivas para alertar a los organismos deportivos frente al estado actual y al vencimiento de sus Reconocimientos Deportivos en el marco del SND | I65: Reuniones de acompañamiento y asistencia técnica a organismos deportivos | J65: 150 reuniones de acompañamiento | K65: Reuniones de asistencia y/o acompañamiento realizadas a organismos deportivos o a quienes pretendan su vinculación al Sistema Nacional del Deporte | L65: Coordinadoras de los Grupos Internos de Deporte Aficionado y Deporte Profesional | M65: Funciones de la dependencia y GIT | N65: Inspección Vigilancia y Control | O65: Planeación Institucional | P65: Plan Estratégico Sectorial | Q65: Dirección de Inspección, Vigilancia y Control | R65: 45301 | S65: 45657 | T65: Reuniones de asistencia y/o acompañamiento realizadas a organismos deportivos o a quienes pretendan su vinculación al Sistema Nacional del Deporte. | U65: No. de Reuniones de asistencia y/o acompañamiento realizadas a organismos deportivos o a quienes pretendan su vinculación al Sistema Nacional del Deporte. | V65: Periodicamente se generan acciones de alerta y acompañamiento a los organismos deportivos del Sistema Nacional del Deporte Y/o a quienes pretendan su vinculación | W65: - Actas de reuniones de asistencia y/o acompañamiento realizadas a organismos deportivos o a quienes pretendan su vinculación al Sistema Nacional del Deporte. - Informe de resultados de las asistencias a los organismos deportivos. | X65: ACUMULADO | Y65: NÚMERO | Z65: 150 | AA65: 200 | AB65: 20 | AC65: 50 | AD65: 70 | AE65: 70
A66: =+A65+1 -> 57 | B66: Democratización del acceso de la población al deporte, la recreación y la actividad física | C66: APOYO A LA INSPECCIÓN, VIGILANCIA Y CONTROL 2018011000250 | D66: SERVICIO DE INSPECCIÓN, VIGILANCIA Y CONTROL | E66: Fortalecimiento y democratización de las organizaciones del Sistema Nacional del Deporte | F66: Tramitar con oportunidad las solicitudes y/o requerimientos allegados a la Dirección de Inspección Vigilancia y Control, por parte los organismos deportivos o vinculados a ellos. | I66: Respuestas generadas dentro del marco de la oportunidad y los tiempos de gestión establecidos en el aplicativo de gestión documental para los trámites allegados a la Dirección de IVC que vinculan respuestas a Organismos deportivos o derivados de ellos. | J66: 100% de respuestas oportunas | K66: Base de datos del aplicativo de gestión documental de la entidad, en donde se relacione los tiempos de gestión y la oportunidad de la respuesta. | L66: Coordinadoras de los Grupos Internos de Deporte Aficionado y Deporte Profesional | M66: Funciones de la dependencia y GIT | N66: Inspección Vigilancia y Control | O66: Planeación Institucional | P66: Plan Estratégico Sectorial | Q66: Dirección de Inspección, Vigilancia y Control | R66: 45301 | S66: 45657 | T66: PORCENTAJE de trámites gestionados oportunamente por los Grupos Internos de Trabajo relacionados a organismos deportivos | U66: No. de trámites relacionados a organismos deportivos resueltos oportunamente / No. de solicitudes y/o requerimientos allegadas a la Dirección de IVC | V66: Seguimiento al cumplimiento de la Dirección de IVC solicitudes y/o requerimientos allegados a la Dirección de Inspección Vigilancia y Control, por parte los organismos deportivos o vinculados a ellos. | W66: Base de datos que contenga información que permita evidenciar los radicados de entreda y radicados de respuesta, atendiendo a los tiempos de gestión indicados en el aplicativo de gestión documental de la entidad / GESDOC | X66: STOCK | Y66: PORCENTAJE | Z66: 1 | AA66: 1 | AB66: 1 | AC66: 1 | AD66: 1 | AE66: 1
A67: 58 | B67: Democratización del acceso de la población al deporte, la recreación y la actividad física | C67: APOYO A LA INSPECCIÓN, VIGILANCIA Y CONTROL 2018011000250 | D67: SERVICIO DE INSPECCIÓN, VIGILANCIA Y CONTROL | E67: Fortalecimiento y democratización de las organizaciones del Sistema Nacional del Deporte | F67: Practicar visitas administrativas a los organismos deportivos en sus instalaciones. Realizar auditorías, inspecciones y seguimientos a la actividad en el marco de la legalidad del Sistema Nacional del Deporte | I67: PORCENTAJE de cumplimiento de visitas administrativas producto de quejas y procesos | J67: 100% Visitas realizadas | K67: Informes de cada uno de las auditorias e inspecciones realizadas a los organismos deportivos | L67: Director Tecnico de Inspección, Vigilancia y Control - Lider del Proceso de Auditoria | M67: Funciones de la dependencia y GIT | N67: Inspección Vigilancia y Control | O67: Planeación Institucional | P67: Plan Estratégico Sectorial | Q67: Dirección de Inspección, Vigilancia y Control | R67: 45301 | S67: 45657 | T67: NÚMERO de visitas administrativas realizadas a los organismos deportivos. | U67: NÚMERO de visitas administrativas realizadas/NÚMERO de quejas y denuncias allegadas que requieran visitas ) x 100 | V67: Reporte de las visitas administrativas adelantadas a organismos deportivivos realizadas durante la vigencia del 2024. | W67: Informes de Visitas Administrativas | X67: STOCK | Y67: PORCENTAJE | Z67: 1 | AA67: 1 | AB67: 1 | AC67: 1 | AD67: 1 | AE67: 1
A68: =+A67+1 -> 59 | B68: Resignificación de la jornada escolar | C68: FORTALECIMIENTO DEL DEPORTE Y LA EDUCACION FISICA DE LOS NINOS, NINAS Y ADOLESCENTES EN ETAPA ESCOLAR 2021011000250 | D68: SERVICIO DE ESCUELAS DEPORTIVAS | E68: Apoyar la conformación de escuelas deportivas | F68: Deporte como escuela para la vida: Apoyar la conformación de escuelas deportivas | I68: Programa orientado a la atención de la población escolar: niños, niñas y adolescentes entre los 6 y 17 años, enfocado en el desarrollo de procesos de enseñanza-aprendizaje para la educación integral a través del deporte, la recreación y la actividad física. Este programa contribuye al fortalecimiento de la estrategia de ampliación y uso significativo del tiempo escolar y la protección de las trayectorias de vida. | J68: 1300 | K68: Matriz Deporte como escuela para la vida | L68: Profesional GIT Deprote Escolar | M68: Plataforma estratégica (misión, visión y Objetivos) | N68: Fomento al Desarrollo Humano y Social | O68: Planeación Institucional | P68: Plan de Acción | Q68: GIT Deporte Escolar | R68: 1 de Abril de 2023 | S68: 45275 | T68: municipios impactados con los programas de Escuelas y JDEC | U68: Sumatoria del número de municipios donde se presta el servicio de escuelas deportivas y JDEC | V68: Este indicador hace referencia a la cobertura territorial de las Escuelas Deportivas y JDEC | W68: Base de datos inscritos | X68: ACUMULADO | Y68: Número | Z68: 500 | AA68: 600 | AB68: 0 | AC68: 300 | AD68: 300 | AE68: 0
A69: 60 | B69: Resignificación de la jornada escolar | C69: FORTALECIMIENTO DEL DEPORTE Y LA EDUCACION FISICA DE LOS NINOS, NINAS Y ADOLESCENTES EN ETAPA ESCOLAR 2021011000250 | D69: SERVICIO DE ESCUELAS DEPORTIVAS | E69: Apoyar la conformación de escuelas deportivas | F69: Deporte como escuela para la vida: Implementación de la Jornada Deportiva Escolar Complementaria | T69: instituciones educativas atendidas con Jornadas Deportiva Escolar Complementaia | U69: Sumatoria del número de instituciones educativas donde se presta el servicio de JDEC | V69: El indicador refleja la cobertura de JDEC a nivel de instituciones educativas | W69: Base de datos inscritos | X69: ACUMULADO | Y69: Número | Z69: 603 | AA69: 650 | AB69: 0 | AC69: 350 | AD69: 300 | AE69: 0
A70: =+A69+1 -> 61 | B70: Resignificación de la jornada escolar | C70: FORTALECIMIENTO DEL DEPORTE Y LA EDUCACION FISICA DE LOS NINOS, NINAS Y ADOLESCENTES EN ETAPA ESCOLAR 2021011000250 | D70: SERVICIO DE ESCUELAS DEPORTIVAS | E70: Apoyar la conformación de escuelas deportivas | T70: Incrementar en el 5% los resultados de las capacidades físicas fundamentales evaluadas en los test de entrada de los beneficiarios de JDEC | U70: Promedio del incremento de las capacidades físicas fudamentales de los beneficiarios de JDEC | V70: El indicador muestra el impacto de la intervención en JDEC en los niños beneficiarios | W70: Informe Test capacidades físicas fundamentales | X70: ACUMULADO | Y70: Porcentaje | Z70: No existe | AA70: 0.05 | AB70: 0 | AC70: 0 | AD70: 0 | AE70: 0.05
A71: 62 | B71: Resignificación de la jornada escolar | C71: FORTALECIMIENTO DEL DEPORTE Y LA EDUCACION FISICA DE LOS NINOS, NINAS Y ADOLESCENTES EN ETAPA ESCOLAR 2021011000250 | D71: SERVICIO DE APOYO A LA ACTIVIDAD FÍSICA, LA RECREACIÓN Y EL DEPORTE | E71: Implementar las competencias deportivas de los juegos Intercolegiados en las fases regional, nacional e internacional | F71: De la escuela al podio: Desarrollo de los Juegos Intercolegiados Nacionales | I71: Estrategia que se ejecuta desde la exploración e iniciación en las disciplinas deportivas, hasta la formación, perfeccionamiento y la alta competencia. La estrategia permitirá identificar, seleccionar y desarrollar los talentos deportivos convencionales y con discapacidad de las instituciones educativas del país y proyectarlos hacia el alto nivel competitivo. | J71: 480000 | K71: Base de datos inscritos | L71: Profesional GIT Deprote Escolar | M71: Plataforma estratégica (misión, visión y Objetivos) | N71: Fomento al Desarrollo Humano y Social | O71: Planeación Institucional | P71: Plan de Acción | Q71: GIT Deporte Escolar | R71: 45000 | S71: 45275 | T71: inscritos en los programas de Deporte como escuela para la vida que participan en Juegos Intercolegiados | U71: (Número de beneficiarios de los programas de DEV incritos en Juegos Intercolegiados / Número total de inscritos en Juegos Intercoelgiados)*100 | V71: Este indicador hace referencia a la continuidad entre los programas de Deporte Escolar | W71: Base de datos inscritos | X71: ACUMULADO | Y71: Porcentaje | Z71: No existe | AA71: 0.15 | AB71: 0 | AC71: 0.15 | AD71: 0 | AE71: 0
A72: 63 | B72: Resignificación de la jornada escolar | C72: FORTALECIMIENTO DEL DEPORTE Y LA EDUCACION FISICA DE LOS NINOS, NINAS Y ADOLESCENTES EN ETAPA ESCOLAR 2021011000250 | D72: SERVICIO DE APOYO A LA ACTIVIDAD FÍSICA, LA RECREACIÓN Y EL DEPORTE | E72: Implementar las competencias deportivas de los juegos Intercolegiados en las fases regional, nacional e internacional | T72: deportistas que hacen parte del podium en deportes de conjunto y que no pertenecen al deporte asociado | U72: (Número de deportistas en podium de deportes en conjunto sin proceso en deporte asociado / Número total de deportistas en podium de deportes en conjunto)*100 | V72: El indicador refleja la participación de deportistas que no hacen parte del deporte asociado | W72: Base de datos inscritos | X72: ACUMULADO | Y72: Porcentaje | Z72: No existe | AA72: 0.5 | AB72: 0 | AC72: 0 | AD72: 0 | AE72: 0.5
A73: 64 | B73: Resignificación de la jornada escolar | C73: FORTALECIMIENTO DEL DEPORTE Y LA EDUCACION FISICA DE LOS NINOS, NINAS Y ADOLESCENTES EN ETAPA ESCOLAR 2021011000250 | D73: SERVICIO DE APOYO A LA ACTIVIDAD FÍSICA, LA RECREACIÓN Y EL DEPORTE | E73: Implementar las competencias deportivas de los juegos Intercolegiados en las fases regional, nacional e internacional | T73: participantes en deportes individuales que ingresan al programa de Talentos Colombia | U73: (Número de deportistas de deportes individuales que ingresan al programa s / Número total de participantes en deportes individuales)*100 | V73: El indicador muestra la captación de talentos en edad escolar | W73: Base de datos Talentos Colombia | X73: ACUMULADO | Y73: Porcentaje | Z73: No existe | AA73: 0.02 | AB73: 0 | AC73: 0 | AD73: 0 | AE73: 0.02
A74: =+A73+1 -> 65 | B74: Democratización del acceso de la población al deporte, la recreación y la actividad física | C74: FORTALECIMIENTO FOMENTO Y PROMOCION DE LA PRACTICA DEPORTIVA, RECREATIVA Y DE ACTIVIDAD FISICA EN COLOMBIA 2021011000248 | D74: Servicio de promoción de la actividad física, la recreación y el deporte | E74: Apoyar financieramente el desarrollo de los programas y proyectos que fomenten el Deporte Social Comunitario (DSC): | F74: Desarrollar el programa Deportes+ y los proyectos para el fomento del Deporte Social Comunitario en los 32 departamentos | I74: Número de programas y poyectos desarrollados | J74: 25000 Personas atendidas con los programas y proyectos | K74: 1. Informe de gestión. 2. Caracterización de la población atendida | L74: Coordinación del GIT Deporte Social Comunitario | M74: Proyecto del presupuesto 2024 | N74: Fomento al Desarrollo Humano y Social | O74: Planeación Institucional | P74: Plan Anual de Adquisiciones | Q74: GIT Deporte Social Comunitario | R74: 45293 | S74: 45657 | T74: Número de personas atendidas | U74: Número de personas atendidas | V74: Se mide la cantidad de personas que son beneficiadas con los programas del GIT Deporte Social Comunitario. Se mide para conocer el alcance la cobertura del programa a nivel nacional y el costo beneficio del mismo. | W74: 1. Informes de ejecución de los mecanismos que establezca la entidad para desarrollar los programas. 2. Matriz de caracterización de población atendida | X74: ACUMULADO | Y74: Número | Z74: 23.587 (año 2022) | AA74: 25000 | AB74: 6250 | AC74: 6250 | AD74: 6250 | AE74: 6250
A75: 66 | B75: Democratización del acceso de la población al deporte, la recreación y la actividad física | C75: FORTALECIMIENTO FOMENTO Y PROMOCION DE LA PRACTICA DEPORTIVA, RECREATIVA Y DE ACTIVIDAD FISICA EN COLOMBIA 2021011000248 | D75: Servicio de promoción de la actividad física, la recreación y el deporte | E75: Fomentar el desarrollo de estrategias de promoción de prácticas deportivas ancestrales, tradicionales y/o autóctonas dirigidas a poblaciones con enfoque diferencial | F75: Fomentar el desarrollo de prácticas, juegos y eventos deportivos de carácter ancestral, convencional, tradicional y autóctono en el territorio nacional en las siguientes actividades; - Desarrollar la fase regional y final de los juegos comunales - Desarrollar la fase final de los juegos de la orinoquía y amazonía - Desarrollar los juegos de la función pública - Desarrollar los juegos y eventos deportivos de carácter ancestral, convencional, tradicional y autóctono establecidos en compromisos de gobierno nacional | I75: Número de prácticas deportivas realizadas | J75: 5500 Personas atendidas | K75: 1. Informe de gestión. 2. Caracterización de la población atendida | L75: Coordinación del GIT Deporte Social Comunitario | M75: Proyecto del presupuesto 2024 | N75: Fomento al Desarrollo Humano y Social | O75: Planeación Institucional | P75: Plan Anual de Adquisiciones | Q75: GIT Deporte Social Comunitario | R75: 45293 | S75: 45657 | T75: Número de personas atendidas | U75: Número de personas atendidas | V75: Se mide la cantidad de personas que son beneficiadas con el desarrollo de prácticas, juegos y eventos deportivos de carácter ancestral, convencional, tradicional y autóctono en el territorio nacional. Se mide para conocer el alcance la cobertura a nivel nacional y el costo beneficio del mismo. | W75: Se mide la cantidad de personas que son beneficiadas con el desarrollo de prácticas, juegos y eventos deportivos de carácter ancestral, convencional, tradicional y autóctono en el territorio nacional. Se mide para conocer el alcance la cobertura a nivel nacional y el costo beneficio del mismo. | X75: ACUMULADO | Y75: Número | Z75: 2.500 (año 2022) | AA75: 5500 | AB75: 0 | AC75: 0 | AD75: 2500 | AE75: 3000
A76: =+A75+1 -> 67 | B76: El deporte, la recreación y la actividad física como eje para la economía popular | C76: FORTALECIMIENTO FOMENTO Y PROMOCION DE LA PRACTICA DEPORTIVA, RECREATIVA Y DE ACTIVIDAD FISICA EN COLOMBIA 2021011000248 | D76: Servicio de promoción de la actividad física, la recreación y el deporte | E76: Fomentar el desarrollo de estrategias de promoción de prácticas deportivas ancestrales, tradicionales y/o autóctonas dirigidas a poblaciones con enfoque diferencial | F76: Desarrollar las estrategias de prácticas deportivas ancestrales, tradicionales y/o autóctonas, que se establezcan el maco de acuerdos del gobierno nacional con organizaciones indigenas, campesinas, población rom, NARP, entre otros. | I76: Número de estrategias de prácticas deportivas realizadas | J76: 2500 personas atendidas | K76: 1. Informe de gestión. 2. Caracterización de la población atendida | L76: Coordinación del GIT Deporte Social Comunitario | M76: Proyecto del presupuesto 2024 | N76: Fomento al Desarrollo Humano y Social | O76: Planeación Institucional | P76: Plan Anual de Adquisiciones | Q76: GIT Deporte Social Comunitario | R76: 45293 | S76: 45657 | T76: Número de personas atendidas | U76: Número de personas atendidas | V76: Se mide la cantidad de personas que son beneficiadas con el desarrollo de las estrategias de prácticas deportivas ancestrales, tradicionales y/o autóctonas dirigidas a poblaciones con enfoque diferencial. Se mide para conocer el alcance la cobertura a nivel nacional y el costo beneficio del mismo. | W76: Se mide la cantidad de personas que son beneficiadas con el desarrollo de las estrategias de prácticas deportivas ancestrales, tradicionales y/o autóctonas dirigidas a poblaciones con enfoque diferencial. Se mide para conocer el alcance la cobertura a nivel nacional y el costo beneficio del mismo. | X76: ACUMULADO | Y76: Número | Z76: 2000 (año 2023) | AA76: 2500 | AB76: 0 | AC76: 500 | AD76: 1000 | AE76: 1000
A77: 68 | B77: Democratización del acceso de la población al deporte, la recreación y la actividad física | C77: FORTALECIMIENTO FOMENTO Y PROMOCION DE LA PRACTICA DEPORTIVA, RECREATIVA Y DE ACTIVIDAD FISICA EN COLOMBIA 2021011000248 | D77: Servicio de promoción de la actividad física, la recreación y el deporte | E77: Generar procesos de capacitación o socialización sobre deporte social comunitario | F77: Desarrollar capacitación en lineamientos para la implementación de programas y eventos en Deporte Social Comunitario | I77: Número de procesos de capacitación | J77: 1500 personas capacitadas | K77: 1. Informe de gestión. 2. Caracterización de la población atendida | L77: Coordinación del GIT Deporte Social Comunitario | M77: Proyecto del presupuesto 2024 | N77: Fomento al Desarrollo Humano y Social | O77: Planeación Institucional | P77: Plan Anual de Adquisiciones | Q77: GIT Deporte Social Comunitario | R77: 45293 | S77: 45657 | T77: Número de personas capacitadas | U77: Número de personas capacitadas | V77: Se mide la cantidad de personas que capacitadas. Se mide para conocer el alcance la cobertura a nivel nacional y el costo beneficio del mismo. | W77: Se mide la cantidad de personas que capacitadas. Se mide para conocer el alcance la cobertura a nivel nacional y el costo beneficio del mismo. | X77: ACUMULADO | Y77: Número | Z77: 1236 (año 2023) | AA77: 1500 | AB77: 0 | AC77: 500 | AD77: 500 | AE77: 500
A78: =+A77+1 -> 69 | B78: Democratización del acceso de la población al deporte, la recreación y la actividad física | C78: FORTALECIMIENTO FOMENTO Y PROMOCION DE LA PRACTICA DEPORTIVA, RECREATIVA Y DE ACTIVIDAD FISICA EN COLOMBIA 2021011000248 | D78: 4301037 Servicio de promoción de la actividad física, la recreación y el deporte | E78: Apoyar financieramente el desarrollo de programas y proyectos que fomenten la actividad física y los hábitos y estilos de vida saludable | F78: Programa Nacional de Hábitos y Estilos de Vida Saludable (48 programas entre departamentales y municipales) Programa Nacional de Vías Activas y Saludables (25 programas entre departamentales y municipales) Eventos Estrategia Fuertemente Activos Eventos Estrategia JovenHEVS Carrera Buenaventura Corre Apoyar buenas prácticas de promoción de actividad física a nivel nacional Talento humano (contratistas) | I78: No. de personas atendidas por los programas de deporte social comunitario, recreación y actividad física | J78: 400000 | K78: Base de datos personas atendidas, reporte eventos o encuentros | L78: Dirección de Fomento y Desarrollo (GIT Actividad Física, Recreación y Deporte Social Comunitario) | M78: Plataforma estratégica (misión, visión y Objetivos) | N78: Fomento al Desarrollo Humano y Social | O78: Planeación Institucional | P78: Plan Anual de Adquisiciones | Q78: GIT Actividad Física | R78: 45383 | S78: 45657 | T78: Personas atendidas por los programas de recreación, deporte social comunitario y actividad física | U78: Σ de personas atendidas por los programas de recreación, deporte social comunitario y actividad física | V78: Personas atendidas con los programas de actividad física (400.000) | W78: Base de datos y reportes de eventos o encuentros que consolidan la información derivada de los programas territoriales | X78: ACUMULADO | Y78: Número | Z78: 305000 | AA78: 400000 | AC78: 20000 | AD78: 160000 | AE78: 220000
A79: 70 | B79: Democratización del acceso de la población al deporte, la recreación y la actividad física | C79: FORTALECIMIENTO FOMENTO Y PROMOCION DE LA PRACTICA DEPORTIVA, RECREATIVA Y DE ACTIVIDAD FISICA EN COLOMBIA 2021011000248 | D79: 4301006 Documentos normativos | E79: Diseñar estratregias para la promoción de actividad física y hábitos y estilos de vida saludable y construir lineamientos orientadores. | F79: Posicionamiento de lineamientos para la promoción de actividad física y disminución de comportamientos sedentarios en los territorios Asistencia técnica para generación de capacidades y construcción de instrumentos que permitan que la actividad física se encuentre la agenda pública para el fortalecimiento del sector a nivel territorial y multinivel Monitoreo, evaluación y/o caracterización de programas de actividad física Talento humano (contratistas) | I79: No. Documentos técnicos orientadores | J79: 1 | K79: Documentos técnicos orientadores elaborados | L79: Dirección de Fomento y Desarrollo (GIT Actividad Física, Recreación y Deporte Social Comunitario) | M79: Plataforma estratégica (misión, visión y Objetivos) | N79: Fomento al Desarrollo Humano y Social | O79: Planeación Institucional | P79: Plan Anual de Adquisiciones | Q79: GIT Actividad Física | R79: 45383 | S79: 45657 | T79: Documentos técnicos orientadores de recreación, deporte social comunitario y actividad física | U79: Σ Documentos técnicos orientadores | V79: Documentos técnicos orientadores 1 actividad física | W79: Documentos técnicos orientadores de recreación, deporte social comunitario y actividad física | X79: ACUMULADO | Y79: Numero | Z79: 1 | AA79: 1 | AE79: 1
A80: =+A79+1 -> 71 | B80: Democratización del acceso de la población al deporte, la recreación y la actividad física | C80: FORTALECIMIENTO FOMENTO Y PROMOCION DE LA PRACTICA DEPORTIVA, RECREATIVA Y DE ACTIVIDAD FISICA EN COLOMBIA 2021011000248 | D80: 4301035 Servicio de educación informal en recreación | E80: Generar espacios de capacitación o divulgación sobre actividad física y hábitos y estilos de vida saludable. | F80: Curso de Direccionamiento de programas de Hábitos y Estilos de Vida Saludable Curso Nacional Teórico Práctico de Actividad Física Curso de Políticas y Programas para la promoción de Hábitos y Estilos de Vida Saludable Cursos Regionales de Actividad Física Cursos Regionales de Vías Activas y Saludables Talleres Itinerantes de actividad física Encuentros Académicos nuevas tendencias y alternativas de movimiento corporal Talento humano (contratistas) para la planeación, diseño y contenidos para los procesos de capacitación en territorios | I80: No. Personas capacitadas | J80: 3000 | K80: Base de datos de personas capacitadas o cualificadas | L80: Dirección de Fomento y Desarrollo (GIT Actividad Física, Recreación y Deporte Social Comunitario) | M80: Plataforma estratégica (misión, visión y Objetivos) | N80: Fomento al Desarrollo Humano y Social | O80: Planeación Institucional | P80: Plan Anual de Adquisiciones | Q80: GIT Actividad Física | R80: 45352 | S80: 45657 | T80: Personas capacitadas o cualificadas en actividad física en el territorio nacional | U80: Numero de personas capacitadas o cualificadas | V80: Personas capacitadas | W80: Base de datos de las personas capacitadas o cualifcadas a nivel nacional a través de las estrategias del GIT Actividad Física | X80: ACUMULADO | Y80: Numero | Z80: 2500 | AA80: 3000 | AC80: 300 | AD80: 1350 | AE80: 1350
A81: 72 | B81: Democratización del acceso de la población al deporte, la recreación y la actividad física | C81: FORTALECIMIENTO FOMENTO Y PROMOCION DE LA PRACTICA DEPORTIVA, RECREATIVA Y DE ACTIVIDAD FISICA EN COLOMBIA 2021011000248 | D81: Servicio de promoción de la actividad física, la recreación y el deporte | E81: Apoyar financieramente el desarrollo de los programas y proyectos que fomenten la recreación a nivel nacional. | F81: convenios, contratos o licitaciones con los departamentos, y contratacion de ops para el desarrollo del PNR | I81: No. de personas beneficiadas por los programas de deporte social comunitario, recreación y actividad física | J81: 60000 | K81: Bases de Datos | L81: Coordinador GIT Recreacion | M81: Plataforma estratégica (misión, visión y Objetivos) | N81: Fomento al Desarrollo Humano y Social | O81: Planeación Institucional | P81: Plan Anual de Adquisiciones | Q81: GIT Recreación | R81: 01 abril del 2024 | S81: 31 de diciembre 2024 | T81: Personas beneficiadas por los programas de recreación, deporte social comunitario y actividad física | U81: Σ de personas beneficiadas por los programas de recreación, deporte social comunitario y actividad física | V81: Personas beneficiadas con los programas de recreación | W81: Base de datos y reportes de eventos o encuentros que consolidan la información derivada de los programas territoriales | X81: ACUMULADO | Y81: NUMERO | Z81: 40000 | AA81: 60000 | AB81: 0 | AC81: 2000 | AD81: 28000 | AE81: 30000
A82: =+A81+1 -> 73 | B82: Democratización del acceso de la población al deporte, la recreación y la actividad física | C82: FORTALECIMIENTO FOMENTO Y PROMOCION DE LA PRACTICA DEPORTIVA, RECREATIVA Y DE ACTIVIDAD FISICA EN COLOMBIA 2021011000248 | D82: Servicio de promoción de la actividad física, la recreación y el deporte | E82: Desarrollar encuentros nacionales anuales de recreación. | F82: Encuentro Nacional de Campamantos juveniles Encuentros Regionales de Campamnetos Juveniles | I82: Eventos y /o encuentros desarrollos por el GIT Recreación | J82: 15 | K82: Bases de Datos | L82: Coordinador GIT Recreacion | M82: Plataforma estratégica (misión, visión y Objetivos) | N82: Fomento al Desarrollo Humano y Social | O82: Planeación Institucional | P82: Plan Anual de Adquisiciones | Q82: GIT Recreación | R82: 01 abril del 2024 | S82: 31 de diciembre 2024 | T82: Eventos y /o encuentros desarrollos por el GIT Recreación | U82: Σ Eventos y /o encuentros desarrollos por el GIT Recreación | V82: Eventos y /o encuentros desarrollos por el GIT Recreación | W82: Base de datos de la poblacion beneficiada | X82: ACUMULADO | Y82: NUMERO | Z82: 10 | AA82: 15 | AB82: 0 | AC82: 3 | AD82: 3 | AE82: 6
A83: 74 | B83: Democratización del acceso de la población al deporte, la recreación y la actividad física | C83: FORTALECIMIENTO FOMENTO Y PROMOCION DE LA PRACTICA DEPORTIVA, RECREATIVA Y DE ACTIVIDAD FISICA EN COLOMBIA 2021011000248 | D83: Documentos normativos | E83: Realizar mesas de participación para la actualización y definición de estrategias y lineamientos de actividades de recreación | F83: Mesas tecnicas de participacion desarrollo del Congreso | I83: No. Documentos técnicos orientadores | J83: 3 | K83: Bases de Datos | L83: Coordinador GIT Recreacion | M83: Plataforma estratégica (misión, visión y Objetivos) | N83: Fomento al Desarrollo Humano y Social | O83: Planeación Institucional | P83: Plan Anual de Adquisiciones | Q83: GIT Recreación | R83: 01 abril del 2024 | S83: 31 de diciembre 2024 | T83: Documentos técnicos orientadores de recreación, deporte social comunitario y actividad física | U83: Σ Documentos técnicos orientadores | V83: Documentos técnicos orientadores 2 de recreación | W83: Documentos técnicos orientadores de recreación, deporte social comunitario y actividad física | X83: ACUMULADO | Y83: NUMERO | Z83: 1 | AA83: 3 | AB83: 0 | AC83: 0 | AD83: 1 | AE83: 1
A84: =+A83+1 -> 75 | B84: Democratización del acceso de la población al deporte, la recreación y la actividad física | C84: FORTALECIMIENTO FOMENTO Y PROMOCION DE LA PRACTICA DEPORTIVA, RECREATIVA Y DE ACTIVIDAD FISICA EN COLOMBIA 2021011000248 | D84: Servicio de educación informal en recreación | E84: Desarrollar procesos de cualificación sobre la promoción de los programas y proyectos relacionados con la recreación Juego y recreación con inclusion para la primera infancia | F84: Procesos de cualificacion en el marco del programa Mandalavida | I84: Personas capacitadas o cualificadas en deporte social comunitario, recreación y actividad física para el territorio nacional | J84: 2500 | K84: Bases de Datos | L84: Coordinador GIT Recreacion | M84: Plataforma estratégica (misión, visión y Objetivos) | N84: Fomento al Desarrollo Humano y Social | O84: Planeación Institucional | P84: Plan Anual de Adquisiciones | Q84: GIT Recreación | R84: 01 abril del 2024 | S84: 31 de diciembre 2024 | T84: Personas capacitadas o cualificadas en recreación y actividad física en el territorio nacional | U84: Numero de personas capacitadas o cualificadas | V84: Personas capacitadas o cualificadas GIT Recreación | W84: Base de datos de las personas capacitadas o cualificadas a nivel nacional a través de las estrategias del GIT Actividad Física , el GIT Recreación y el GIT Deporte Social Comunitario | X84: ACUMULADO | Y84: NUMERO | Z84: 1000 | AA84: 2500 | AB84: 0 | AC84: 500 | AD84: 1000 | AE84: 1000
A85: 76 | B85: Democratización del acceso de la población al deporte, la recreación y la actividad física | C85: FORTALECIMIENTO FOMENTO Y PROMOCION DE LA PRACTICA DEPORTIVA, RECREATIVA Y DE ACTIVIDAD FISICA EN COLOMBIA 2021011000248 | D85: Servicio de promoción de la actividad física, la recreación y el deporte | E85: Apoyar financieramente el desarrollo de los programas y proyectos que fomenten la recreación a nivel nacional. | F85: Convenios, contratos o licitaciones con los departamentos, y contratacion de ops para el desarrollo del PNR | I85: No. de personas beneficiadas por los programas de deporte social comunitario, recreación y actividad física | J85: 60000 | K85: Bases de Datos | L85: Coordinador GIT Recreacion | M85: Plataforma estratégica (misión, visión y Objetivos) | N85: Fomento al Desarrollo Humano y Social | O85: Planeación Institucional | P85: Plan Anual de Adquisiciones | Q85: GIT Recreación | R85: 1 abril del 2024 | S85: 31 de diciembre 2024 | T85: Personas beneficiadas por los programas de recreación, deporte social comunitario y actividad física | U85: Σ de personas beneficiadas por los programas de recreación, deporte social comunitario y actividad física | V85: Personas beneficiadas con los programas de recreación | W85: Base de datos y reportes de eventos o encuentros que consolidan la información derivada de los programas territoriales | X85: ACUMULADO | Y85: NUMERO | Z85: 40000 | AA85: 60000 | AB85: 0 | AC85: 2000 | AD85: 28000 | AE85: 30000
A86: =+A85+1 -> 77 | B86: Democratización del acceso de la población al deporte, la recreación y la actividad física | C86: FORTALECIMIENTO FOMENTO Y PROMOCION DE LA PRACTICA DEPORTIVA, RECREATIVA Y DE ACTIVIDAD FISICA EN COLOMBIA 2021011000248 | D86: Servicio de promoción de la actividad física, la recreación y el deporte | E86: Desarrollar encuentros nacionales anuales de recreación. | F86: Encuentro intergeneracional, encuentro nacional de nuevo comienzo | I86: Eventos y /o encuentros desarrollos por el GIT Recreación | J86: 15 | K86: Bases de Datos | L86: Coordinador GIT Recreacion | M86: Plataforma estratégica (misión, visión y Objetivos) | N86: Fomento al Desarrollo Humano y Social | O86: Planeación Institucional | P86: Plan Anual de Adquisiciones | Q86: GIT Recreación | R86: 1 abril del 2024 | S86: 31 de diciembre 2024 | T86: Eventos y /o encuentros desarrollos por el GIT Recreación | U86: Σ Eventos y /o encuentros desarrollos por el GIT Recreación | V86: Eventos y /o encuentros desarrollos por el GIT Recreación | W86: Base de datos de la poblacion beneficiada | X86: ACUMULADO | Y86: NUMERO | Z86: 10 | AA86: 15 | AB86: 0 | AC86: 3 | AD86: 3 | AE86: 7
A87: 78 | B87: Democratización del acceso de la población al deporte, la recreación y la actividad física | C87: FORTALECIMIENTO FOMENTO Y PROMOCION DE LA PRACTICA DEPORTIVA, RECREATIVA Y DE ACTIVIDAD FISICA EN COLOMBIA 2021011000248 | D87: Documentos normativos | E87: Realizar mesas de participación para la actualización y definición de estrategias y lineamientos de actividades de recreación | F87: Mesas tecnicas de participacion desarrollo del Simposio | I87: No. Documentos técnicos orientadores | J87: 3 | K87: Bases de Datos | L87: Coordinador GIT Recreacion | M87: Plataforma estratégica (misión, visión y Objetivos) | N87: Fomento al Desarrollo Humano y Social | O87: Planeación Institucional | P87: Plan Anual de Adquisiciones | Q87: GIT Recreación | R87: 1 abril del 2024 | S87: 31 de diciembre 2024 | T87: Documentos técnicos orientadores de recreación, deporte social comunitario y actividad física | U87: Σ Documentos técnicos orientadores | V87: Documentos técnicos orientadores 2 de recreación | W87: Documentos técnicos orientadores de recreación, deporte social comunitario y actividad física | X87: ACUMULADO | Y87: NUMERO | Z87: 1 | AA87: 3 | AB87: 0 | AC87: 0 | AD87: 1 | AE87: 1
A88: 79 | B88: Democratización del acceso de la población al deporte, la recreación y la actividad física | C88: FORTALECIMIENTO FOMENTO Y PROMOCION DE LA PRACTICA DEPORTIVA, RECREATIVA Y DE ACTIVIDAD FISICA EN COLOMBIA 2021011000248 | D88: Servicio de educación informal en recreación | E88: Desarrollar procesos de cualificación sobre la promoción de los programas y proyectos relacionados con la recreación Juego y recreación con inclusion para la primera infancia | F88: Procesos de cualificacion en el marco del programa Mandalavida | I88: Personas capacitadas o cualificadas en deporte social comunitario, recreación y actividad física para el territorio nacional | J88: 2500 | K88: Bases de Datos | L88: Coordinador GIT Recreacion | M88: Plataforma estratégica (misión, visión y Objetivos) | N88: Fomento al Desarrollo Humano y Social | O88: Planeación Institucional | P88: Plan Anual de Adquisiciones | Q88: GIT Recreación | R88: 1 abril del 2024 | S88: 31 de diciembre 2024 | T88: Personas capacitadas o cualificadas en recreación y actividad física en el territorio nacional | U88: Numero de personas capacitadas o cualificadas | V88: Personas capacitadas o cualificadas GIT Recreación | W88: Base de datos de las personas capacitadas o cualificadas a nivel nacional a través de las estrategias del GIT Actividad Física , el GIT Recreación y el GIT Deporte Social Comunitario | X88: ACUMULADO | Y88: NUMERO | Z88: 1000 | AA88: 2500 | AB88: 0 | AC88: 500 | AD88: 1000 | AE88: 1000
A89: 80 | B89: Fortalecer la gestión y dirección de sector Deporte, Recreación y la Actividad física. | C89: FORTALECIMIENTO DE LA GESTIÓN Y SEGUIMIENTO INSTITUCIONAL DEL MINISTERIO DEL DEPORTE 202300000000037 | D89: Servicio de apoyo a la implementación de las estrategias de planeación y gestión | E89: Generar e implementar estrategias internas y externas de comunicación de la informacion institucional | F89: Generar contenidos informativos internos y externos sobre la gestión del Ministerio | I89: Notas informativas generadas | J89: 800 | K89: Informe de monitoreo de medios | L89: GIT Comunicaciones | M89: Plataforma estratégica (misión, visión y Objetivos) | N89: Gestión de las Comunicaciones | O89: Transparencia, Acceso a la Información Pública y Lucha Contra la Corrupción | P89: Plan de Acción | Q89: GIT Comunicaciones | R89: 45306 | S89: 45656 | T89: Promedio de réplicas por nota | U89: NÚMERO total de réplicas / NÚMERO total de notas | V89: Nos da cuenta de la CANTIDAD de replicas en medios que se tiene por las notas realizadas por el equipo de comunicaciones | W89: Relación notas de prensa producto de los cubrimientos | X89: ACUMULADO | Y89: NÚMERO | Z89: 0 | AA89: 1 | AB89: 0.125 | AC89: 0.29 | AD89: 0.29 | AE89: 0.29
A90: =+A89+1 -> 81 | B90: Fortalecer la gestión y dirección de sector Deporte, Recreación y la Actividad física. | C90: FORTALECIMIENTO DE LA GESTIÓN Y SEGUIMIENTO INSTITUCIONAL DEL MINISTERIO DEL DEPORTE 202300000000037 | D90: Servicio de apoyo a la implementación de las estrategias de planeación y gestión | E90: Establecer, implementar y mantener la politica de defensa juridica y la politica de mejora normativa | F90: Defensa y representacion judicial de la entidad | I90: Contestaciones de demandas | J90: 0.9 | K90: Relación de trámite de contestación de demandas | L90: Jefe Oficina Asesora Jurídica | M90: Funciones de la dependencia y GIT | N90: Gestión Jurídica | O90: Defensa Jurídica | P90: N/A | Q90: Oficina Asesora Jurídica | R90: 45292 | S90: 45657 | T90: PORCENTAJE de oportunidad en contestación de demandas | U90: (N° de contestaciones de demanda en el trimestre / Total demandas recibidas en el trimestre ) * 100 | V90: El indicador permite medir la oportunidad en la contestacion de demandas brindadas frente a las demandas notificadas a la entidad. | W90: Relación de trámite de contestación de demandas | X90: STOCK | Y90: PORCENTAJE | Z90: 0 | AA90: 0.9 | AB90: 0.9 | AC90: 0.9 | AD90: 0.9 | AE90: 0.9
A91: 82 | B91: Fortalecer la gestión y dirección de sector Deporte, Recreación y la Actividad física. | C91: FORTALECIMIENTO DE LA GESTIÓN Y SEGUIMIENTO INSTITUCIONAL DEL MINISTERIO DEL DEPORTE 202300000000037 | D91: Servicio de apoyo a la implementación de las estrategias de planeación y gestión | E91: Establecer, implementar y mantener la politica de defensa juridica y la politica de mejora normativa | F91: Defensa de la entidad frente a la invocacion de derechos fundamentales | I91: Contestacion oportuna a la acciónes de tutela | J91: 1 | K91: Base de datos de acciones de tutela radicadas | L91: Jefe Oficina Asesora Jurídica | M91: Funciones de la dependencia y GIT | N91: Gestión Jurídica | O91: Defensa Jurídica | P91: N/A | Q91: Oficina Asesora Jurídica | R91: 45292 | S91: 45657 | T91: PORCENTAJE de oportunidad en contestación de acciones de tutela | U91: (NÚMERO de contestaciones a acciones de tutela atendidas en oportunidad / Total de acciones de tutelas radicadas) * 100 | V91: El indicador permite medir la oportunidad en la atención a las acciones de tutela radicadas a la Oficina Asesora Jurídica. | W91: Base de datos de acciones de tutela radicadas | X91: STOCK | Y91: PORCENTAJE | Z91: 0 | AA91: 1 | AB91: 1 | AC91: 1 | AD91: 1 | AE91: 1
A92: =+A91+1 -> 83 | B92: Fortalecer la gestión y dirección de sector Deporte, Recreación y la Actividad física. | C92: FORTALECIMIENTO DE LA GESTIÓN Y SEGUIMIENTO INSTITUCIONAL DEL MINISTERIO DEL DEPORTE 202300000000037 | D92: Servicio de apoyo a la implementación de las estrategias de planeación y gestión | E92: Establecer, implementar y mantener la politica de defensa juridica y la politica de mejora normativa | F92: Atención de conceptos jurídicos externos | I92: Conceptos jurídicos externos | J92: 0.85 | K92: Base de datos conceptos jurídicos externos atendidos | L92: Jefe Oficina Asesora Jurídica | M92: Funciones de la dependencia y GIT | N92: Gestión Jurídica | O92: Defensa Jurídica | P92: N/A | Q92: Oficina Asesora Jurídica | R92: 45292 | S92: 45657 | T92: PORCENTAJE de oportunidad en la emisión de conceptos jurídicos externos | U92: N° de conceptos jurídicos externos emitidos dentro del término / total de conceptos jurídicos emitidos dentro del mes. | V92: El indicador permite medir la oportunidad en la emisión de conceptos jurídicos externos radicados ante la Oficina Asesora Jurídica, teniendo en cuenta el plazo máximo que otorga la ley de 30 días hábiles siguientes a su recepción. | W92: Base de datos conceptos jurídicos externos atendidos | X92: STOCK | Y92: PORCENTAJE | Z92: 0 | AA92: 0.85 | AB92: 0.85 | AC92: 0.85 | AD92: 0.85 | AE92: 0.85
A93: 84 | B93: Fortalecer la gestión y dirección de sector Deporte, Recreación y la Actividad física. | C93: FORTALECIMIENTO DE LA GESTIÓN Y SEGUIMIENTO INSTITUCIONAL DEL MINISTERIO DEL DEPORTE 202300000000037 | D93: Servicio de apoyo a la implementación de las estrategias de planeación y gestión | E93: Establecer y mantener acciones encaminadas al cumplimiento de la gestión de apoyo institucional | F93: Realizar asignación por reparto de las quejas e informes con incidencia disciplinaria, órdenes de autoridad disciplinaria o de oficio a los profesionales en derecho de la Oficina de Control Interno Disciplinario, para adelantar las actuaciones procesales en el ejercicio de la función disciplinaria en la etapa de instrucción de que trata el Código General Disciplinario (Ley 1952 de 2019, modificado por la Ley 2094 de 2021). | I93: Asignación por reparto de quejas e informes con incidencia disciplinaria; órdenes de autoridad disciplinaria o de oficio. | J93: Asignar por reparto el 95% de las quejas e informes con incidencia disciplinaria, órdenes de autoridad disciplinaria o de oficio recibidos en la OCID | K93: Acta de reparto incorporda en el Expediente Disciplinario. | L93: Jefe Oficina Control Interno Disciplinario | M93: Funciones de la dependencia y GIT | N93: Gestión del Proceso Disciplinario | O93: Seguimiento y Evaluación del Desempeño Institucional | P93: Plan Anticorrupción y de Atención al Ciudadano-PAAC | Q93: Oficina de Control Interno Disciplinario | R93: 45292 | S93: 45657 | T93: PORCENTAJE de quejas asignadas por reparto | U93: (NÚMERO de quejas asignadas por reparto en el periodo / NÚMERO de quejas e informes con incidencia disciplinaria; órdenes de autoridad disciplinaria o de oficio recibidas en el periodo) x 100 | V93: Mide la capacidad de la dependencia para recibir y asignar por reparto las quejas e informes con incidencia disciplinaria; órdenes de autoridad disciplinaria o de oficio, con celeridad, eficiencia y oportunidad durante el periodo. | W93: Informe a la Ministra sobre las quejas con incidencia disciplinaria recibidas y repartidas en el periodo | X93: STOCK | Y93: PORCENTAJE | Z93: 0 | AA93: 0.95 | AB93: 1 | AC93: 1 | AD93: 1 | AE93: 1
A94: =+A93+1 -> 85 | B94: Fortalecer la gestión y dirección de sector Deporte, Recreación y la Actividad física. | C94: FORTALECIMIENTO DE LA GESTIÓN Y SEGUIMIENTO INSTITUCIONAL DEL MINISTERIO DEL DEPORTE 202300000000037 | D94: Servicio de apoyo a la implementación de las estrategias de planeación y gestión | E94: Establecer y mantener acciones encaminadas al cumplimiento de la gestión de apoyo institucional | F94: Realizar jornadas de actualización normativa dirigidas a los funcionarios y contratistas del Ministerio del Deporte, en temas relacionados con el ejercicio de la función disciplinaria que prevé el Código General Disciplinario (Ley 1952 de 2019, modificado por la Ley 2094 de 2021). | I94: Jornadas de actualización normativa en Derecho Disciplinario | J94: Realizar 10 sesiones de actualización normativa. | K94: Captura de pantalla de la capacitación y pieza gráfica de la convocatoria. | L94: Jefe Oficina Control Interno Disciplinario | M94: Funciones de la dependencia y GIT | N94: Gestión del Proceso Disciplinario | O94: Seguimiento y Evaluación del Desempeño Institucional | P94: Plan Anticorrupción y de Atención al Ciudadano-PAAC | Q94: Oficina de Control Interno Disciplinario | R94: 45323 | S94: 45626 | T94: Número de jornadas de actualización normativa realizadas | U94: (NÚMERO de jornadas de actualización realizadas / NÚMERO de jornadas de actualización programadas (10)) x 100 | V94: Mide la ejecución de actividades programadas durante la vigencia, para actualizar a los servidores públicos y contratistas del Ministerio del Deporte, en temas relacionados con el ejercicio de la función disciplinaria que prevé el Código General Disciplinario (Ley 1952 de 2019, modificado por la Ley 2094 de 2021), durante el periodo. | W94: Captura de pantalla de las jornadas de actualización normativa realizadas. | X94: ACUMULADO | Y94: NÚMERO | Z94: 0 | AA94: 10 | AB94: 2 | AC94: 3 | AD94: 3 | AE94: 2
A95: 86 | B95: Fortalecer la gestión y dirección de sector Deporte, Recreación y la Actividad física. | C95: FORTALECIMIENTO DE LA GESTIÓN Y SEGUIMIENTO INSTITUCIONAL DEL MINISTERIO DEL DEPORTE 202300000000037 | D95: Servicio de apoyo a la implementación de las estrategias de planeación y gestión | E95: Establecer y mantener acciones encaminadas al cumplimiento de la gestión de apoyo institucional | F95: Elaborar y divulgar REFERENCIAS DISCIPLINARIAS, con fundamento en la función preventiva y correctiva de que trata el artículo 5º de la Ley 1952 de 2019, modificada por la Ley 2094 de 2021, divulgar a través del correo institucional y la Intranet del Ministerio del Deporte, con el fin de prevenir o contener el quebrantamiento del régimen de deberes y prohibiciones, inherente a los servidores públicos. | I95: Referencias disciplinarias divulgadas | J95: Divulgar 10 referencias disciplinarias. | K95: Referencias disciplinarias elaboradas y diviguldas, a través del correo electrónico institucional y la Intranet del Ministerio del Deporte. | L95: Jefe Oficina Control Interno Disciplinario | M95: Funciones de la dependencia y GIT | N95: Gestión del Proceso Disciplinario | O95: Seguimiento y Evaluación del Desempeño Institucional | P95: Plan Anticorrupción y de Atención al Ciudadano-PAAC | Q95: Oficina de Control Interno Disciplinario | R95: 45323 | S95: 45626 | T95: Número de referencias disciplinarias para prevenir o contener el quebrantamiento del régimen de deberes y prohibiciones, inherente a los servidores públicos. | U95: NÚMERO de referencias disciplinarias elaboradas y divulgadas | V95: Mide la ejecución de actividades programadas para prevenir conductas constitutivas de falta disciplinaria durante el periodo. | W95: Referencias disciplinarias elaboradas y divulgadas | X95: ACUMULADO | Y95: NÚMERO | Z95: 0 | AA95: 10 | AB95: 2 | AC95: 3 | AD95: 3 | AE95: 2
A96: =+A95+1 -> 87 | B96: Fortalecer la gestión y dirección de sector Deporte, Recreación y la Actividad física. | C96: FORTALECIMIENTO DE LA GESTIÓN Y SEGUIMIENTO INSTITUCIONAL DEL MINISTERIO DEL DEPORTE 202300000000037 | D96: Servicio de apoyo a la implementación de las estrategias de planeación y gestión | E96: Establecer y mantener acciones encaminadas al cumplimiento de la gestión de apoyo institucional | F96: Contribuir al Fortalecimiento del Sistema de Control Interno y la Gestión del Riesgo a través de evaluaciones objetivas, independientes y oportunas de la gestión, resultados y controles internos de la Entidad (Rol de evaluación y seguimiento y de evaluación de la gestión del riesgo). | I96: Evaluar el Sistema de Control Interno de la Entidad | J96: Dar cumplimiento en la oportunidad de entrega de los informes de Auditoria Interna de acuerdo con el PAAI 2023 aprobado por el CICCI. | K96: Informes de Auditoria Interna Radicados. | L96: Auditores de la Oficina de Control Interno - Coordinador de Auditorias - Jefe OCI | M96: Funciones de la dependencia y GIT | N96: Evaluación Independiente y Mejora Continua | O96: Control Interno | P96: N/A | Q96: Oficina de Control Interno | R96: 45292 | S96: 45657 | T96: Cumplimiento en la Ejecución de Auditorias Internas de Gestión | U96: (NÚMERO de Auditorias realizadas en el periodo evaluado / NÚMERO de auditorias programadas en el periodo evaluado) * 100 | V96: El Indicador mide el cumplimiento en la ejecución de las Auditorias programadas en el PAAI en un periodo determinado. | W96: Se deja como evidencia el seguimiento al cumplimiento del Plan Anual de Auditoria Interna en el cual se incluye el NÚMERO de radicado de los Informes Finales de Auditoria y Seguimiento Normativo. | X96: STOCK | Y96: PORCENTAJE | Z96: 0 | AA96: 1 | AB96: 1 | AC96: 1 | AD96: 1 | AE96: 1
A97: 88 | B97: Fortalecer la gestión y dirección de sector Deporte, Recreación y la Actividad física. | C97: FORTALECIMIENTO DE LA GESTIÓN Y SEGUIMIENTO INSTITUCIONAL DEL MINISTERIO DEL DEPORTE 202300000000037 | D97: Servicio de apoyo a la implementación de las estrategias de planeación y gestión | E97: Establecer y mantener acciones encaminadas al cumplimiento de la gestión de apoyo institucional | F97: Presentar los informes de ley bajo responsabilidad de la Oficina de Control Interno. (Rol de evaluación y seguimiento) | I97: Evaluar el Sistema de Control Interno de la Entidad | J97: Dar cumplimiento en la oportunidad de entrega de los informes de Seguimiento normativo de acuerdo con el PAAI 2023 aprobado por el CICCI. | K97: Informes de Seguimiento Normativo Radicados. | L97: Auditores de la Oficina de Control Interno - Coordinador de Auditorias - Jefe OCI | M97: Funciones de la dependencia y GIT | N97: Evaluación Independiente y Mejora Continua | O97: Control Interno | P97: N/A | Q97: Oficina de Control Interno | R97: 45292 | S97: 45657 | T97: Cumplimiento en la Ejecución de los seguimientos normativos. | U97: (NÚMERO de Seguimientos Normativos realizados en el periodo evaluado / NÚMERO de Seguimientos Normativos programados en el periodo evaluado) * 100 | V97: El Indicador mide el cumplimiento en la ejecución de los Informes de Seguimiento Normativo programadas en el PAAI en un periodo determinado. | W97: Se deja como evidencia el seguimiento al cumplimiento del Plan Anual de Auditoria Interna en el cual se incluye el NÚMERO de radicado de los Informes Finales de Auditoria y Seguimiento Normativo. | X97: STOCK | Y97: PORCENTAJE | Z97: 0 | AA97: 1 | AB97: 1 | AC97: 1 | AD97: 1 | AE97: 1
A98: =+A97+1 -> 89 | B98: Fortalecer la gestión y dirección de sector Deporte, Recreación y la Actividad física. | C98: FORTALECIMIENTO DE LA GESTIÓN Y SEGUIMIENTO INSTITUCIONAL DEL MINISTERIO DEL DEPORTE 202300000000037 | D98: Servicio de apoyo a la implementación de las estrategias de planeación y gestión | E98: Establecer y mantener acciones encaminadas al cumplimiento de la gestión de apoyo institucional | F98: Fomentar la cultura del autocontrol en el desarrollo de los procesos que permita el cumplimiento de los objetivos de la Entidad. (Rol de enfoque hacia la prevención) | I98: Evaluar el Sistema de Control Interno de la Entidad | J98: Dar cumplimiento en la oportunidad de publicación y socialización de las Píldoras de Control Interno de acuerdo con el PAAI 2023 aprobado por el CICCI. | K98: Píldoras de Control Interno publicadas y enviadas a los funcionarios y contratistas del Ministerio del Deporte en cumplimiento del rol de Enfoque hacia la Prevención. | L98: Auditores de la Oficina de Control Interno - Coordinador de Auditorias - Jefe OCI | M98: Funciones de la dependencia y GIT | N98: Evaluación Independiente y Mejora Continua | O98: Control Interno | P98: N/A | Q98: Oficina de Control Interno | R98: 45292 | S98: 45657 | T98: Cumplimiento rol de Enfoque hacia la Prevención. | U98: (NÚMERO de Píldoras de Control Interno publicadas en el periodo evaluado / NÚMERO de Píldoras de Control Interno programadas en el periodo evaluado) * 100 | V98: El Indicador mide el cumplimiento en la elaboración, publicación y socialización de las píldoras de Control Interno en un periodo determinado. | W98: Se deja como evidencia el seguimiento al cumplimiento del Plan Anual de Auditoria Interna en el cual se incluye el NÚMERO de radicado de los Informes Finales de Auditoria y Seguimiento Normativo. | X98: STOCK | Y98: PORCENTAJE | Z98: 0 | AA98: 1 | AB98: 1 | AC98: 1 | AD98: 1 | AE98: 1
A99: 90 | B99: Fortalecer la gestión y dirección de sector Deporte, Recreación y la Actividad física. | C99: FORTALECIMIENTO DE LA GESTIÓN Y SEGUIMIENTO INSTITUCIONAL DEL MINISTERIO DEL DEPORTE 202300000000037 | D99: Servicio de apoyo a la implementación de las estrategias de planeación y gestión | E99: Establecer y mantener acciones encaminadas al cumplimiento de la gestión de apoyo institucional | F99: Coadyuvar en el control, seguimiento y cumplimiento de las acciones de mejora establecidas en el plan de mejoramiento institucional. (Rol de evaluación y seguimiento) | I99: Evaluar el Sistema de Control Interno de la Entidad | J99: Dar cumplimiento en la oportunidad del cumplimiento de las actividades plasmadas en el Plan de Mejoramiento suscrito con la Contraloria General de la República. | K99: Actividades cumplidas correspondientes al Plan de Mejoramiento CGR por parte de las áreas responsables. | L99: Auditores de la Oficina de Control Interno - Coordinador de Auditorias - Jefe OCI | M99: Funciones de la dependencia y GIT | N99: Evaluación Independiente y Mejora Continua | O99: Control Interno | P99: N/A | Q99: Oficina de Control Interno | R99: 45292 | S99: 45657 | T99: Cumplimiento del Plan de Mejoramiento Institucional (CGR) | U99: (NÚMERO de Acciones del Plan de Mejoramiento cumplidas en el periodo evaluado / NÚMERO de acciones del Plan de Mejoramiento programadas en el periodo evaluado) * 100 | V99: El Indicador mide el cumplimiento en la ejecución de las actividades propuestas en el Plan de Mejoramiento suscrito con la CGR. | W99: Se deja como evidencia el seguimiento al cumplimiento del Plan Anual de Auditoria Interna en el cual se incluye el NÚMERO de radicado de los Informes Finales de Auditoria y Seguimiento Normativo. | X99: STOCK | Y99: PORCENTAJE | Z99: 0 | AA99: 0.7 | AB99: 0 | AC99: 0.7 | AD99: 0 | AE99: 0.7
A100: =+A99+1 -> 91 | B100: Fortalecer la gestión y dirección de sector Deporte, Recreación y la Actividad física. | C100: APOYO AL PROGRAMA AL CONTROL DOPAJE 2018011000422 | D100: Servicio de educación informal | E100: Realizar actividades de educación y prevención para la comunidad deportiva en general | F100: Formular y ejecutar el Plan de Educación y prevencion en materia antidopaje. | I100: Actividades de educación y prevencion en materia antidopaje | J100: 1 | K100: Plan de Educación y prevencion ejecutado | L100: Coordinador GIT Organización Nacional Antidopaje | M100: Funciones de la dependencia y GIT | N100: N/A | O100: Altos Logros | P100: Planeación Institucional | Q100: GIT Organización Nacional Antidopaje | R100: 45293 | S100: 45657 | T100: PORCENTAJE de actividades de educación y prevencion en materia antidopaje realizadas | U100: (# Actividades de educación y prevencion en materia antidopaje realizadas / # Actividades de educación y prevencion en materia antidopaje planeadas) *100 | V100: Relación entre las actividades de educacion y prevencion en materia antidopaje realizadas y las educacion y prevencion en materia antidopaje planeadas en el plan de educación y prevención formulado por el GIT ONAD | W100: • Documento del Plan de Educación ny prevención ejecutado | X100: ACUMULADO | Y100: PORCENTAJE | Z100: 0 | AA100: 1 | AB100: 0.1 | AC100: 0.2 | AD100: 0.5 | AE100: 0.2
A101: 91 | B101: Fortalecer la gestión y dirección de sector Deporte, Recreación y la Actividad física. | C101: APOYO AL PROGRAMA AL CONTROL DOPAJE 2018011000422 | D101: Servicio de control de dopaje | E101: Optimizar el muestreo dentro y fuera de competencia | F101: Formular y ejecutar el plan de distribucion y controles al dopaje dentro y fuera de competencia. | I101: Muestras de control dopaje dentro y fuera de competencia | J101: 1 | K101: Optimizar el muestreo dentro y fuera de competencia: •Plan de Distribución de controles • Informe de misiones de recolección de muestras, mantenimiento de equipos y elementos, honorarios al personal de toma de muestras y gastos de desplazamiento en el desarrollo de las misiones programadas y de Apoyo para el muestreo inteligente • Informe de servicios de análisis en los laboratorios acreditados por la WADA • Servicio de mensajería especializado para el transporte de muestras biológicas (orina y sangre) Nacional e Internacional • Compra material necesario para toma de muestra. Conceptos en el programa de pasaporte biológico y CAUT entre otros: • Pago conceptos al Comité de Expertos de pasaporte biológico •Pago de conceptos al comité de Autorizaciones de Uso Terapéutico Apoyo a las actividades del GIT Organización Nacional Antidopaje: • Resolución de pago Contribución a la WADA (Realizar el pago de la contribución de Colombia para el presupuesto de la Agencia Mundial Antidopaje para el año 2023) • Servicios de Agencia de Viajes para desplazamientos y cubrir transporte Aéreo Nacionales e Internacionales que haya a lugar (Suministro de tiquetes aéreos nacionales e internacionales) • Gastos de desplazamiento y viáticos • Apoyo a la Comisión única Disciplinaria Antidopaje (Tribunal único Disciplinario) •Contrato de prestación de servicios para Realizar las actividades para la recaudación, análisis y manejo de información conducente a un mejor sistema de muestreo y seguimiento de posibles infracciones de las normas antidopaje. •Contrato de prestación de servicios para realizar las actividades de desarrollo del muestreo durante las competencias del deporte federado del calendario nacional y otras de federaciones internacionales cuando se requiera, así como de juegos multideportivos •Contrato de prestación de servicios para coadyuvar en el desarrollo e implementación de los programas de Autorización de Uso terapéutico - AUT, Paradero y Pasaporte Biológico del Grupo Interno de Trabajo Organización Nacional Antidopaje del Ministerio del Deporte •Contrato de prestación de servicios para realizar las actividades para el manejo de la información del Grupo Interno de Trabajo Organización Nacional Antidopaje del Ministerio del Deporte •Contrato de prestación de servicios para realizar la gestión de resultados, adecuación de normas, respuestas de requerimientos y otros trámites del Grupo Interno de Trabajo Organización Nacional Antidopaje del Ministerio del Deporte | L101: Coordinador GIT Organización Nacional Antidopaje | M101: Funciones de la dependencia y GIT | N101: N/A | O101: Altos Logros | P101: Planeación Institucional | Q101: GIT Organización Nacional Antidopaje | R101: 45293 | S101: 45657 | T101: PORCENTAJE de muestras de control dopaje realizadas | U101: (# muestras de control dopaje realizadas / # muestras de control dopaje programadas) * 100 | V101: Relación entre las muestras de control dopaje realizadas y las muestras de control dopaje planeadas en el plan de distribucion y controles formulado por el GIT ONAD | W101: •Plan de Distribución de controles • Informes de seguimiento a la contratacion realizada para el desarrollo del programa, Informe de misiones de recolección de muestras, mantenimiento de equipos y elementos, honorarios al personal de toma de muestras y gastos de desplazamiento en el desarrollo de las misiones programadas. • Informe deseguimiento a la facturacion de los servicios de análisis en los laboratorios acreditados por la WADA • Servicio de mensajería especializado para el transporte de muestras biológicas (orina y sangre) Nacional e Internacional • Compra material necesario para toma de muestra. • Pago conceptos al Comité de Expertos de pasaporte biológico •Pago de conceptos al comité de Autorizaciones de Uso Terapéutico • Resolución de pago Contribución a la WADA (Realizar el pago de la contribución de Colombia para el presupuesto de la Agencia Mundial Antidopaje para el año 2021) • Apoyo a la Comisión única Disciplinaria Antidopaje (Tribunal único Disciplinario) •Contrato de prestación de servicios para Realizar las actividades para la recaudación, análisis y manejo de información conducente a un mejor sistema de muestreo y seguimiento de posibles infracciones de las normas antidopaje. •Contrato de prestación de servicios para realizar las actividades de desarrollo del muestreo durante las competencias del deporte federado del calendario nacional y otras de federaciones internacionales cuando se requiera, así como de juegos multideportivos •Contrato de prestación de servicios para coadyuvar en el desarrollo e implementación de los programas de Autorización de Uso terapéutico - AUT, Paradero y Pasaporte Biológico del Grupo Interno de Trabajo Organización Nacional Antidopaje del Ministerio del Deporte •Contrato de prestación de servicios para realizar las actividades para el manejo de la información del Grupo Interno de Trabajo Organización Nacional Antidopaje del Ministerio del Deporte •Contrato de prestación de servicios para realizar la gestión de resultados, adecuación de normas, respuestas de requerimientos y otros trámites del Grupo Interno de Trabajo Organización Nacional Antidopaje del Ministerio del Deporte | X101: ACUMULADO | Y101: PORCENTAJE | Z101: 0 | AA101: 1 | AB101: 0.1 | AC101: 0.2 | AD101: 0.5 | AE101: 0.2
A102: 92 | B102: Fortalecer la gestión y dirección de sector Deporte, Recreación y la Actividad física. | C102: FORTALECIMIENTO DE LA GESTIÓN Y SEGUIMIENTO INSTITUCIONAL DEL MINISTERIO DEL DEPORTE 202300000000037 | E102: Establecer y mantener acciones encaminadas al cumplimiento de la gestión de apoyo institucional | F102: Desarrollar e implementar el diseño Reestructuración del Ministerio del Deporte | I102: Ministerior del Deporte Reestructurado | J102: 1 | K102: Decreto de Reestructuración | L102: Secretario General | M102: Plataforma estratégica (misión, visión y Objetivos) | N102: N/A | O102: N/A | P102: Plan Estratégico Sectorial | Q102: Despacho del Ministro | R102: 45308 | S102: 45528 | T102: Ministerio Reestructurado | U102: # de Actividades realizadas de reestructuración/ Total de Activiades programadas | V102: Este indicador mide el avance del proceso de reestructuración | W102: Informe Mensual y Decreta de reestructuración | X102: ACUMULADO | Y102: Porcentaje | Z102: 0.4 | AA102: 0.6 | AB102: 0.2 | AC102: 0.2 | AD102: 0.2 | AE102: 0
A103: 93 | B103: Fortalecer la gestión y dirección de sector Deporte, Recreación y la Actividad física. | C103: FORTALECIMIENTO DE LA GESTIÓN Y SEGUIMIENTO INSTITUCIONAL DEL MINISTERIO DEL DEPORTE 202300000000037 | E103: Establecer y mantener acciones encaminadas al cumplimiento de la gestión de apoyo institucional | F103: Crear el Fondo Cuenta | I103: Fondo Cuenta Creado | J103: 1 | K103: Decreto de Creación del Fondo cuenta | L103: Secretario General | M103: Plataforma estratégica (misión, visión y Objetivos) | N103: N/A | O103: N/A | P103: Plan Estratégico Sectorial | Q103: Despacho del Ministro | R103: 45308 | S103: 45449 | T103: Fondo cuenta creado y operativo | U103: # de Actividades realizadas Total de Activiades programadas | V103: El desarrollo del fondo cuenta se encuentra en proceso de trámite con DNP y Min Hacienda | W103: Informe Mensual, y Decreto de creación del Fondo | X103: ACUMULADO | Y103: Porcentaje | Z103: 0.5 | AA103: 0.5 | AB103: 0 | AC103: 0 | AD103: 0 | AE103: 0
...

Sheet Hoja1

Sheet Objetivos PND
A1: OBJETIVO PND | D1: INDICADOR PND
A2: 1.1.Consolidar la rectoria e institucionalidad del Sistema Nacional del Deporte / OFICINA ASESORA JURIDICA | B2: Actualizar y ajustar procesos normativos o reglamentarios que se requieran para definir los roles, competencias y responsabilidades de todos los actores que hacen parte del SND | C2: =+[2]Organigrama!A32 -> Dirección de Inspección Vigilancia y Control | D2: Nuevas medallas y reconocimientos en competencias internacionales | G2: Deporte y recreación para el desarrollo integral de los individuos, para la convivencia y cohesión social.
A3: 1.2.Consolidar la rectoria e institucionalidad del Sistema Nacional del Deporte / DESPACHO VICEMINISTERIO | B3: Construir la Política Pública del Deporte, en conjunto con la ciudadania, entes territoriales, actores públicos y privados y miembros de la academia | C3: =+[2]Organigrama!A5 -> Despacho del Viceministerio | D3: Avance en la implementación del Observatorio del Sistema Nacional del Deporte | G3: Objetivo 1: Consolidar la rectoría e institucionalidad del Sistema Nacional del Deporte
A4: 1.3.Consolidar la rectoria e institucionalidad del Sistema Nacional del Deporte / DIR. POSICIONAMIENTO Y LIDERAZGO DEPORTIVO | B4: Estandarizar los procesos de promoción, formación y cualificación deportiva. | C4: =+[2]Organigrama!A20 -> Dirección de PosicIonamiento y Liderazgo Deportivo | D4: Personas que acceden a servicios deportivos, recreativos y de actividad física con enfoque diferencial | G4: Objetivo 2: Ampliar oportunidades para la recreación, el deporte social comunitario y el aprovechamiento del tiempo libre
A5: 1.4.Consolidar la rectoria e institucionalidad del Sistema Nacional del Deporte/DIRECCION IVC | B5: Actualizar y reglamentar los procesos de inspección, vigilancvia y control, para garantizar la integridad y transparaencia en las organizaciones deportivas. | C5: =+[2]Organigrama!A32 -> Dirección de Inspección Vigilancia y Control | D5: Municipios que implementan programas de recreación, actividad física, deporte social comunitario y aprovechamiento del tiempo libre | G5: Objetivo 3: Cualificar los talentos deportivos con potencial de alto rendimiento
A6: 1.5.Consolidar la rectoria e institucionalidad del Sistema Nacional del Deporte - OFICINA ASESORA DE PLANEACION / OFICINA ASESORA DE PLANEACION | B6: Implementar el observatorio del SND, para garantizar el accceso y la transparencia de la informacion en materia deportiva, de la recreación y de actividad fisica, para la toma de decisiones en matreria de politica pública | C6: =+[2]Organigrama!A7 -> Oficina Asesora de Planeación | D6: Niños, niñas, adolescentes y jóvenes beneficiarios del Programa SUPÉRATE + (T)
A7: 1.6.Consolidar la rectoria e institucionalidad del Sistema Nacional del Deporte / DIRECCION DE FOMENTO Y DESARROLLO | B7: Desarrollar una accion armonizada y coherente con los organismoque conforman el SND, en articulacion con otras entidades del Gobierno Nacional, Departamental y Municipal, como parte de un diseño institucional funcional para los objetivos y politicas de la primera infancia, adolecencia y juventud. Esta acción se vincula con las acciones propuestas en la Linea A "Primero las niñas y los niño" del presente PND. | C7: =+[2]Organigrama!A27 -> Dirección de Fomento y Desarrollo | D7: Escenarios deportivos y recreativos en condiciones de calidad para el desarrollo de programas
A8: 2.1. Ampliar oportunidades de Recreación, el deporte Social Comunitario y el Aprovechamiento del Tiempo Libre / DIRECCION DE FOMENTO Y DESARRROLLO | B8: Fortalecer el desarrollo social y personal de todo el cyurso de la vida de los colombianos , a través de estartegias de competidor integral que consoliden los programas de actividad fisica, deporrte formativo y deporte social comunitario, con el proposito de generar procesos de inclusión, convivencia y legalidad como aspectos fundamentales de la equidad. Para esto, se desarrollara una estrategia de formación que incluirá, entre otros contenidos virtuales. | C8: =+[2]Organigrama!A27 -> Dirección de Fomento y Desarrollo | D8: Niños, niñas, jóvenes y adolescentes que acceden a la reserva deportiva
A9: 2.2. Ampliar oportunidades de Recreación, el deporte Social Comunitario y el Aprovechamiento del Tiempo Libre / DIRECCION DE FOMENTO Y DESARROLLO | B9: Implementar y hacer seguimineto a los lineamientos técnicos de política pública en materia de recreación, actividad fisica, deporte formativo y deporte social comunitario. | C9: =+[2]Organigrama!A27 -> Dirección de Fomento y Desarrollo | D9: Personas con talento deportivo identificadas y atendidas
A10: 2.3. Ampliar oportunidades de Recreación, el deporte Social Comunitario y el Aprovechamiento del Tiempo Libre / DIRECCION DE FOMENTO Y DESARROLLO | B10: Mindeporte, en coordinaccion con Mineducación, evaluara la cobertura y calidad de la educación sísica en el pais, de conformidad con las recomendaciones de la Unesco y la Agencia Global 2030 | C10: =+[2]Organigrama!A27 -> Dirección de Fomento y Desarrollo
A11: 2.4. Ampliar oportunidades de Recreación, el deporte Social Comunitario y el Aprovechamiento del Tiempo Libre / DIRECCION DE FOMENTO Y DESARROLLO | B11: Ampliar el desarrollo de los programas de deporte comunitario, recreacion y aprovechamiento del tiempo libre a victimas y personas en situacion de vulnerabilidad, con el próposito de generar espacios de reintegración, estabilización y Reconciliación. | C11: =+[2]Organigrama!A27 -> Dirección de Fomento y Desarrollo
A12: 2.5. Ampliar oportunidades de Recreación, el deporte Social Comunitario y el Aprovechamiento del Tiempo Libre / DIRECCION DE FOMENTO Y DESARROLLO | B12: Generar la estrategia para la construcción e implementación de criterios transversales al desarrollo de programas y proyectos relativos a la actividad física, recreativa, deportiva, de aprovechamiento del tiempo libre y de alto rendimiento, requeridos para la transformacion individual y de la sociedad por medio del deporte: deporte trasnformacional, mediante el fortalecimiento del programa Supérate Intercolegiados, procesos acádemicos y relativos al cerebro, recreación y deporte, dando lugar al programa supérate. | C12: =+[2]Organigrama!A27 -> Dirección de Fomento y Desarrollo
A13: 2.6. Ampliar oportunidades de Recreación, el deporte Social Comunitario y el Aprovechamiento del Tiempo Libre / DIRECCION DE FOMENTO Y DESARROLLO | B13: Desarrollar una Acción armonizada entre las cjas de compensación familiar y demas instituciones existentes en el pais, en materia de recreación y sus diferenetes sectores(dpeortivo, comunitario, pedagógico, artistico y cultural, y ambiental y turistico) para ampliar la cobertura de las actividades recreativas y del aprovechamiento del tiempo libre, desde lo territorial, como parte del desarrollo creativo en los niños, niñas. adolecentes y jovenes y como componente de la construcción de confianza de vinculos de solidaridad. | C13: =+[2]Organigrama!A27 -> Dirección de Fomento y Desarrollo
A14: 2.7. Ampliar oportunidades de Recreación, el deporte Social Comunitario y el Aprovechamiento del Tiempo Libre / DIRECCION DE FOMENTO Y DESARROLLO | B14: Ampliar la cobertura de as escuelas de formación deportiva en el pais, a través de una estrategia exytraescolar con estructura pedagógica, buscando el desarrollo físico, motriz, intelectual, afectivo y social. | C14: =+[2]Organigrama!A27 -> Dirección de Fomento y Desarrollo
A15: 2.8. Ampliar oportunidades de Recreación, el deporte Social Comunitario y el Aprovechamiento del Tiempo Libre / DIRECCION DE RECURSOS Y HERRAMIENTAS | B15: Proporcionar escenarios deportivos y equipamentos adecuados y con permanente utilización, como espacios privilegiados, no solamente para la practica de actividades físicas y deportivas, sino para vivencias recreativas como espacios de convivencia y participación social; dichos escenarios cumplirán con las normas respecto de las personas con movilidad reducida (PMR), garantizando acesibilidad universal. Esta estrategía se fortalecerá mediante la gestión de los entes territoriales y su compromiso en el desarrollo de las actividades recreativas y de aprovechamiento dle tiempo libre. | C15: =+[2]Organigrama!A36 -> Dirección de Recursos y herramientas del SND
A16: 2.9. Ampliar oportunidades de Recreación, el deporte Social Comunitario y el Aprovechamiento del Tiempo Libre / DIRECCION DE FOMENTO Y DESARROLLO | B16: Promemover esquemas de práctica de deporte, como los juegos universitarios y escolares, articulándose a las acciones propuestas en la linea C "Educación de calidad"; G "Juventud Naranja" y A "Primero los niños y las Niñas", incluidas en el PND: | C16: =+[2]Organigrama!A27 -> Dirección de Fomento y Desarrollo
A17: 3.1. Cualificar talentos deportivos con potencial de alto rendimiento / DIRECCION DE POSICIONAMIENTO Y LIDERAZGO DEPORTIVO | B17: Reglamrentar los lineamientos que permitan desarrollar y fortalecer la articulación del SND, en especial con el Comité Olímpico Colombiano, el Comité Paralímpico Colombiano, las Federaciones Deportivas Convencionales ty Paralímpicas, los entes regionales ysus correspondientes clubes y ligas, para garantizar el proceso de formación deportiva. Dicho proceso de formación desarrollará estrateias de preparación, competición y participación de os deportistas en eventos nacionales e internacionales en el marco del calendario deportivo nacional e internacional concertado con el Comité Olímpico Colombiano. | C17: =+[2]Organigrama!A20 -> Dirección de PosicIonamiento y Liderazgo Deportivo
A18: 3.2. Cualificar talentos deportivos con potencial de alto rendimiento / DIRECCION DE POSICIONAMIENTO Y LIDERAZGO DEPORTIVO | B18: Mindeporte adelantará las gestiones necesrias para promover un sistema de identificación de talentos dpeortivos, desde las regiones, a traves d elos entes deportivos territoriales, con criteriors de equidad e inclusión social, orientado a la constitución de una reserva deportiva nacional que facilite de manera organizada su articulación, desde el deporte social comunitario y de deporte estudiantil, con el dpeorte asociado. | C18: =+[2]Organigrama!A20 -> Dirección de PosicIonamiento y Liderazgo Deportivo
A19: 3.3. Cualificar talentos deportivos con potencial de alto rendimiento / DIRECCION DE POSICIONAMIENTO Y LIDERAZGO DEPORTIVO | B19: Se desarrollar alianzas de coperación con el sector privado para impulsar desde el nivel territorial, la participación de deportistas en competencias nacionales e internacionales | C19: =+[2]Organigrama!A20 -> Dirección de PosicIonamiento y Liderazgo Deportivo
A20: 3.4. Cualificar talentos deportivos con potencial de alto rendimiento / DIRECCION DE POSICIONAMIENTO Y LIDERAZGO DEPORTIVO | B20: Desarrollar estrategias y mecanismo para posibilitar una mayor participación de los deportistas de altos logros en eventos internacionales, y para facilitar el intercambio de experiencias y conocimientos con paises aliados. | C20: =+[2]Organigrama!A20 -> Dirección de PosicIonamiento y Liderazgo Deportivo
A21: 3.5. Cualificar talentos deportivos con potencial de alto rendimiento /DIRECCION DE POSICIONAMIENTO Y LIDERAZGO DEPORTIVO | B21: Apoyar, a través de la entrega de materiales, a deportistas de alto rendimiento con discapacidad, con el fin de que puedan participar en competencias y juegos, y a fin de lograr mayor inclusión deportiva. | C21: =+[2]Organigrama!A20 -> Dirección de PosicIonamiento y Liderazgo Deportivo
A22: 3.6. Cualificar talentos deportivos con potencial de alto rendimiento / DIRECCION DE POSICIONAMIENTO Y LIDERAZGO DEPORTIVO | B22: Establecer alianzas con la academia para apoyar el desarrollo integral de los deportistas, incluyendo la posibilidad de apoyo mediante becas universitarias con flexibilidad academica. | C22: =+[2]Organigrama!A20 -> Dirección de PosicIonamiento y Liderazgo Deportivo
A23: 3.7. Cualificar talentos deportivos con potencial de alto rendimiento / DIRECCION DE POSICIONAMIENTO Y LIDERAZGO DEPORTIVO | B23: Colombia será una tierra de atletas, para lo cual aumentará la detecciónde talentos en la sregiones y se apoyará el desarrollo de proyectos de vida de los deportistas y glorias del deporte. | C23: =+[2]Organigrama!A20 -> Dirección de PosicIonamiento y Liderazgo Deportivo
A25: =+A2 -> 1.1.Consolidar la rectoria e institucionalidad del Sistema Nacional del Deporte / OFICINA ASESORA JURIDICA
A26: =+A17 -> 3.1. Cualificar talentos deportivos con potencial de alto rendimiento / DIRECCION DE POSICIONAMIENTO Y LIDERAZGO DEPORTIVO
A27: =+A17 -> 3.1. Cualificar talentos deportivos con potencial de alto rendimiento / DIRECCION DE POSICIONAMIENTO Y LIDERAZGO DEPORTIVO

Sheet Metas PND
A1: PROYECTOS DE INVERSION | B1: OBJETIVO PND | C1: Indicador PND | D1: OBJETIVO PEI | E1: OBJETIVO EPECIFICO PEI
A2: APOYO AL PROGRAMA DE CONTROL DOPAJE NACIONAL | B2: N/A | C2: N/A | D2: N/A | E2: N/A
A3: ASISTENCIA A LA COOPERACION INTERNACIONAL DEL SECTOR A NIVEL NACIONAL | B3: N/A | C3: N/A | D3: N/A | E3: N/A
A4: DESARROLLO DE POLITICAS PUBLICAS E INVESTIGACION SECTORIAL A NIVEL NACIONAL | B4: N/A | C4: N/A | D4: N/A | E4: N/A
A5: APOYO A LA INFRAESTRUCTURA DEPORTIVA, RECREATIVA Y DE LA ACTIVIDAD FISICA A NIVEL NACIONAL | B5: N/A | C5: N/A | D5: N/A | E5: N/A
A6: APOYO A LA INFRAESTRUCTURA DE ALTA COMPETENCIA A NIVEL NACIONAL | B6: N/A | C6: N/A | D6: N/A | E6: N/A
A7: DESARROLLO AL LABORATORIO DEL CONTROL AL DOPAJE NACIONAL | B7: N/A | C7: N/A | D7: N/A | E7: N/A
A8: MEJORAMIENTO SEDES MINDEPORTE BOGOTÁ | B8: N/A | C8: N/A | D8: N/A | E8: N/A
A9: APOYO AL FORTALECIMIENTO DEL SECTOR A NIVEL NACIONAL - OFICINA ASESORA DE PLANEACION - COMUNICACIONES Y ATENCION AL CIUDADANO | B9: N/A | C9: N/A | D9: N/A | E9: N/A
A10: FORTALECIMIENTO DEL DEPORTE Y LA EDUCACIÓN FÍSICA DE LOS NIÑOS, NIÑAS Y ADOLESCENTES EN EDAD ESCOLAR. | B10: N/A | C10: N/A | D10: N/A | E10: N/A
A11: FOMENTO Y PROMOCIÓN DE LA PRÁCTICA DEPORTIVA, RECREATIVA Y DE ACTIVIDAD FÍSICA EN COLOMBIA | B11: N/A | C11: N/A | D11: N/A | E11: N/A
A12: DESARROLLO DEL DEPORTE OLÍMPICO, PARALÍMPICO Y NIVEL MUNDIAL PARA EL POSICIONAMIENTO Y LIDERAZGO DEPORTIVO | B12: N/A | C12: N/A | D12: N/A | E12: N/A
... A15: IMPLEMENTACIÓN DE TECNOLOGIAS DE INFORMACION Y COMUNICACION PARA EL SISTEMA NACIONAL DEL DEPORTE EN COLOMBIA | B15: N/A | C15: N/A | D15: N/A | E15: N/A

Sheet PEI
A1: Objetivo Estrategico PEI | B1: Objetivos Especificos | C1: Indicadores | D1: Metas | E1: 2020 | G1: 2019 | H1: 2020 | I1: 2021 | J1: 2022 | L1: Dependencias
A2: 1.1. Fortalecer la institucionalidad y la articulación de las entidades que conforman el SND / OFICINA ASESORA DE PLANEACION | B2: Elaborar propuestas de mejora normativa fomentando la articulación y cumplimiento de los objetivos del Sistema Nacional del Deporte | C2: Propuestas de ajuste normativo realizadas | D2: 5 | E2: 2 | G2: 1 | H2: 2 | I2: 2 | J2: 0 | L2: Oficina Aasesora Juridica
A3: 1.2. Fortalecer la institucionalidad y la articulación de las entidades que conforman el SND / DIRECCION DE IVC | B3: Fortalecer las capacidades institucionales y de gestión de los actores del SND para el cumplimiento de los objetivos del sector. | C3: Porcentaje de cobertura del Plan Nacional de Capacitación con enfoque preventivo a los organismos del SND | D3: 1 | E3: 0.7 | G3: 0.05 | H3: 0.7 | I3: 0.8 | J3: 1 | L3: Dirección de Inspección, Vigilancia y Control
A4: 1.3. Fortalecer la institucionalidad y la articulación de las entidades que conforman el SND /DIRECCION DE IVC | B4: Ejercer inspeccion, vigilancia y control sobre las entidades, personas y los organismos deportivos y demás entidades que conforman el Sistema nacional del Deporte | C4: Porcentaje de cumplimiento del plan de auditorias | D4: 1 | E4: 70 | G4: 60 | H4: 70 | I4: 70 | J4: 70 | L4: Dirección de Inspección, Vigilancia y Control
A5: 1.4. Fortalecer la institucionalidad y la articulación de las entidades que conforman el SND / OFICINA ASESORA DE PLANEACION | B5: Consolidar la estratégia de gestión de la información del sector deporte que contribuya a la toma de decisiones | C5: Porcentaje de cumplimiento de la implementación del Observatorio del Sistema Nacional del Deporte | D5: 1 | E5: 0.2 | G5: 0.1 | H5: 0.2 | I5: 0.45 | J5: 0.25 | L5: Oficina Asesora de Planeación
A6: 1.5. Fortalecer la institucionalidad y la articulación de las entidades que conforman el SND / DIRECCION DE POSICIONAMIENTO Y LIDERAZGO DEPORTIVO | B6: Orientar, desarrollar y coordinar el Programa Nacional Antidopaje en cumplimiento de la normatividad nacional e internacional. | C6: Porcentaje de muestras tomadas en competencia y fuera de competencia | D6: 1 | E6: 100% (1,100 a 2020) | H6: 100% (1,100 a 2020) | I6: 1 | J6: 1 | L6: Dirección de Posicionamiento y Liderazgo deportivo
A7: 1.6. Fortalecer la institucionalidad y la articulación de las entidades que conforman el SND / DIRECCION DE POSICIONAMIENTO Y LIDERAZGO DEPORTIVO | B7: Orientar, desarrollar y coordinar el Programa Nacional Antidopaje en cumplimiento de la normatividad nacional e internacional. | C7: Número de personas capacitadas en materia antidopaje | D7: 750 | E7: 750 | H7: 750 | I7: 0 | J7: 0 | L7: Dirección de Posicionamiento y Liderazgo deportivo
A8: 2.1. Incrementar las actividades de fomento en procura del logro de objetivos relacionados con la recreación, actividad física y aprovechamiento del tiempo libre / DIRECCION DE FOMENTO Y DESARROLLO | B8: Incrementar programas que promuevan la practica del deporte la recreación y la actividad fisica y fomente los estilos de vida saludables | C8: Número de personas que acceden a servicios deportivos, recreativos y de actividad física | D8: 3908447 | E8: 3239588 | G8: 2967867 | H8: 3239588 | I8: 3621781 | J8: 3908497 | L8: Dirección de Fomento y Desarrollo
A9: 2.2. Incrementar las actividades de fomento en procura del logro de objetivos relacionados con la recreación, actividad física y aprovechamiento del tiempo libre / DIRECCION DE FOMENTO Y DESARROLLO | B9: Incrementar programas que promuevan la practica del deporte la recreación y la actividad fisica y fomente los estilos de vida saludables | C9: Número de municipios que implementan programas de recreación, actividad física, deporte social comunitario y aprovechamiento del tiempo libre | D9: 1103 | E9: 980 | G9: 966 | H9: 980 | I9: 990 | J9: 1103 | L9: Dirección de Fomento y Desarrollo
A10: 2.3. Incrementar las actividades de fomento en procura del logro de objetivos relacionados con la recreación, actividad física y aprovechamiento del tiempo libre / DIRECCION DE RECURSOS Y HERRAMIENTAS | B10: Garantizar la infraestructura recreodeportiva para el desarrollo de los programas de deporte, recreación, actividad física y aprovechamiento del tiempo libre | C10: Número de escenarios deportivos y recreativos en condiciones de calidad para el desarrollo de programas | D10: 446 | E10: 40 | G10: 226 | H10: 40 | I10: 80 | J10: 100 | L10: Dirección de Recursos y herramientas del SND
A11: 3.1. Fortalecer los programas de desarrollo deportivo del país con el propósito garantizar los procesos de formación, preparación y compentencia de los deportistas de altos logros así como aumentar la reserva y el talento deportivo /DIRECCION DE FOMENTO Y DESARROLLO | B11: Fortalecer y socializar los lineamientos de política pública en altos logros al SND y organización de eventos deportivos así como el apoyo integral a los atletas | C11: Número de Documentos de Lineamientos Técnicos de Política Pública en altos logros y organización de eventos deportivos diseñados | D11: 2 | E11: 1 | G11: 0 | H11: 1 | I11: 0 | J11: 1 | L11: Dirección de Fomento y Desarrollo
A12: 3.2. Fortalecer los programas de desarrollo deportivo del país con el propósito garantizar los procesos de formación, preparación y compentencia de los deportistas de altos logros así como aumentar la reserva y el talento deportivo / DIRECCION DE FOMENTO Y DESARROLLO | B12: Fortalecer y socializar los lineamientos de política pública en altos logros al SND y organización de eventos deportivos así como el apoyo integral a los atletas | C12: Número de atletas con procesos de formación, preparación y competencia de las diferentes disciplinas deportivas de ciclo olímpico, paralímpico, sordolímpico y nivel mundial | D12: 400 | E12: 400 | G12: 155 | H12: 400 | I12: 400 | J12: 400 | L12: Dirección de Fomento y Desarrollo
A13: 3.3. Fortalecer los programas de desarrollo deportivo del país con el propósito garantizar los procesos de formación, preparación y compentencia de los deportistas de altos logros así como aumentar la reserva y el talento deportivo /DIRECCION DE FOMENTO Y DESARROLLO | B13: Aumentar el número de deportistas con talento deportivo identificados con proyección de alto rendimiento | C13: Número de niños, niñas, jóvenes, adolescentes que acceden a los programas de desarrollo deportivo | D13: 1875 | E13: 350 | G13: 300 | H13: 350 | I13: 550 | J13: 675 | L13: Dirección de Fomento Y desarrollo
A14: 3.4. Fortalecer los programas de desarrollo deportivo del país con el propósito garantizar los procesos de formación, preparación y compentencia de los deportistas de altos logros así como aumentar la reserva y el talento deportivo / DIRECCION DE FOMENTO Y DESARROLLO | B14: Aumentar el número de deportistas con talento deportivo identificados con proyección de alto rendimiento | C14: Número de personas con talento deportivo identificadas y atendidas | D14: 2000 | E14: 400 | G14: 300 | H14: 400 | I14: 600 | J14: 700 | L14: Dirección de Fomento y Desarrollo
A15: 3.5. Fortalecer los programas de desarrollo deportivo del país con el propósito garantizar los procesos de formación, preparación y compentencia de los deportistas de altos logros así como aumentar la reserva y el talento deportivo / DIRECCION DE RECURSOS Y HERRAMIENTAS | B15: Acreditar y mantener la certificación del del laboratorio antidopaje y sus procesos conforme a los requisitos establecidos por los organismos internacionales | C15: Laboratorio Antidopaje acreditado conforme a los requisitos establecidos por los organismos internacionales | D15: 1 | E15: 1 | G15: 1 | H15: 1 | I15: 1 | J15: 1 | L15: Dirección de Recursos y herramientas del SND
A17: =+A2 -> 1.1. Fortalecer la institucionalidad y la articulación de las entidades que conforman el SND / OFICINA ASESORA DE PLANEACION
A18: =+A8 -> 2.1. Incrementar las actividades de fomento en procura del logro de objetivos relacionados con la recreación, actividad física y aprovechamiento del tiempo libre / DIRECCION DE FOMENTO Y DESARROLLO
A19: =+A11 -> 3.1. Fortalecer los programas de desarrollo deportivo del país con el propósito garantizar los procesos de formación, preparación y compentencia de los deportistas de altos logros así como aumentar la reserva y el talento deportivo /DIRECCION DE FOMENTO Y DESARROLLO

Sheet Presupuesto
A1: PROYECTO DE INVERSION | B1: RUBRO | C1: BPIN
A2: APOYO AL PROGRAMA DE CONTROL DOPAJE NACIONAL | B2: C-4302-1604-24 | C2: 2018011000422
A3: DESARROLLO DE POLITICAS PUBLICAS E INVESTIGACION SECTORIAL A NIVEL NACIONAL | B3: C-4302-1604-20 | C3: 2018011000092
A4: APOYO A LA INFRAESTRUCTURA DEPORTIVA, RECREATIVA Y DE ALTA COMPETENCIA EN COLOMBIA | B4: C-4302-1604-16 | C4: 202300000000203
A5: DESARROLLO AL LABORATORIO DEL CONTROL AL DOPAJE NACIONAL | B5: C-4302-1604-25 | C5: 202300000000019
A6: MEJORAMIENTO SEDES MINDEPORTE BOGOTÁ | B6: C-4399-1604-8 | C6: 2018011000349
A7: FORTALECIMIENTO DE LA GESTIÓN Y SEGUIMIENTO INSTITUCIONAL DEL MINISTERIO DEL DEPORTE- OFICINA ASESORA DE PLANEACION - COMUNICACIONES Y ATENCION AL CIUDADANO | B7: C-4399-1604-9 | C7: 202300000000037
A8: FORTALECIMIENTO DEL DEPORTE Y LA EDUCACIÓN FÍSICA DE LOS NIÑOS, NIÑAS Y ADOLESCENTES EN EDAD ESCOLAR. | B8: C-4301-1604-8 | C8: 2021011000250
A9: FORTALECIMIENTO FOMENTO Y PROMOCIÓN DE LA PRÁCTICA DEPORTIVA, RECREATIVA Y DE ACTIVIDAD FÍSICA EN COLOMBIA | B9: C-4301-1604-9 | C9: 2021011000248
A10: DESARROLLO DEL DEPORTE OLÍMPICO, PARALÍMPICO Y NIVEL MUNDIAL PARA EL POSICIONAMIENTO Y LIDERAZGO DEPORTIVO | B10: C-4302-1604-19 | C10: 2021011011262
A11: APOYO A LA ORGANIZACIÓN DE EVENTOS DEPORTIVOS PARA LA PREPARACION DE ATLETAS Y LA PROMOCION DEL DEPORTE NACIONAL | B11: C-4302-1604-22 | C11: 2021011000263
A12: APOYO A LA INSPECCIÓN VIGILANCIA Y CONTROL A NIVEL NACIONAL | B12: C-4302-1604-23 | C12: 2018011000250
A13: IMPLEMENTACIÓN DE TECNOLOGIAS DE INFORMACION Y COMUNICACION PARA EL SISTEMA NACIONAL DEL DEPORTE EN COLOMBIA | B13: C-4399-1604-7 | C13: 2018011000200

Sheet Organigrama
A1: DEPENDENCIA | B1: AREA | C1: DEPENDENCIA
C2: GIT de Comunicaciones
A3: Despacho_del_Ministerio | B3: Despacho del Ministerio | C3: GIT Organización Nacional Antidopaje
A4: Despacho_del_Viceministerio | B4: Despacho del Viceministerio
A5: Oficina_Asesora_Juridica | B5: Oficina Asesora Juridica
A6: Oficina_Asesora_de_Planeación | B6: Oficina Asesora de Planeación | C6: GIT Planeación y Gestión
A7: Oficina_de_Control_Interno_Disciplinario | C7: GIT de Seguimiento
A8: Oficina_de_Control_Interno
A9: Secretaria_General | C9: GIT de Gestión del Conocimiento e Innovación
A10: Dirección_de_PosicIonamiento_y_Liderazgo_Deportivo | B10: Oficina de Control Interno Disciplinario
A11: Dirección_de_Fomento_y_Desarrollo | B11: Secretaria General | C11: GIT Contratación
A12: Dirección_de_Inspección_Vigilancia_y_Control | C12: GIT Gestión Administrativa
A13: Dirección_de_Recursos_y_herramientas_del_SND | C13: GIT Gestion Contable
C14: GIT Gestion Presupuestal
C15: GIT Tesoreria
C16: GIT Talento Humano
C17: GIT Servicio Integral al Ciudadano
C18: GIT Tecnologia de la Información y las Comunicaciones TIC´S
B19: Dirección de PosicIonamiento y Liderazgo Deportivo | C19: GIT Deporte de RendImiento Convencional
C20: GIT Deporte de Rendimiento Paralimpico
C21: GIT Centro de Ciencias del Deporte CCD
C22: GIT Talento y Reserva Deportivos
C23: GIT Juegos y Eventos Deportivos
C24: GIT Desarrollo Psicosocial
B25: Dirección de Fomento y Desarrollo | C25: GIT Recreación
C26: GIT Deporte Escolar
C27: GIT Activida Fisica
C28: GIT Deporte Social Comunitario
B29: Dirección de Inspección Vigilancia y Control | C29: GIT Deporte Profesional
C30: GIT Deporte Aficionado
C31: GIT Actuaciones Administrativas
B32: Dirección de Recursos y herramientas del SND | C32: GIT Laboratorio Control al Dopaje
C33: GIT Centro de Alto Rendimiento CAR
C34: GIT Infraestructura

Sheet varios
N1: PLANES | P1: POLÍTICAS | S1: ORIGEN DE LA NECESIDAD | W1: Proyectos | Y1: Líneas estrategicas
A2: TIPOS DE ACUMULACIÓN | B2: PROCESO | I2: DEPENDENCIA | N2: Plan Institucional de Archivos de la Entidad –PINAR | P2: Planeación Institucional | S2: Plataforma estratégica (misión, visión y Objetivos) | U2: X | V2: 202300000000203 | W2: APOYO DE LA INFRAESTRUCTURA DEPORTIVA, RECREATIVA Y DE ALTA COMPETENCIA EN COLOMBIA. 202300000000203 | Y2: Democratización del acceso de la población al deporte, la recreación y la actividad física
A3: STOCK | B3: N/A | I3: Despacho del Ministro | N3: Plan Anual de Adquisiciones | P3: Gestión Presupuestal y Eficiencia del Gasto Público | S3: Funciones de la dependencia y GIT | V3: 2021011000250 | W3: FORTALECIMIENTO DEL DEPORTE Y LA EDUCACION FISICA DE LOS NINOS, NINAS Y ADOLESCENTES EN ETAPA ESCOLAR 2021011000250 | Y3: Resignificación de la jornada escolar
A4: FLUJO | B4: Direccionamiento Estratégico y Aprendizaje Organizacional | H4: Despacho del Ministro | I4: GIT Comunicaciones | N4: Plan Anual de Vacantes | P4: Gestión Estratégica del Talento Humano | S4: Cierre del ejercicio del año 2023 | V4: 2021011000262 | W4: DESARROLLO DEL DEPORTE OLIMPICO, PARALIMPICO Y NIVEL MUNDIAL PARA EL POSICIONAMIENTO Y LIDERAZGO DEPORTIVO 2021011000262 | Y4: Atletas y paratletas como embajadores de paz en el mundo
A5: CAPACIDAD | B5: Gestión Ambiental | H5: Despacho del Viceministro | I5: GIT Organización Nacional Antidopaje | N5: Plan de Previsión de Recursos Humanos | P5: Integridad | S5: Proyecto del presupuesto 2024 | V5: 2021011000263 | W5: APOYO EN EL DESARROLLO DE JUEGOS Y EVENTOS DEPORTIVOS DE RENDIMIENTO Y ALTO RENDIMIENTO EN COLOMBIA 2021011000263 | Y5: Más mujeres en el deporte
A6: ACUMULADO | B6: Gestión de Comunicaciones | H6: Oficina Asesora de Planeación | I6: Despacho del Viceministro | N6: Plan Estratégico de Talento Humano | P6: Transparencia, Acceso a la Información Pública y Lucha Contra la Corrupción | S6: Ejercicio de Rendición de Cuentas. | V6: 2021011000248 | W6: FORTALECIMIENTO FOMENTO Y PROMOCION DE LA PRACTICA DEPORTIVA, RECREATIVA Y DE ACTIVIDAD FISICA EN COLOMBIA 2021011000248 | Y6: El deporte, la recreación y la actividad física como eje para la economía popular
A7: REDUCCIÓN | B7: Formulación y Adopción de Políticas, Planes y Programas | H7: Oficina Asesora Jurídica | I7: GIT Planeación y Gestión | N7: Plan Institucional de Capacitación | P7: Fortalecimiento Organizacional y Simplificación de Procesos | S7: Ejercicio del plan estratégico de participación ciudadana | V7: 2018011000349 | W7: MEJORAMIENTO SEDES COLDEPORTES BOGOTÁ - 2018011000349 | Y7: Fortalecer la gestión y dirección de sector Deporte, Recreación y la Actividad física.
A8: REDUCCIÓN ANUAL | B8: Altos Logros | H8: Oficina de Control Interno | I8: GIT de Seguimiento | N8: Plan de Incentivos Institucionales | P8: Servicio al Ciudadano | S8: Peticiones, Queja y Reclamos 2023 | V8: 202300000000037 | W8: FORTALECIMIENTO DE LA GESTIÓN Y SEGUIMIENTO INSTITUCIONAL DEL MINISTERIO DEL DEPORTE 202300000000037
B9: Inspección Vigilancia y Control | H9: Dirección de Posicionamiento y Liderazgo | I9: GIT de Gestión del Conocimiento e Innovación | N9: Plan de trabajo anual en Seguridad y Salud en el Trabajo-PTSS | P9: Participación Ciudadana en la Gestión Pública | S9: Informe de seguimiento de indicadores 2023 | V9: 2018011000092 | W9: DESARROLLO DE POLÍTICAS PÚBLICAS E INVESTIGACIÓN SECTORIAL 2018011000092
B10: Fomento al Desarrollo Humano y Social | H10: Organización Nacional Antidopaje | I10: Oficina Asesora Jurídica | N10: Plan Anticorrupción y de Atención al Ciudadano-PAAC | P10: Racionalización de Trámites | S10: Plan Anticorrupción y Atención al Ciudadano 2023 | V10: 202300000000019 | W10: FORTALECIMIENTO DEL LABORATORIO DE CONTROL AL DOPAJE DEPORTIVO 202300000000019
B11: Apoyo a la Infraestructura Técnica y Científica | H11: Dirección de Inspección, Vigilancia y Control | I11: Oficina de Control Interno | N11: Plan Estratégico de Tecnologías de la Información y las Comunicaciones – PETIC | P11: Gestión Documental | S11: Resultados de las Auditorias internas y externas. | V11: 2018011000200 | W11: IMPLEMENTACIÓN DE LAS TECNOLOGÍAS DE LA INFORMACIÓN Y COMUNICACIÓN PARA EL SISTEMA NACIONAL DEL DEPORTE 2018011000200
B12: Servicio Integral al Ciudadano | H12: Dirección de Fomento y Desarrollo | I12: GIT Deporte de Rendimiento Paralímpico | N12: Plan de Tratamiento de Riesgos de Seguridad y Privacidad de la Información | P12: Gobierno Digital | S12: Resultados FURAG 2022 | V12: 2018011000250 | W12: APOYO A LA INSPECCIÓN, VIGILANCIA Y CONTROL 2018011000250
B13: Gestión de Tecnologías de Comunicación e Información | H13: Dirección de Recursos y Herramientas del Sistema | I13: GIT Deporte de Rendimiento Convencional | N13: Plan de Seguridad y Privacidad de la Información | P13: Seguridad Digital | S13: Caracterización de los grupos de valor | V13: 2018011000422 | W13: APOYO AL PROGRAMA AL CONTROL DOPAJE 2018011000422
B14: Gestión del Talento Humano | H14: Secretaria General | I14: GIT Centro de Ciencias del Deporte CCD | N14: Plan Conservación Documental | P14: Defensa Jurídica | S14: Necesidades de innovación, investigación y de documentación técnica.
B15: Gestión Documental | I15: GIT Desarrollo Psicosocial | N15: Plan de Preservación Digital | P15: Gestión del Conocimiento y la Innovación | S15: Datos, estadísticas e información de las herramientas tecnológicas y de seguimiento de la Entidad.
B16: Gestión Financiera y Tesorería | I16: GIT Programas y Proyectos Deportivos | N16: Plan del Gasto Publico | P16: Control Interno | S16: Administración de Riesgos
B17: Gestión Jurídica | I17: GIT Juegos y Eventos Deportivos | N17: Plan de Austeridad | P17: Seguimiento y Evaluación del Desempeño Institucional | S17: Otros.
B18: Evaluación Independiente y Mejora Continua | I18: GIT Deporte Profesional | N18: Plan de Gestión Ambiental-PGA | P18: Mejora Normativa | S18: Seguridad humana y justicia social
B19: Gestión del Proceso Disciplinario | I19: GIT Deporte Aficionado | N19: Plan Estratégico de Participación Ciudadana | P19: Gestión de la Información Estadística
B20: Gestión de Recursos Físicos | I20: GIT Actuaciones Administrativas | N20: Plan Anual de Auditoria PAA | P20: Compras y Contratación Pública | S20: Superación de privaciones como fundamento de la dignidad humana y condiciones básicas para el bienestar
B21: Adquisición de Bienes y Servicios | I21: GIT Recreación | N21: N/A | S21: Expansión de capacidades: más y mejores oportunidades de la población para lograr sus proyectos de vida
I22: GIT Deporte Escolar | N22: Plan de Acción | S22: Bloque estratégico III 3. Bloque habilitador de la convergencia regiona
I23: GIT Actividad Física | N23: Plan Estratégico Sectorial
I24: GIT Deporte Social Comunitario
I25: GIT Infraestructura
I26: GIT Centro de Alto Rendimiento CAR
I27: GIT Laboratorio Control al Dopaje
I28: GIT Contratación
I29: GIT Gestión Administrativa
I30: GIT Gestión Financiera y Presupuestal
I31: GIT Tesorería
I32: GIT Talento Humano
I33: GIT Servicio Integral al Ciudadano
I34: GIT TIC´S
